Workbook
Name _FilterDatabase_0: '01-02-2013'!$A$1:$HT$31
Name _FilterDatabase_0: '01-03-2013'!$A$1:$HU$73
Name _FilterDatabase_0: BdC!$A$2:$AU$280
Name _FilterDatabase_0: Comparatif!$E$1:$G$356
Name _FilterDatabase_0: 'FAS + désat ! 01-03-2013'!$A$1:$HT$1
Name _FilterDatabase_0: main!$A$1:$Z$414
Name ADSLVDSL: main!$H$18:$H$19
Name liste: main!$I$10:$I$30
Name MyCode: #REF!
Name MyStatus: #REF!
Name Mystatus2: #REF!
Name MyType: #REF!
Name Print_Area_0: '01-01-2013'!$A$1:$K$24
Name Print_Area_0: '01-02-2013'!$A$1:$M$39
Name Print_Area_0: 'FAS + désat ! 01-03-2013'!$A$1:$K$232
Name Print_Titles_0: main!$A$1:$A$1048378,main!#REF!
Name test: #REF!
Name YesNo: #REF!

Sheet BdC
M1: Proposition faite par la REGION | W1: Proposition faite par OBIANE | AH1: Optimisation en SDSL BIS
A2: Nom du site | B2: Adresse | C2: CP | D2: Ville | E2: Téléphone | F2: Type de site | G2: N° de liaison actuel | H2: Technologie actuelle | I2: Débit actuel | J2: Clé site | K2: Type de routeur | L2: Tarif actuel € HT | M2: Abonnement mensuel € HT | N2: Option Interface Ethernet € HT | O2: Frais de mise en service € HT | P2: Référence catalogue Obiane | Q2: Mise en service | R2: Remarque | S2: Porte | T2: Bande passante | W2: Référence catalogue Obiane | X2: Abonnement mensuel € HT | Y2: =N2 -> Option Interface Ethernet € HT | Z2: Frais de mise en service € HT | AA2: Frais de Desaturation € HT | AB2: Désaturation | AC2: Nombre de paire | AD2: Coût désaturation | AG2: NDI | AH2: Eligible SDSL bis à débit équivalent ? | AI2: Nb de paires ? | AJ2: Désat ? | AK2: Référence catalogue Obiane | AL2: Abonnement mensuel € HT | AM2: Frais de mise en service € HT | AN2: Désat
A3: CFA Agricole de Chauny | B3: =VLOOKUP(BdC!A3,main!A$1:Z$1048378,2,0) -> #N/A | C3: =VLOOKUP(A3,main!A$1:Z$1048378,4,0) -> #N/A | D3: Chauny | E3: =VLOOKUP(A3,'PRIX LOT1'!A:I,5,0) -> #N/A | F3: =VLOOKUP(A3,main!A$1:E$1048378,5,0) -> #N/A | G3: 0005GJR7 | H3: ADSL | I3: 0.5cA | J3: CFA_Agri_Chauny | K3: =VLOOKUP(A3,main!A$1:Z$1048378,12,0) -> #N/A | L3: 79.55 | M3: =AL3 -> 95.5 | N3: 0 | O3: 562.5 | P3: =AK3 -> FT_SDSLBis_2M_4p_C1 | Q3: 41365 | R3: Pourquoi pas de 1M sur 2p | S3: CE2O/SDSL | T3: 2 | W3: =P3 -> FT_SDSLBis_2M_4p_C1 | X3: =M3 -> 95.5 | Y3: =N3 -> 0 | Z3: =O3 -> 562.5 | AA3: =AN3 -> 0 | AB3: NON | AD3: =AN3 -> 0 | AG3: =VLOOKUP(A3,,5,0) -> #N/A | AH3: OUI | AI3: 4 | AJ3: NON | AK3: FT_SDSLBis_2M_4p_C1 | AL3: 95.5 | AM3: 562.5
A4: CFA Agricole de Verdilly | B4: =VLOOKUP(BdC!A4,main!A$1:Z$1048378,2,0) -> #N/A | C4: =VLOOKUP(A4,main!A$1:Z$1048378,4,0) -> #N/A | D4: Verdilly | E4: =VLOOKUP(A4,'PRIX LOT1'!A:I,5,0) -> #N/A | F4: =VLOOKUP(A4,main!A$1:E$1048378,5,0) -> #N/A | G4: 0005GLK9 | H4: ADSL | I4: 0.5cA | J4: CFA_Agri_Verdilly | K4: =VLOOKUP(A4,main!A$1:Z$1048378,12,0) -> #N/A | L4: 79.55 | M4: =AL4 -> 95.5 | N4: 0 | O4: 562.5 | P4: =AK4 -> FT_SDSLBis_2M_4p_C1 | Q4: 41365 | R4: Pourquoi pas de 1M sur 2p | S4: CE2O/SDSL | T4: 2 | W4: =P4 -> FT_SDSLBis_2M_4p_C1 | X4: =M4 -> 95.5 | Y4: =N4 -> 0 | Z4: =O4 -> 562.5 | AA4: =AN4 -> 1208 | AB4: NON | AD4: =AN4 -> 1208 | AG4: =VLOOKUP(A4,,5,0) -> #N/A | AH4: OUI | AI4: 4 | AJ4: OUI | AK4: FT_SDSLBis_2M_4p_C1 | AL4: 95.5 | AM4: 562.5 | AN4: 1208
A5: Mission Régionale | B5: =VLOOKUP(BdC!A5,main!A$1:Z$1048378,2,0) -> #N/A | C5: =VLOOKUP(A5,main!A$1:Z$1048378,4,0) -> #N/A | D5: Creil | E5: =VLOOKUP(A5,'PRIX LOT1'!A:I,5,0) -> #N/A | F5: =VLOOKUP(A5,main!A$1:E$1048378,5,0) -> #N/A | G5: 0018GUL0 | H5: SDSL_4p | I5: 4c500S | J5: MR_Creil | K5: =VLOOKUP(A5,main!A$1:Z$1048378,12,0) -> #N/A | L5: 213 | M5: 85.13 | N5: 27.63 | O5: 475 | P5: FT_SDSL_4M_2p_C1 | Q5: 41365 | R5: à vérifier (absence dans les onglets) | S5: SDSLBis | T5: 4 | W5: FT_SDSL_4M_2p_C1 | X5: 85.13 | Y5: =N5 -> 27.63 | Z5: =O5 -> 475 | AA5: =AN5 -> 0 | AB5: OUI | AC5: 2P | AD5: 1043 | AG5: =VLOOKUP(A5,,5,0) -> #N/A | AH5: NON
A6: Collège Les Frères Le Nain | B6: =VLOOKUP(BdC!A6,main!A$1:Z$1048378,2,0) -> #N/A | C6: =VLOOKUP(A6,main!A$1:Z$1048378,4,0) -> #N/A | D6: Laon | E6: =VLOOKUP(A6,'PRIX LOT1'!A:I,5,0) -> #N/A | F6: =VLOOKUP(A6,main!A$1:E$1048378,5,0) -> #N/A | G6: 0015FER3 | H6: SDSL | I6: 4c1000S | J6: Lenain_Laon | K6: =VLOOKUP(A6,main!A$1:Z$1048378,12,0) -> #N/A | L6: 293.38 | M6: =AL6 -> 77.5 | N6: 31.25 | O6: 475 | P6: =AK6 -> FT_SDSLBis_4M_2p_C1 | Q6: 41365 | S6: CE2O/SDSL | T6: 4 | W6: FT_SDSL_4M_4p_C1 | X6: 116 | Y6: =N6 -> 31.25 | Z6: 562.5 | AA6: =AN6 -> 1043 | AB6: OUI | AC6: 4P | AD6: 1208 | AG6: =VLOOKUP(A6,,5,0) -> #N/A | AH6: OUI | AI6: 4 | AJ6: OUI | AK6: FT_SDSLBis_4M_2p_C1 | AL6: 77.5 | AM6: 475 | AN6: 1043
A7: Lycée agricole de l'Oise Airion | B7: =VLOOKUP(BdC!A7,main!A$1:Z$1048378,2,0) -> #N/A | C7: =VLOOKUP(A7,main!A$1:Z$1048378,4,0) -> #N/A | D7: Airion | E7: =VLOOKUP(A7,'PRIX LOT1'!A:I,5,0) -> #N/A | F7: =VLOOKUP(A7,main!A$1:E$1048378,5,0) -> #N/A | G7: 0007WYS4 | H7: SDSL_2p | I7: 0.5cS | J7: LEGTA_Airion | K7: =VLOOKUP(A7,main!A$1:Z$1048378,12,0) -> #N/A | L7: 101.44 | M7: =AL7 -> 51 | N7: 0 | O7: 475 | P7: =AK7 -> FT_SDSLBis_512K_2p_C1 | Q7: 41395 | S7: CE2O/SDSL | T7: 0.5 | W7: =P7 -> FT_SDSLBis_512K_2p_C1 | X7: =M7 -> 51 | Y7: =N7 -> 0 | Z7: =O7 -> 475 | AA7: =AN7 -> 0 | AB7: OUI | AC7: 2P | AD7: 1043 | AG7: =VLOOKUP(A7,,5,0) -> #N/A | AH7: OUI | AI7: 2 | AJ7: OUI | AK7: FT_SDSLBis_512K_2p_C1 | AL7: 51 | AM7: 475
A8: Lycée agricole de l'Oise Airion | B8: =VLOOKUP(BdC!A8,main!A$1:Z$1048378,2,0) -> #N/A | C8: =VLOOKUP(A8,main!A$1:Z$1048378,4,0) -> #N/A | D8: Airion | E8: =VLOOKUP(A8,'PRIX LOT1'!A:I,5,0) -> #N/A | F8: =VLOOKUP(A8,main!A$1:E$1048378,5,0) -> #N/A | G8: 0011TKZ5 | H8: SDSL_2p | I8: 0.5cS | J8: LEGTA_Airion_R2 | K8: =VLOOKUP(A8,main!A$1:Z$1048378,12,0) -> #N/A | L8: 101.44 | M8: =AL8 -> 51 | N8: 0 | O8: 475 | P8: =AK8 -> FT_SDSLBis_512K_2p_C1 | Q8: 41395 | S8: CE2O/SDSL | T8: 0.5 | W8: =P8 -> FT_SDSLBis_512K_2p_C1 | X8: =M8 -> 51 | Y8: =N8 -> 0 | Z8: =O8 -> 475 | AA8: =AN8 -> 0 | AB8: OUI | AC8: 2P | AD8: 1043 | AG8: =VLOOKUP(A8,,5,0) -> #N/A | AH8: OUI | AI8: 2 | AJ8: OUI | AK8: FT_SDSLBis_512K_2p_C1 | AL8: 51 | AM8: 475
A9: MFREO Beauquesne | B9: =VLOOKUP(BdC!A9,main!A$1:Z$1048378,2,0) -> #N/A | C9: =VLOOKUP(A9,main!A$1:Z$1048378,4,0) -> #N/A | D9: Beauquesne | E9: =VLOOKUP(A9,'PRIX LOT1'!A:I,5,0) -> #N/A | F9: =VLOOKUP(A9,main!A$1:E$1048378,5,0) -> #N/A | G9: 0004WRV9 | H9: SDSL_2p | I9: 0.5cS | J9: MFREO_Beauquesne | K9: =VLOOKUP(A9,main!A$1:Z$1048378,12,0) -> #N/A | L9: 101.44 | M9: 370.75 | N9: 0 | O9: 0 | P9: SMSN_FO_20M | Q9: 41426 | S9: SMSN | T9: 20 | W9: =P9 -> SMSN_FO_20M | X9: =M9 -> 370.75 | Y9: =N9 -> 0 | Z9: =O9 -> 0 | AA9: =AD9 -> 0 | AB9: NON | AD9: =AN9 -> 0 | AG9: =VLOOKUP(A9,,5,0) -> #N/A | AH9: NON
A10: Collège Jean Mermoz Laon | B10: =VLOOKUP(BdC!A10,main!A$1:Z$1048378,2,0) -> #N/A | C10: =VLOOKUP(A10,main!A$1:Z$1048378,4,0) -> #N/A | D10: Laon | E10: =VLOOKUP(A10,'PRIX LOT1'!A:I,5,0) -> #N/A | F10: =VLOOKUP(A10,main!A$1:E$1048378,5,0) -> #N/A | G10: 0015EDW2 | H10: SDSL | I10: 4c1000S | J10: Mermoz_Laon | K10: =VLOOKUP(A10,main!A$1:Z$1048378,12,0) -> #N/A | L10: 293.38 | M10: =AL10 -> 77.5 | N10: 31.25 | O10: 475 | P10: =AK10 -> FT_SDSLBis_4M_2p_C1 | Q10: 41365 | S10: CE2O/SDSL | T10: 4 | W10: FT_SDSL_4M_4p_C1 | X10: 116 | Y10: =N10 -> 31.25 | Z10: 563 | AA10: =AD10 -> 0 | AB10: NON | AD10: =AN10 -> 0 | AG10: =VLOOKUP(A10,,5,0) -> #N/A | AH10: OUI | AI10: 4 | AJ10: NON | AK10: FT_SDSLBis_4M_2p_C1 | AL10: 77.5 | AM10: 475
A11: CFAI Aisne AFIDA Billy-sur-Aisne | B11: =VLOOKUP(BdC!A11,main!A$1:Z$1048378,2,0) -> #N/A | C11: =VLOOKUP(A11,main!A$1:Z$1048378,4,0) -> #N/A | D11: Soissons | E11: =VLOOKUP(A11,'PRIX LOT1'!A:I,5,0) -> #N/A | F11: =VLOOKUP(A11,main!A$1:E$1048378,5,0) -> #N/A | G11: 0005GLP0 | H11: ADSL | I11: 1cA | J11: CFA_AFIDA_Soissons | K11: =VLOOKUP(A11,main!A$1:Z$1048378,12,0) -> #N/A | L11: 94.87 | M11: =AL11 -> 56.13 | N11: 0 | O11: 475 | P11: =AK11 -> FT_SDSLBis_1M_2p_C1 | Q11: 41365 | S11: CE2O/SDSL | T11: 1 | W11: =P11 -> FT_SDSLBis_1M_2p_C1 | X11: =M11 -> 56.13 | Y11: =N11 -> 0 | Z11: =O11 -> 475 | AA11: =AD11 -> 0 | AB11: NON | AD11: =AN11 -> 0 | AG11: =VLOOKUP(A11,,5,0) -> #N/A | AH11: OUI | AI11: 2 | AJ11: NON | AK11: FT_SDSLBis_1M_2p_C1 | AL11: 56.13 | AM11: 475
A12: CFA des Bâtiments et Travaux Publics de la Somme d'Amiens (AFOBAT) | B12: =VLOOKUP(BdC!A12,main!A$1:Z$1048378,2,0) -> #N/A | C12: =VLOOKUP(A12,main!A$1:Z$1048378,4,0) -> #N/A | D12: Amiens | E12: =VLOOKUP(A12,'PRIX LOT1'!A:I,5,0) -> #N/A | F12: =VLOOKUP(A12,main!A$1:E$1048378,5,0) -> #N/A | G12: 0005GJS2 | H12: ADSL | I12: 1cA | J12: CFA_AFOBAT_Amiens | K12: =VLOOKUP(A12,main!A$1:Z$1048378,12,0) -> #N/A | L12: 94.87 | M12: 51.75 | N12: 0 | O12: 263.75 | P12: SMSN_ADSLMax | Q12: 41365 | S12: SMSN | T12: 20 | W12: =P12 -> SMSN_ADSLMax | X12: =M12 -> 51.75 | Y12: =N12 -> 0 | Z12: =O12 -> 263.75 | AA12: =AD12 -> 0 | AB12: NON | AD12: =AN12 -> 0
A13: CFA des Bâtiments et Travaux Publics de l'Aisne (AFOBAT) | B13: =VLOOKUP(BdC!A13,main!A$1:Z$1048378,2,0) -> #N/A | C13: =VLOOKUP(A13,main!A$1:Z$1048378,4,0) -> #N/A | D13: Laon | E13: =VLOOKUP(A13,'PRIX LOT1'!A:I,5,0) -> #N/A | F13: =VLOOKUP(A13,main!A$1:E$1048378,5,0) -> #N/A | G13: 0005FTM9 | H13: ADSL | I13: 1cA | J13: CFA_AFOBAT_Laon | K13: =VLOOKUP(A13,main!A$1:Z$1048378,12,0) -> #N/A | L13: 94.87 | M13: =AL13 -> 42.63 | N13: 0 | O13: 475 | P13: =AK13 -> FT_SDSLBis_1M_1p_C1 | Q13: 41334 | S13: CE2O/SDSL | T13: 1 | W13: =P13 -> FT_SDSLBis_1M_1p_C1 | X13: =M13 -> 42.63 | Y13: =N13 -> 0 | Z13: =O13 -> 475 | AA13: =AD13 -> 0 | AB13: NON | AD13: =AN13 -> 0 | AG13: =VLOOKUP(A13,,5,0) -> #N/A | AH13: OUI | AI13: 1 | AJ13: NON | AK13: FT_SDSLBis_1M_1p_C1 | AL13: 42.63 | AM13: 375
A14: AFPB Oise | B14: =VLOOKUP(BdC!A14,main!A$1:Z$1048378,2,0) -> #N/A | C14: =VLOOKUP(A14,main!A$1:Z$1048378,4,0) -> #N/A | D14: Agnetz | E14: =VLOOKUP(A14,'PRIX LOT1'!A:I,5,0) -> #N/A | F14: =VLOOKUP(A14,main!A$1:E$1048378,5,0) -> #N/A | G14: 0008BGT5 | H14: ADSL | I14: 1cA | J14: CFA_AFPB_Agnetz | K14: =VLOOKUP(A14,main!A$1:Z$1048378,12,0) -> #N/A | L14: 94.87 | M14: =AL14 -> 42.63 | N14: 0 | O14: 475 | P14: =AK14 -> FT_SDSLBis_1M_1p_C1 | Q14: 41334 | S14: CE2O/SDSL | T14: 1 | W14: FT_SDSL_1M_2p_C1 | X14: 475 | Y14: =N14 -> 0 | Z14: 54.38 | AA14: =AD14 -> 0 | AB14: NON | AD14: =AN14 -> 0 | AG14: =VLOOKUP(A14,,5,0) -> #N/A | AH14: OUI | AI14: 1 | AJ14: NON | AK14: FT_SDSLBis_1M_1p_C1 | AL14: 42.63 | AM14: 375
A15: CFA Agricole de Laon | B15: =VLOOKUP(BdC!A15,main!A$1:Z$1048378,2,0) -> #N/A | C15: =VLOOKUP(A15,main!A$1:Z$1048378,4,0) -> #N/A | D15: Laon | E15: =VLOOKUP(A15,'PRIX LOT1'!A:I,5,0) -> #N/A | F15: =VLOOKUP(A15,main!A$1:E$1048378,5,0) -> #N/A | G15: 0013PMB2 | H15: ADSL | I15: 1cA | J15: CFA_Agri_Laon | K15: =VLOOKUP(A15,main!A$1:Z$1048378,12,0) -> #N/A | L15: 94.87 | M15: 54.38 | N15: 0 | O15: 475 | P15: FT_SDSL_1M_2p_C1 | Q15: 41334 | S15: CE2O/SDSL | T15: 1 | W15: =P15 -> FT_SDSL_1M_2p_C1 | X15: =M15 -> 54.38 | Y15: =N15 -> 0 | Z15: =O15 -> 475 | AA15: =AD15 -> 0 | AB15: NON | AD15: =AN15 -> 0 | AG15: =VLOOKUP(A15,,5,0) -> #N/A | AH15: NON
A16: CFA Agricole et Horticole Pierrefonds | B16: =VLOOKUP(BdC!A16,main!A$1:Z$1048378,2,0) -> #N/A | C16: =VLOOKUP(A16,main!A$1:Z$1048378,4,0) -> #N/A | D16: Pierrefonds | E16: =VLOOKUP(A16,'PRIX LOT1'!A:I,5,0) -> #N/A | F16: =VLOOKUP(A16,main!A$1:E$1048378,5,0) -> #N/A | G16: 0008FRY3 | H16: ADSL | I16: 1cA | J16: CFA_Agri_Pierrefonds | K16: =VLOOKUP(A16,main!A$1:Z$1048378,12,0) -> #N/A | L16: 94.87 | M16: 54.38 | N16: 0 | O16: 475 | P16: FT_SDSL_1M_2p_C1 | Q16: 41334 | S16: CE2O/SDSL | T16: 1 | W16: =P16 -> FT_SDSL_1M_2p_C1 | X16: =M16 -> 54.38 | Y16: =N16 -> 0 | Z16: =O16 -> 475 | AA16: =AD16 -> 0 | AB16: NON | AD16: =AN16 -> 0 | AG16: =VLOOKUP(A16,,5,0) -> #N/A | AH16: NON
A17: CFA Agricole de Vervins | B17: =VLOOKUP(BdC!A17,main!A$1:Z$1048378,2,0) -> #N/A | C17: =VLOOKUP(A17,main!A$1:Z$1048378,4,0) -> #N/A | D17: Vervins | E17: =VLOOKUP(A17,'PRIX LOT1'!A:I,5,0) -> #N/A | F17: =VLOOKUP(A17,main!A$1:E$1048378,5,0) -> #N/A | G17: 0005GLP8 | H17: ADSL | I17: 1cA | J17: CFA_Agri_Vervins | K17: =VLOOKUP(A17,main!A$1:Z$1048378,12,0) -> #N/A | L17: 94.87 | M17: 54.38 | N17: 0 | O17: 475 | P17: FT_SDSL_1M_2p_C1 | Q17: 41334 | S17: CE2O/SDSL | T17: 1 | W17: =P17 -> FT_SDSL_1M_2p_C1 | X17: =M17 -> 54.38 | Y17: =N17 -> 0 | Z17: =O17 -> 475 | AA17: =AD17 -> 0 | AB17: NON | AD17: =AN17 -> 0 | AG17: =VLOOKUP(A17,,5,0) -> #N/A | AH17: NON
A18: CFA de la CCI de l'Oise de Nogent-sur-Oise (Antenne) | B18: =VLOOKUP(BdC!A18,main!A$1:Z$1048378,2,0) -> #N/A | C18: =VLOOKUP(A18,main!A$1:Z$1048378,4,0) -> #N/A | D18: Nogent-sur-Oise | E18: =VLOOKUP(A18,'PRIX LOT1'!A:I,5,0) -> #N/A | F18: =VLOOKUP(A18,main!A$1:E$1048378,5,0) -> #N/A | G18: 0005GJR1 | H18: ADSL | I18: 1cA | J18: CFA_ChComInd2_Nogent | K18: =VLOOKUP(A18,main!A$1:Z$1048378,12,0) -> #N/A | L18: 94.87 | M18: 54.38 | N18: 0 | O18: 475 | P18: FT_SDSL_1M_2p_C1 | Q18: 41334 | S18: CE2O/SDSL | T18: 1 | W18: =P18 -> FT_SDSL_1M_2p_C1 | X18: =M18 -> 54.38 | Y18: =N18 -> 0 | Z18: =O18 -> 475 | AA18: =AD18 -> 0 | AB18: NON | AD18: =AN18 -> 0 | AG18: =VLOOKUP(A18,,5,0) -> #N/A | AH18: NON
A19: CFA de la CCI de l'Aisne de Laon | B19: =VLOOKUP(BdC!A19,main!A$1:Z$1048378,2,0) -> #N/A | C19: =VLOOKUP(A19,main!A$1:Z$1048378,4,0) -> #N/A | D19: Laon | E19: =VLOOKUP(A19,'PRIX LOT1'!A:I,5,0) -> #N/A | F19: =VLOOKUP(A19,main!A$1:E$1048378,5,0) -> #N/A | G19: 0005GLN0 | H19: ADSL | I19: 1cA | J19: CFA_ChComInd_Laon | K19: =VLOOKUP(A19,main!A$1:Z$1048378,12,0) -> #N/A | L19: 94.87 | M19: 54.38 | N19: 0 | O19: 475 | P19: FT_SDSL_1M_2p_C1 | Q19: 41334 | S19: CE2O/SDSL | T19: 1 | W19: =P19 -> FT_SDSL_1M_2p_C1 | X19: =M19 -> 54.38 | Y19: =N19 -> 0 | Z19: =O19 -> 475 | AA19: =AD19 -> 0 | AB19: NON | AD19: =AN19 -> 0 | AG19: =VLOOKUP(A19,,5,0) -> #N/A | AH19: NON
A20: CFA de la CCI de l'Oise de Nogent-sur-Oise | B20: =VLOOKUP(BdC!A20,main!A$1:Z$1048378,2,0) -> #N/A | C20: =VLOOKUP(A20,main!A$1:Z$1048378,4,0) -> #N/A | D20: Nogent-sur-Oise | E20: =VLOOKUP(A20,'PRIX LOT1'!A:I,5,0) -> #N/A | F20: =VLOOKUP(A20,main!A$1:E$1048378,5,0) -> #N/A | G20: 0005FTV7 | H20: ADSL | I20: 1cA | J20: CFA_ChComInd_Nogent | K20: =VLOOKUP(A20,main!A$1:Z$1048378,12,0) -> #N/A | L20: 94.87 | M20: 54.38 | N20: 0 | O20: 475 | P20: FT_SDSL_1M_2p_C1 | Q20: 41334 | S20: CE2O/SDSL | T20: 1 | W20: =P20 -> FT_SDSL_1M_2p_C1 | X20: =M20 -> 54.38 | Y20: =N20 -> 0 | Z20: =O20 -> 475 | AA20: =AD20 -> 0 | AB20: NON | AD20: =AN20 -> 0 | AG20: =VLOOKUP(A20,,5,0) -> #N/A | AH20: NON
A21: CFA Chambre des Métiers de l'Aisne de La-Capelle | B21: =VLOOKUP(BdC!A21,main!A$1:Z$1048378,2,0) -> #N/A | C21: =VLOOKUP(A21,main!A$1:Z$1048378,4,0) -> #N/A | D21: La Capelle | E21: =VLOOKUP(A21,'PRIX LOT1'!A:I,5,0) -> #N/A | F21: =VLOOKUP(A21,main!A$1:E$1048378,5,0) -> #N/A | G21: 0005GJX5 | H21: ADSL | I21: 1cA | J21: CFA_ChMetiers_Capelle | K21: =VLOOKUP(A21,main!A$1:Z$1048378,12,0) -> #N/A | L21: 94.87 | M21: =AL21 -> 42.63 | N21: 0 | O21: 475 | P21: =AK21 -> FT_SDSLBis_1M_1p_C1 | Q21: 41334 | S21: CE2O/SDSL | T21: 1 | W21: =P21 -> FT_SDSLBis_1M_1p_C1 | X21: =M21 -> 42.63 | Y21: =N21 -> 0 | Z21: =O21 -> 475 | AA21: =AD21 -> 0 | AB21: NON | AD21: =AN21 -> 0 | AG21: =VLOOKUP(A21,,5,0) -> #N/A | AH21: OUI | AI21: 1 | AJ21: NON | AK21: FT_SDSLBis_1M_1p_C1 | AL21: 42.63 | AM21: 375
A22: CFA Chambre des Métiers de l'Aisne de Château-Thierry | B22: =VLOOKUP(BdC!A22,main!A$1:Z$1048378,2,0) -> #N/A | C22: =VLOOKUP(A22,main!A$1:Z$1048378,4,0) -> #N/A | D22: Château-Thierry | E22: =VLOOKUP(A22,'PRIX LOT1'!A:I,5,0) -> #N/A | F22: =VLOOKUP(A22,main!A$1:E$1048378,5,0) -> #N/A | G22: 0005GLN6 | H22: ADSL | I22: 1cA | J22: CFA_ChMetiers_ChThierry | K22: =VLOOKUP(A22,main!A$1:Z$1048378,12,0) -> #N/A | L22: 94.87 | M22: =AL22 -> 42.63 | N22: 0 | O22: 475 | P22: =AK22 -> FT_SDSLBis_1M_1p_C1 | Q22: 41334 | S22: CE2O/SDSL | T22: 1 | W22: =P22 -> FT_SDSLBis_1M_1p_C1 | X22: =M22 -> 42.63 | Y22: =N22 -> 0 | Z22: =O22 -> 475 | AA22: =AD22 -> 0 | AB22: NON | AD22: =AN22 -> 0 | AG22: =VLOOKUP(A22,,5,0) -> #N/A | AH22: OUI | AI22: 1 | AJ22: NON | AK22: FT_SDSLBis_1M_1p_C1 | AL22: 42.63 | AM22: 375
A23: CFA Chambre des Métiers de l'Oise de Compiègne | B23: =VLOOKUP(BdC!A23,main!A$1:Z$1048378,2,0) -> #N/A | C23: =VLOOKUP(A23,main!A$1:Z$1048378,4,0) -> #N/A | D23: Compiègne | E23: =VLOOKUP(A23,'PRIX LOT1'!A:I,5,0) -> #N/A | F23: =VLOOKUP(A23,main!A$1:E$1048378,5,0) -> #N/A | G23: 0005FTN2 | H23: ADSL | I23: 1cA | J23: CFA_ChMetiers_Compiegne | K23: =VLOOKUP(A23,main!A$1:Z$1048378,12,0) -> #N/A | L23: 94.87 | M23: 54.38 | N23: 0 | O23: 475 | P23: FT_SDSL_1M_2p_C1 | Q23: 41334 | S23: CE2O/SDSL | T23: 1 | W23: =P23 -> FT_SDSL_1M_2p_C1 | X23: =M23 -> 54.38 | Y23: =N23 -> 0 | Z23: =O23 -> 475 | AA23: =AD23 -> 0 | AB23: NON | AD23: =AN23 -> 0 | AG23: =VLOOKUP(A23,,5,0) -> #N/A | AH23: NON
A24: CFA Chambre des Métiers de l'Aisne de Laon | B24: =VLOOKUP(BdC!A24,main!A$1:Z$1048378,2,0) -> #N/A | C24: =VLOOKUP(A24,main!A$1:Z$1048378,4,0) -> #N/A | D24: Laon | E24: =VLOOKUP(A24,'PRIX LOT1'!A:I,5,0) -> #N/A | F24: =VLOOKUP(A24,main!A$1:E$1048378,5,0) -> #N/A | G24: 0005FTM6 | H24: ADSL | I24: 1cA | J24: CFA_ChMetiers_Laon | K24: =VLOOKUP(A24,main!A$1:Z$1048378,12,0) -> #N/A | L24: 94.87 | M24: =AL24 -> 42.63 | N24: 0 | O24: 475 | P24: =AK24 -> FT_SDSLBis_1M_1p_C1 | Q24: 41334 | S24: CE2O/SDSL | T24: 1 | W24: =P24 -> FT_SDSLBis_1M_1p_C1 | X24: =M24 -> 42.63 | Y24: =N24 -> 0 | Z24: =O24 -> 475 | AA24: =AD24 -> 0 | AB24: NON | AD24: =AN24 -> 0 | AG24: =VLOOKUP(A24,,5,0) -> #N/A | AH24: OUI | AI24: 1 | AJ24: NON | AK24: FT_SDSLBis_1M_1p_C1 | AL24: 42.63 | AM24: 375
A25: IRFFE CFA des travailleurs sociaux | B25: =VLOOKUP(BdC!A25,main!A$1:Z$1048378,2,0) -> #N/A | C25: =VLOOKUP(A25,main!A$1:Z$1048378,4,0) -> #N/A | D25: Amiens | E25: =VLOOKUP(A25,'PRIX LOT1'!A:I,5,0) -> #N/A | F25: =VLOOKUP(A25,main!A$1:E$1048378,5,0) -> #N/A | G25: 0008BGU2 | H25: ADSL | I25: 1cA | J25: CFA_IRFFE_Amiens | K25: =VLOOKUP(A25,main!A$1:Z$1048378,12,0) -> #N/A | L25: 94.87 | M25: 51.75 | N25: 0 | O25: 263.75 | P25: SMSN_ADSLMax | Q25: 41306 | S25: SMSN | T25: 20 | W25: =P25 -> SMSN_ADSLMax | X25: =M25 -> 51.75 | Y25: =N25 -> 0 | Z25: =O25 -> 263.75 | AA25: =AD25 -> 0 | AB25: NON | AD25: =AN25 -> 0
A26: Espace Cadres Saint Quentin | B26: =VLOOKUP(BdC!A26,main!A$1:Z$1048378,2,0) -> #N/A | C26: =VLOOKUP(A26,main!A$1:Z$1048378,4,0) -> #N/A | D26: Saint-Quentin | E26: =VLOOKUP(A26,'PRIX LOT1'!A:I,5,0) -> #N/A | F26: =VLOOKUP(A26,main!A$1:E$1048378,5,0) -> #N/A | G26: VV019055 | H26: ADSL | I26: 1cA | J26: Espcadre_SQ | K26: =VLOOKUP(A26,main!A$1:Z$1048378,12,0) -> #N/A | L26: 94.87 | M26: =AL26 -> 56.13 | N26: 0 | O26: 475 | P26: =AK26 -> FT_SDSLBis_1M_2p_C1 | Q26: 41334 | S26: CE2O/SDSL | T26: 1 | W26: =P26 -> FT_SDSLBis_1M_2p_C1 | X26: =M26 -> 56.13 | Y26: =N26 -> 0 | Z26: =O26 -> 475 | AA26: =AD26 -> 0 | AB26: NON | AD26: =AN26 -> 0 | AG26: =VLOOKUP(A26,,5,0) -> #N/A | AH26: OUI | AI26: 2 | AJ26: NON | AK26: FT_SDSLBis_1M_2p_C1 | AL26: 56.13 | AM26: 475
A27: Espace Cadres et Entreprises Soissons | B27: =VLOOKUP(BdC!A27,main!A$1:Z$1048378,2,0) -> #N/A | C27: =VLOOKUP(A27,main!A$1:Z$1048378,4,0) -> #N/A | D27: Soissons | E27: =VLOOKUP(A27,'PRIX LOT1'!A:I,5,0) -> #N/A | F27: =VLOOKUP(A27,main!A$1:E$1048378,5,0) -> #N/A | G27: 0007FZX5 | H27: ADSL | I27: 1cA | J27: Espcadre_Soissons | K27: =VLOOKUP(A27,main!A$1:Z$1048378,12,0) -> #N/A | L27: 94.87 | M27: =AL27 -> 42.63 | N27: 0 | O27: 475 | P27: =AK27 -> FT_SDSLBis_1M_1p_C1 | Q27: 41334 | S27: CE2O/SDSL | T27: 1 | W27: =P27 -> FT_SDSLBis_1M_1p_C1 | X27: =M27 -> 42.63 | Y27: =N27 -> 0 | Z27: =O27 -> 475 | AA27: =AD27 -> 0 | AB27: NON | AD27: =AN27 -> 0 | AG27: =VLOOKUP(A27,,5,0) -> #N/A | AH27: OUI | AI27: 1 | AJ27: NON | AK27: FT_SDSLBis_1M_1p_C1 | AL27: 42.63 | AM27: 375
A28: Collège Charlemagne | B28: =VLOOKUP(BdC!A28,main!A$1:Z$1048378,2,0) -> #N/A | C28: =VLOOKUP(A28,main!A$1:Z$1048378,4,0) -> #N/A | D28: Laon | E28: =VLOOKUP(A28,'PRIX LOT1'!A:I,5,0) -> #N/A | F28: =VLOOKUP(A28,main!A$1:E$1048378,5,0) -> #N/A | G28: 0023CFV4 | H28: SDSL_4p | I28: 8c1000S | J28: Charlemagne_Laon | K28: =VLOOKUP(A28,main!A$1:Z$1048378,12,0) -> #N/A | L28: 248 | M28: 140.13 | N28: 31.25 | O28: 815 | P28: FT_SDSLBis_8M_4p_C1 | Q28: 41365 | S28: SDSLBis | T28: 8 | W28: FT_SDSL_8M_4p_C1 | X28: 157.38 | Y28: =N28 -> 31.25 | Z28: 814.6 | AA28: =AD28 -> 1208 | AB28: OUI | AC28: 4P | AD28: 1208 | AG28: =VLOOKUP(A28,,5,0) -> #N/A | AH28: NON
A29: Collège Pierre de la Ramée | B29: =VLOOKUP(BdC!A29,main!A$1:Z$1048378,2,0) -> #N/A | C29: =VLOOKUP(A29,main!A$1:Z$1048378,4,0) -> #N/A | D29: Saint-Quentin | E29: =VLOOKUP(A29,'PRIX LOT1'!A:I,5,0) -> #N/A | F29: =VLOOKUP(A29,main!A$1:E$1048378,5,0) -> #N/A | G29: 0021RRY1 | H29: SDSL_4p | I29: 8c1000S | J29: RameeC_SQ | K29: =VLOOKUP(A29,main!A$1:Z$1048378,12,0) -> #N/A | L29: 248 | M29: 187.75 | N29: 31.25 | O29: 815 | P29: FT_SDSLBis_12M_4p_C1 | Q29: 41365 | R29: up | S29: SDSLBis | T29: 12 | W29: =P29 -> FT_SDSLBis_12M_4p_C1 | X29: =M29 -> 187.75 | Y29: =N29 -> 31.25 | Z29: =O29 -> 815 | AA29: =AD29 -> 1208 | AB29: OUI | AC29: 4P | AD29: 1208
A30: Collège Gabriel Hanotaux | B30: =VLOOKUP(BdC!A30,main!A$1:Z$1048378,2,0) -> #N/A | C30: =VLOOKUP(A30,main!A$1:Z$1048378,4,0) -> #N/A | D30: Saint-Quentin | E30: =VLOOKUP(A30,'PRIX LOT1'!A:I,5,0) -> #N/A | F30: =VLOOKUP(A30,main!A$1:E$1048378,5,0) -> #N/A | G30: 0015DSV7 | H30: SDSL | I30: 4c1000S | J30: Hanotaux_SQ | K30: =VLOOKUP(A30,main!A$1:Z$1048378,12,0) -> #N/A | L30: 293.38 | M30: 116 | N30: 27.63 | O30: 562.5 | P30: FT_SDSL_4M_4p_C1 | Q30: 41365 | S30: CE2O/SDSL | T30: 4 | W30: FT_SDSL_4M_4p_C1 | X30: 110.38 | Y30: =N30 -> 27.63 | Z30: 562.5 | AA30: =AD30 -> 1208 | AB30: OUI | AC30: 4P | AD30: 1208 | AG30: =VLOOKUP(A30,,5,0) -> #N/A | AH30: NON
A31: MFREO du Vimeu | B31: =VLOOKUP(BdC!A31,main!A$1:Z$1048378,2,0) -> #N/A | C31: =VLOOKUP(A31,main!A$1:Z$1048378,4,0) -> #N/A | D31: Yzengremer | E31: =VLOOKUP(A31,'PRIX LOT1'!A:I,5,0) -> #N/A | F31: =VLOOKUP(A31,main!A$1:E$1048378,5,0) -> #N/A | G31: 0008LHT2 | H31: ADSL | I31: 2cA | J31: MFREO_Yzengremer | K31: =VLOOKUP(A31,main!A$1:Z$1048378,12,0) -> #N/A | L31: 126.99 | M31: 64.63 | N31: 0 | O31: 475 | P31: FT_SDSLBis_2M_2p_C1 | Q31: 41365 | R31: pas de trafic | S31: SDSLBis | T31: 2 | W31: =P31 -> FT_SDSLBis_2M_2p_C1 | X31: =M31 -> 64.63 | Y31: =N31 -> 0 | Z31: =O31 -> 475 | AA31: =AD31 -> 1043 | AB31: OUI | AC31: 2P | AD31: 1043
A32: MFR Flixecourt | B32: =VLOOKUP(BdC!A32,main!A$1:Z$1048378,2,0) -> #N/A | C32: =VLOOKUP(A32,main!A$1:Z$1048378,4,0) -> #N/A | D32: Flixecourt | E32: =VLOOKUP(A32,'PRIX LOT1'!A:I,5,0) -> #N/A | F32: =VLOOKUP(A32,main!A$1:E$1048378,5,0) -> #N/A | G32: 0008LMJ6 | H32: ADSL | I32: 2cA | J32: MFR_Flixecourt | K32: =VLOOKUP(A32,main!A$1:Z$1048378,12,0) -> #N/A | L32: 126.99 | M32: 55.88 | N32: 0 | O32: 375 | P32: FT_SDSLBis_2M_1p_C2 | Q32: 41306 | R32: pas de trafic | S32: SDSLBis | T32: 2 | W32: =P32 -> FT_SDSLBis_2M_1p_C2 | X32: =M32 -> 55.88 | Y32: =N32 -> 0 | Z32: =O32 -> 375 | AA32: =AD32 -> 0 | AB32: NON | AD32: =AN32 -> 0
A33: Collège Charles de Foucauld | B33: =VLOOKUP(BdC!A33,main!A$1:Z$1048378,2,0) -> #N/A | C33: =VLOOKUP(A33,main!A$1:Z$1048378,4,0) -> #N/A | D33: Albert | E33: =VLOOKUP(A33,'PRIX LOT1'!A:I,5,0) -> #N/A | F33: =VLOOKUP(A33,main!A$1:E$1048378,5,0) -> #N/A | G33: 0000VBJ6 | H33: ADSL | I33: 1cA | J33: Foucauld_Albert | K33: =VLOOKUP(A33,main!A$1:Z$1048378,12,0) -> #N/A | L33: 94.87 | M33: 51.13 | N33: 0 | O33: 375 | P33: FT_SDSLBis_2M_1p_C1 | Q33: 41306 | R33: up | S33: SDSLBis | T33: 2 | W33: =P33 -> FT_SDSLBis_2M_1p_C1 | X33: =M33 -> 51.13 | Y33: =N33 -> 0 | Z33: =O33 -> 375 | AA33: =AD33 -> 0 | AB33: NON | AD33: =AN33 -> 0
A34: Collège Notre Dame Rue | B34: =VLOOKUP(BdC!A34,main!A$1:Z$1048378,2,0) -> #N/A | C34: =VLOOKUP(A34,main!A$1:Z$1048378,4,0) -> #N/A | D34: Rue | E34: =VLOOKUP(A34,'PRIX LOT1'!A:I,5,0) -> #N/A | F34: =VLOOKUP(A34,main!A$1:E$1048378,5,0) -> #N/A | G34: 0004MKD8 | H34: ADSL | I34: 1cA | J34: NotreDame_Rue | K34: =VLOOKUP(A34,main!A$1:Z$1048378,12,0) -> #N/A | L34: 94.87 | M34: 68.75 | N34: 0 | O34: 375 | P34: FT_SDSL_2M_1p_C1 | Q34: 41334 | R34: up | S34: CE2O/SDSL | T34: 2 | W34: =P34 -> FT_SDSL_2M_1p_C1 | X34: =M34 -> 68.75 | Y34: =N34 -> 0 | Z34: =O34 -> 375 | AA34: =AD34 -> 0 | AB34: NON | AD34: =AN34 -> 0 | AG34: =VLOOKUP(A34,,5,0) -> #N/A | AH34: NON
A35: Collège Jeanne d'Arc Roye | B35: =VLOOKUP(BdC!A35,main!A$1:Z$1048378,2,0) -> #N/A | C35: =VLOOKUP(A35,main!A$1:Z$1048378,4,0) -> #N/A | D35: Roye | E35: =VLOOKUP(A35,'PRIX LOT1'!A:I,5,0) -> #N/A | F35: =VLOOKUP(A35,main!A$1:E$1048378,5,0) -> #N/A | G35: 0000YSN3 | H35: ADSL | I35: 1cA | J35: JeanneArc_Roye | K35: =VLOOKUP(A35,main!A$1:Z$1048378,12,0) -> #N/A | L35: 94.87 | M35: 51.13 | N35: 0 | O35: 375 | P35: FT_SDSLBis_2M_1p_C1 | Q35: 41365 | R35: up | S35: SDSLBis | T35: 2 | W35: =P35 -> FT_SDSLBis_2M_1p_C1 | X35: =M35 -> 51.13 | Y35: =N35 -> 0 | Z35: =O35 -> 375 | AA35: =AD35 -> 833 | AB35: OUI | AC35: 1P | AD35: 833
A36: Collège Marthe Lefèvre | B36: =VLOOKUP(BdC!A36,main!A$1:Z$1048378,2,0) -> #N/A | C36: =VLOOKUP(A36,main!A$1:Z$1048378,4,0) -> #N/A | D36: Saint-Quentin | E36: =VLOOKUP(A36,'PRIX LOT1'!A:I,5,0) -> #N/A | F36: =VLOOKUP(A36,main!A$1:E$1048378,5,0) -> #N/A | G36: 0015ECY4 | H36: SDSL | I36: 4c1000S | J36: Lefevre_SQ | K36: =VLOOKUP(A36,main!A$1:Z$1048378,12,0) -> #N/A | L36: 293.38 | M36: =AL36 -> 110.38 | N36: 31.25 | O36: 475 | P36: =AK36 -> FT_SDSLBis_4M_4p_C1 | Q36: 41365 | S36: CE2O/SDSL | T36: 4 | W36: FT_SDSL_4M_4p_C1 | X36: 116 | Y36: =N36 -> 31.25 | Z36: 562.5 | AA36: =AD36 -> 1208 | AB36: OUI | AC36: 4P | AD36: 1208 | AG36: =VLOOKUP(A36,,5,0) -> #N/A | AH36: OUI | AI36: 4 | AJ36: OUI | AK36: FT_SDSLBis_4M_4p_C1 | AL36: 110.38 | AM36: 562.5 | AN36: 1208
A37: Collège La Salle | B37: =VLOOKUP(BdC!A37,main!A$1:Z$1048378,2,0) -> #N/A | C37: =VLOOKUP(A37,main!A$1:Z$1048378,4,0) -> #N/A | D37: Amiens | E37: =VLOOKUP(A37,'PRIX LOT1'!A:I,5,0) -> #N/A | F37: =VLOOKUP(A37,main!A$1:E$1048378,5,0) -> #N/A | G37: 0000VEV5 | H37: ADSL | I37: 1cA | J37: Salle_Amiens | K37: =VLOOKUP(A37,main!A$1:Z$1048378,12,0) -> #N/A | L37: 94.87 | M37: 51.75 | N37: 0 | O37: 263.75 | P37: SMSN_ADSLMax | Q37: 41306 | S37: SMSN | T37: 20 | W37: =P37 -> SMSN_ADSLMax | X37: =M37 -> 51.75 | Y37: =N37 -> 0 | Z37: =O37 -> 263.75 | AA37: =AD37 -> 0 | AB37: NON | AD37: =AN37 -> 0
A38: Lycée Robert Schumann | B38: =VLOOKUP(BdC!A38,main!A$1:Z$1048378,2,0) -> #N/A | C38: =VLOOKUP(A38,main!A$1:Z$1048378,4,0) -> #N/A | D38: Chauny | E38: =VLOOKUP(A38,'PRIX LOT1'!A:I,5,0) -> #N/A | F38: =VLOOKUP(A38,main!A$1:E$1048378,5,0) -> #N/A | G38: 0000CCB2 | H38: ADSL | I38: 1cA | J38: Schumann_Chauny | K38: =VLOOKUP(A38,main!A$1:Z$1048378,12,0) -> #N/A | L38: 94.87 | M38: 47.5 | N38: 0 | O38: 475 | P38: FT_ADSL_2M_C1 | Q38: 41306 | S38: CE2O/SDSL | T38: 2 | W38: =P38 -> FT_ADSL_2M_C1 | X38: =M38 -> 47.5 | Y38: =N38 -> 0 | Z38: =O38 -> 475 | AA38: =AD38 -> 0 | AB38: NON | AD38: =AN38 -> 0
A39: Collège Notre Dame Flixecourt | B39: =VLOOKUP(BdC!A39,main!A$1:Z$1048378,2,0) -> #N/A | C39: =VLOOKUP(A39,main!A$1:Z$1048378,4,0) -> #N/A | D39: Flixecourt | E39: =VLOOKUP(A39,'PRIX LOT1'!A:I,5,0) -> #N/A | F39: =VLOOKUP(A39,main!A$1:E$1048378,5,0) -> #N/A | G39: 0000VHP6 | H39: ADSL | I39: 1cA | J39: NotreDame_Flixecourt | K39: =VLOOKUP(A39,main!A$1:Z$1048378,12,0) -> #N/A | L39: 94.87 | M39: 55.88 | N39: 0 | O39: 375 | P39: FT_SDSLBis_2M_1p_C2 | Q39: 41306 | R39: up | S39: SDSLBis | T39: 2 | W39: =P39 -> FT_SDSLBis_2M_1p_C2 | X39: =M39 -> 55.88 | Y39: =N39 -> 0 | Z39: =O39 -> 375 | AA39: =AD39 -> 0 | AB39: NON | AD39: =AN39 -> 0
A40: Collège Sainte Clotilde | B40: =VLOOKUP(BdC!A40,main!A$1:Z$1048378,2,0) -> #N/A | C40: =VLOOKUP(A40,main!A$1:Z$1048378,4,0) -> #N/A | D40: Amiens | E40: =VLOOKUP(A40,'PRIX LOT1'!A:I,5,0) -> #N/A | F40: =VLOOKUP(A40,main!A$1:E$1048378,5,0) -> #N/A | G40: 0000VFA1 | H40: ADSL | I40: 1cA | J40: SteClotilde_Amiens | K40: =VLOOKUP(A40,main!A$1:Z$1048378,12,0) -> #N/A | L40: 94.87 | M40: 51.75 | N40: 0 | O40: 263.75 | P40: SMSN_ADSLMax | Q40: 41306 | S40: SMSN | T40: 20 | W40: =P40 -> SMSN_ADSLMax | X40: =M40 -> 51.75 | Y40: =N40 -> 0 | Z40: =O40 -> 263.75 | AA40: =AD40 -> 0 | AB40: NON | AD40: =AN40 -> 0
A41: Collège Notre Dame Ham | B41: =VLOOKUP(BdC!A41,main!A$1:Z$1048378,2,0) -> #N/A | C41: =VLOOKUP(A41,main!A$1:Z$1048378,4,0) -> #N/A | D41: Ham | E41: =VLOOKUP(A41,'PRIX LOT1'!A:I,5,0) -> #N/A | F41: =VLOOKUP(A41,main!A$1:E$1048378,5,0) -> #N/A | G41: 0002VJX8 | H41: ADSL | I41: 1cA | J41: NotreDame_Ham | K41: =VLOOKUP(A41,main!A$1:Z$1048378,12,0) -> #N/A | L41: 94.87 | M41: 51.13 | N41: 0 | O41: 375 | P41: FT_SDSLBis_2M_1p_C1 | Q41: 41306 | R41: up | S41: SDSLBis | T41: 2 | W41: =P41 -> FT_SDSLBis_2M_1p_C1 | X41: =M41 -> 51.13 | Y41: =N41 -> 0 | Z41: =O41 -> 375 | AA41: =AD41 -> 0 | AB41: NON | AD41: =AN41 -> 0
A42: Collège Sainte Famille | B42: =VLOOKUP(BdC!A42,main!A$1:Z$1048378,2,0) -> #N/A | C42: =VLOOKUP(A42,main!A$1:Z$1048378,4,0) -> #N/A | D42: Amiens | E42: =VLOOKUP(A42,'PRIX LOT1'!A:I,5,0) -> #N/A | F42: =VLOOKUP(A42,main!A$1:E$1048378,5,0) -> #N/A | G42: 0000VCC1 | H42: ADSL | I42: 1cA | J42: SteFamilleC2_Amiens | K42: =VLOOKUP(A42,main!A$1:Z$1048378,12,0) -> #N/A | L42: 94.87 | M42: 51.75 | N42: 0 | O42: 263.75 | P42: SMSN_ADSLMax | Q42: 41306 | S42: SMSN | T42: 20 | W42: =P42 -> SMSN_ADSLMax | X42: =M42 -> 51.75 | Y42: =N42 -> 0 | Z42: =O42 -> 263.75 | AA42: =AD42 -> 0 | AB42: NON | AD42: =AN42 -> 0
A43: CFAI Aisne AFIDA Saint Quentin | B43: =VLOOKUP(BdC!A43,main!A$1:Z$1048378,2,0) -> #N/A | C43: =VLOOKUP(A43,main!A$1:Z$1048378,4,0) -> #N/A | D43: Saint-Quentin | E43: =VLOOKUP(A43,'PRIX LOT1'!A:I,5,0) -> #N/A | F43: =VLOOKUP(A43,main!A$1:E$1048378,5,0) -> #N/A | G43: 0012FTH8 | H43: SDSL_4p | I43: 1cS | J43: CFA_AFIDA_SQ | K43: =VLOOKUP(A43,main!A$1:Z$1048378,12,0) -> #N/A | L43: 114.58 | M43: 116 | N43: 27.63 | O43: 562.5 | P43: FT_SDSL_4M_4p_C1 | Q43: 41365 | S43: CE2O/SDSL | T43: 4 | V43: NON eligible ; Aggregation de lien SDSLBIS 2M | W43: =P43 -> FT_SDSL_4M_4p_C1 | X43: =95.5 -> 95.5 | Y43: =N43 -> 27.63 | Z43: =562.5 -> 562.5 | AA43: =AD43 -> 1208 | AB43: OUI | AC43: 4P | AD43: 1208 | AG43: =VLOOKUP(A43,,5,0) -> #N/A | AH43: NON
A44: CFAI Aisne AFIDA Saint Quentin | B44: =VLOOKUP(BdC!A44,main!A$1:Z$1048378,2,0) -> #N/A | C44: =VLOOKUP(A44,main!A$1:Z$1048378,4,0) -> #N/A | D44: Saint-Quentin | E44: =VLOOKUP(A44,'PRIX LOT1'!A:I,5,0) -> #N/A | F44: =VLOOKUP(A44,main!A$1:E$1048378,5,0) -> #N/A | G44: 0012FTH8 | H44: SDSL_4p | I44: 1cS | J44: CFA_AFIDA_SQ | K44: =VLOOKUP(A44,main!A$1:Z$1048378,12,0) -> #N/A | L44: 114.58 | M44: 116 | N44: 27.63 | O44: 562.5 | P44: FT_SDSL_4M_4p_C1 | Q44: 41365 | S44: CE2O/SDSL | T44: 4 | V44: NON eligible ; Aggregation de lien SDSLBIS 2M | W44: =P44 -> FT_SDSL_4M_4p_C1 | X44: =95.5 -> 95.5 | Y44: =N44 -> 27.63 | Z44: =562.5 -> 562.5 | AA44: =AD44 -> 1208 | AB44: OUI | AC44: 4P | AD44: 1208 | AG44: =VLOOKUP(A44,,5,0) -> #N/A | AH44: NON
A45: Lycée de l'Authie | B45: =VLOOKUP(BdC!A45,main!A$1:Z$1048378,2,0) -> #N/A | C45: =VLOOKUP(A45,main!A$1:Z$1048378,4,0) -> #N/A | D45: Doullens | E45: =VLOOKUP(A45,'PRIX LOT1'!A:I,5,0) -> #N/A | F45: =VLOOKUP(A45,main!A$1:E$1048378,5,0) -> #N/A | G45: 0023WMV6 | H45: BusEth | I45: 20 Mb/s | J45: Authie_Doullens | K45: =VLOOKUP(A45,main!A$1:Z$1048378,12,0) -> #N/A | L45: 925 | M45: 370.75 | N45: 0 | O45: 0 | P45: SMSN_FO_20M | Q45: 41426 | S45: SMSN | T45: 20 | W45: =P45 -> SMSN_FO_20M | X45: =M45 -> 370.75 | Y45: =N45 -> 0 | Z45: =O45 -> 0 | AA45: =AD45 -> 0 | AB45: NON | AD45: =AN45 -> 0 | AG45: =VLOOKUP(A45,,5,0) -> #N/A | AH45: NON
A46: Lycée Hugues Capet | B46: =VLOOKUP(BdC!A46,main!A$1:Z$1048378,2,0) -> #N/A | C46: =VLOOKUP(A46,main!A$1:Z$1048378,4,0) -> #N/A | D46: Senlis | E46: =VLOOKUP(A46,'PRIX LOT1'!A:I,5,0) -> #N/A | F46: =VLOOKUP(A46,main!A$1:E$1048378,5,0) -> #N/A | G46: 0023WMW8 | H46: BusEth | I46: 20 Mb/s | J46: Capet_Senlis | K46: =VLOOKUP(A46,main!A$1:Z$1048378,12,0) -> #N/A | L46: 925 | M46: 748.25 | N46: 0 | O46: 1875 | P46: FT_CE2O_20M-ZA | Q46: 41365 | S46: CE2O/SDSL | T46: 20 | W46: FT_CE2O_20M-_ZA | X46: 748.25 | Y46: =N46 -> 0 | Z46: =O46 -> 1875 | AA46: =AD46 -> 0 | AB46: NON | AD46: =AN46 -> 0
A47: Lycée Charles de Gaulle | B47: =VLOOKUP(BdC!A47,main!A$1:Z$1048378,2,0) -> #N/A | C47: =VLOOKUP(A47,main!A$1:Z$1048378,4,0) -> #N/A | D47: Compiègne | E47: =VLOOKUP(A47,'PRIX LOT1'!A:I,5,0) -> #N/A | F47: =VLOOKUP(A47,main!A$1:E$1048378,5,0) -> #N/A | G47: 0023WMZ2 | H47: BusEth | I47: 20 Mb/s | J47: Gaulle_Compiegne | K47: =VLOOKUP(A47,main!A$1:Z$1048378,12,0) -> #N/A | L47: 925 | M47: 748.25 | N47: 0 | O47: 1875 | P47: FT_CE2O_20M-ZA | Q47: 41365 | S47: CE2O/SDSL | T47: 20 | W47: FT_CE2O_20M-_ZA | X47: 748.25 | Y47: =N47 -> 0 | Z47: =O47 -> 1875 | AA47: =AD47 -> 0 | AB47: NON | AD47: =AN47 -> 0
A48: Lycée la Hotoie | B48: =VLOOKUP(BdC!A48,main!A$1:Z$1048378,2,0) -> #N/A | C48: =VLOOKUP(A48,main!A$1:Z$1048378,4,0) -> #N/A | D48: Amiens | E48: =VLOOKUP(A48,'PRIX LOT1'!A:I,5,0) -> #N/A | F48: =VLOOKUP(A48,main!A$1:E$1048378,5,0) -> #N/A | G48: 0023WMV6 | H48: BusEth | I48: 20 Mb/s | J48: Hotoie_Amiens | K48: =VLOOKUP(A48,main!A$1:Z$1048378,12,0) -> #N/A | L48: 925 | M48: 370.75 | N48: 0 | O48: 0 | P48: SMSN_FO_20M | Q48: 41426 | S48: SMSN | T48: 20 | W48: =P48 -> SMSN_FO_20M | X48: =M48 -> 370.75 | Y48: =N48 -> 0 | Z48: =O48 -> 0 | AA48: =AD48 -> 0 | AB48: NON | AD48: =AN48 -> 0 | AG48: =VLOOKUP(A48,,5,0) -> #N/A | AH48: NON
A49: INRA | B49: =VLOOKUP(BdC!A49,main!A$1:Z$1048378,2,0) -> #N/A | C49: =VLOOKUP(A49,main!A$1:Z$1048378,4,0) -> #N/A | D49: Barenton-Bugny | E49: =VLOOKUP(A49,'PRIX LOT1'!A:I,5,0) -> #N/A | F49: =VLOOKUP(A49,main!A$1:E$1048378,5,0) -> #N/A | G49: 0023WMY6 | H49: BusEth | I49: 20 Mb/s | J49: INRA_Laon | K49: =VLOOKUP(A49,main!A$1:Z$1048378,12,0) -> #N/A | L49: 925 | M49: 695.75 | N49: 0 | O49: 1875 | P49: 0 | R49: A revoir avec OBIANE | T49: 0 | V49: ETUDE | X49: =M49 -> 695.75 | Y49: =N49 -> 0 | AA49: =AD49 -> 0
A50: IUT Creil | B50: =VLOOKUP(BdC!A50,main!A$1:Z$1048378,2,0) -> #N/A | C50: =VLOOKUP(A50,main!A$1:Z$1048378,4,0) -> #N/A | D50: Creil | E50: =VLOOKUP(A50,'PRIX LOT1'!A:I,5,0) -> #N/A | F50: =VLOOKUP(A50,main!A$1:E$1048378,5,0) -> #N/A | G50: 0023WMW2 | H50: BusEth | I50: 20 Mb/s | J50: IUTC | K50: =VLOOKUP(A50,main!A$1:Z$1048378,12,0) -> #N/A | L50: 925 | M50: 748.25 | N50: 0 | O50: 1875 | P50: FT_CE2O_20M-ZA | Q50: 41365 | S50: CE2O/SDSL | T50: 20 | W50: FT_CE2O_20M-_ZA | X50: 748.25 | Y50: =N50 -> 0 | Z50: =O50 -> 1875 | AA50: =AD50 -> 0 | AB50: NON | AD50: =AN50 -> 0
A51: Lycée Pierre Mendès France | B51: =VLOOKUP(BdC!A51,main!A$1:Z$1048378,2,0) -> #N/A | C51: =VLOOKUP(A51,main!A$1:Z$1048378,4,0) -> #N/A | D51: Péronne | E51: =VLOOKUP(A51,'PRIX LOT1'!A:I,5,0) -> #N/A | F51: =VLOOKUP(A51,main!A$1:E$1048378,5,0) -> #N/A | G51: 0023WMZ4 | H51: BusEth | I51: 20 Mb/s | J51: MendesFr_Peronne | K51: =VLOOKUP(A51,main!A$1:Z$1048378,12,0) -> #N/A | L51: 925 | M51: 370.75 | N51: 0 | O51: 0 | P51: SMSN_FO_20M | Q51: 41426 | S51: SMSN | T51: 20 | W51: =P51 -> SMSN_FO_20M | X51: =M51 -> 370.75 | Y51: =N51 -> 0 | Z51: =O51 -> 0 | AA51: =AD51 -> 0 | AB51: NON | AD51: =AN51 -> 0 | AG51: =VLOOKUP(A51,,5,0) -> #N/A | AH51: NON
A52: Lycée Pierre d'Ailly | B52: =VLOOKUP(BdC!A52,main!A$1:Z$1048378,2,0) -> #N/A | C52: =VLOOKUP(A52,main!A$1:Z$1048378,4,0) -> #N/A | D52: Compiègne | E52: =VLOOKUP(A52,'PRIX LOT1'!A:I,5,0) -> #N/A | F52: =VLOOKUP(A52,main!A$1:E$1048378,5,0) -> #N/A | G52: 0023WMX0 | H52: BusEth | I52: 20 Mb/s | J52: PAilly_Compiegne | K52: =VLOOKUP(A52,main!A$1:Z$1048378,12,0) -> #N/A | L52: 925 | M52: 748.25 | N52: 0 | O52: 1875 | P52: FT_CE2O_20M-ZA | Q52: 41334 | S52: CE2O/SDSL | T52: 20 | W52: FT_CE2O_20M-_ZA | X52: 748.25 | Y52: =N52 -> 0 | Z52: =O52 -> 1875 | AA52: =AD52 -> 0 | AB52: NON | AD52: =AN52 -> 0
A53: Lycée Romain Rolland | B53: =VLOOKUP(BdC!A53,main!A$1:Z$1048378,2,0) -> #N/A | C53: =VLOOKUP(A53,main!A$1:Z$1048378,4,0) -> #N/A | D53: Amiens | E53: =VLOOKUP(A53,'PRIX LOT1'!A:I,5,0) -> #N/A | F53: =VLOOKUP(A53,main!A$1:E$1048378,5,0) -> #N/A | G53: 0023WMU6 | H53: BusEth | I53: 20 Mb/s | J53: Rolland_Amiens | K53: =VLOOKUP(A53,main!A$1:Z$1048378,12,0) -> #N/A | L53: 925 | M53: 370.75 | N53: 0 | O53: 0 | P53: SMSN_FO_20M | Q53: 41426 | S53: SMSN | T53: 20 | W53: =P53 -> SMSN_FO_20M | X53: =M53 -> 370.75 | Y53: =N53 -> 0 | Z53: =O53 -> 0 | AA53: =AD53 -> 0 | AB53: NON | AD53: =AN53 -> 0 | AG53: =VLOOKUP(A53,,5,0) -> #N/A | AH53: NON
A54: Lycée Jules Uhry | B54: =VLOOKUP(BdC!A54,main!A$1:Z$1048378,2,0) -> #N/A | C54: =VLOOKUP(A54,main!A$1:Z$1048378,4,0) -> #N/A | D54: Creil | E54: =VLOOKUP(A54,'PRIX LOT1'!A:I,5,0) -> #N/A | F54: =VLOOKUP(A54,main!A$1:E$1048378,5,0) -> #N/A | G54: 0024KUB6 | H54: BusEth | I54: 20 Mb/s | J54: Uhry_Creil | K54: =VLOOKUP(A54,main!A$1:Z$1048378,12,0) -> #N/A | L54: 925 | M54: 748.25 | N54: 0 | O54: 1875 | P54: FT_CE2O_20M-ZA | Q54: 41334 | S54: CE2O/SDSL | T54: 20 | W54: FT_CE2O_20M-_ZA | X54: 748.25 | Y54: =N54 -> 0 | Z54: =O54 -> 1875 | AA54: =AD54 -> 0 | AB54: NON | AD54: =AN54 -> 0
A55: Lycée Paul Claudel | B55: =VLOOKUP(BdC!A55,main!A$1:Z$1048378,2,0) -> #N/A | C55: =VLOOKUP(A55,main!A$1:Z$1048378,4,0) -> #N/A | D55: Laon | E55: =VLOOKUP(A55,'PRIX LOT1'!A:I,5,0) -> #N/A | F55: =VLOOKUP(A55,main!A$1:E$1048378,5,0) -> #N/A | G55: VV605782 | H55: CE2O | I55: 20 Mb/s | J55: Claudel_Laon | K55: =VLOOKUP(A55,main!A$1:Z$1048378,12,0) -> #N/A | L55: 760 | M55: 748.25 | N55: 0 | O55: 0 | P55: FT_CE2O_20M-ZA | Q55: 41275 | S55: CE2O/SDSL | T55: 20 | W55: FT_CE2O_20M-_ZA | X55: 748.25 | Y55: =N55 -> 0 | Z55: =O55 -> 0 | AA55: =AD55 -> 0 | AB55: NON | AD55: =AN55 -> 0
A56: Lycée Condorcet Saint Quentin | B56: =VLOOKUP(BdC!A56,main!A$1:Z$1048378,2,0) -> #N/A | C56: =VLOOKUP(A56,main!A$1:Z$1048378,4,0) -> #N/A | D56: Saint-Quentin | E56: =VLOOKUP(A56,'PRIX LOT1'!A:I,5,0) -> #N/A | F56: =VLOOKUP(A56,main!A$1:E$1048378,5,0) -> #N/A | G56: VV605784 | H56: CE2O | I56: 20 Mb/s | J56: Condorcet_SQ | K56: =VLOOKUP(A56,main!A$1:Z$1048378,12,0) -> #N/A | L56: 760 | M56: 748.25 | N56: 0 | O56: 0 | P56: FT_CE2O_20M-ZA | Q56: 41275 | S56: CE2O/SDSL | T56: 20 | W56: FT_CE2O_20M-_ZA | X56: 748.25 | Y56: =N56 -> 0 | Z56: =O56 -> 0 | AA56: =AD56 -> 0 | AB56: NON | AD56: =AN56 -> 0
A57: Lycée Joliot Curie | B57: =VLOOKUP(BdC!A57,main!A$1:Z$1048378,2,0) -> #N/A | C57: =VLOOKUP(A57,main!A$1:Z$1048378,4,0) -> #N/A | D57: Hirson | E57: =VLOOKUP(A57,'PRIX LOT1'!A:I,5,0) -> #N/A | F57: =VLOOKUP(A57,main!A$1:E$1048378,5,0) -> #N/A | G57: VV605794 | H57: CE2O | I57: 20 Mb/s | J57: Curie_Hirson | K57: =VLOOKUP(A57,main!A$1:Z$1048378,12,0) -> #N/A | L57: 906 | M57: 895.75 | N57: 0 | O57: 0 | P57: FT_CE2O_20M-ZB | Q57: 41275 | S57: CE2O/SDSL | T57: 20 | W57: FT_CE2O_20M-_ZB | X57: 748.25 | Y57: =N57 -> 0 | Z57: =O57 -> 0 | AA57: =AD57 -> 0 | AB57: NON | AD57: =AN57 -> 0
A58: Lycée Jean de la Fontaine | B58: =VLOOKUP(BdC!A58,main!A$1:Z$1048378,2,0) -> #N/A | C58: =VLOOKUP(A58,main!A$1:Z$1048378,4,0) -> #N/A | D58: Château-Thierry | E58: =VLOOKUP(A58,'PRIX LOT1'!A:I,5,0) -> #N/A | F58: =VLOOKUP(A58,main!A$1:E$1048378,5,0) -> #N/A | G58: VV605131 | H58: CE2O | I58: 20 Mb/s | J58: Fontaine_ChThierry | K58: =VLOOKUP(A58,main!A$1:Z$1048378,12,0) -> #N/A | L58: 906 | M58: 748.25 | N58: 0 | O58: 0 | P58: FT_CE2O_20M-ZA | Q58: 41275 | S58: CE2O/SDSL | T58: 20 | W58: FT_CE2O_20M-_ZA | X58: 748.25 | Y58: =N58 -> 0 | Z58: =O58 -> 0 | AA58: =AD58 -> 0 | AB58: NON | AD58: =AN58 -> 0
A59: Lycée Mireille Grenet | B59: =VLOOKUP(BdC!A59,main!A$1:Z$1048378,2,0) -> #N/A | C59: =VLOOKUP(A59,main!A$1:Z$1048378,4,0) -> #N/A | D59: Compiègne | E59: =VLOOKUP(A59,'PRIX LOT1'!A:I,5,0) -> #N/A | F59: =VLOOKUP(A59,main!A$1:E$1048378,5,0) -> #N/A | G59: VV605777 | H59: CE2O | I59: 20 Mb/s | J59: Grenet_Compiegne | K59: =VLOOKUP(A59,main!A$1:Z$1048378,12,0) -> #N/A | L59: 760 | M59: 748.25 | N59: 0 | O59: 0 | P59: FT_CE2O_20M-ZA | Q59: 41275 | S59: CE2O/SDSL | T59: 20 | W59: FT_CE2O_20M-_ZA | X59: 748.25 | Y59: =N59 -> 0 | Z59: =O59 -> 0 | AA59: =AD59 -> 0 | AB59: NON | AD59: =AN59 -> 0
A60: IUT Laon | B60: =VLOOKUP(BdC!A60,main!A$1:Z$1048378,2,0) -> #N/A | C60: =VLOOKUP(A60,main!A$1:Z$1048378,4,0) -> #N/A | D60: Laon | E60: =VLOOKUP(A60,'PRIX LOT1'!A:I,5,0) -> #N/A | F60: =VLOOKUP(A60,main!A$1:E$1048378,5,0) -> #N/A | G60: VV605566 | H60: CE2O | I60: 20 Mb/s | J60: IUTL | K60: =VLOOKUP(A60,main!A$1:Z$1048378,12,0) -> #N/A | L60: 760 | M60: 748.25 | N60: 0 | O60: 0 | P60: FT_CE2O_20M-ZA | Q60: 41275 | S60: CE2O/SDSL | T60: 20 | W60: FT_CE2O_20M-_ZA | X60: 748.25 | Y60: =N60 -> 0 | Z60: =O60 -> 0 | AA60: =AD60 -> 0 | AB60: NON | AD60: =AN60 -> 0
A61: IUT Saint Quentin | B61: =VLOOKUP(BdC!A61,main!A$1:Z$1048378,2,0) -> #N/A | C61: =VLOOKUP(A61,main!A$1:Z$1048378,4,0) -> #N/A | D61: Saint-Quentin | E61: =VLOOKUP(A61,'PRIX LOT1'!A:I,5,0) -> #N/A | F61: =VLOOKUP(A61,main!A$1:E$1048378,5,0) -> #N/A | G61: VV605774 | H61: CE2O | I61: 20 Mb/s | J61: IUTSQ | K61: =VLOOKUP(A61,main!A$1:Z$1048378,12,0) -> #N/A | L61: 760 | M61: 748.25 | N61: 0 | O61: 0 | P61: FT_CE2O_20M-ZA | Q61: 41275 | S61: CE2O/SDSL | T61: 20 | W61: FT_CE2O_20M-_ZA | X61: 748.25 | Y61: =N61 -> 0 | Z61: =O61 -> 0 | AA61: =AD61 -> 0 | AB61: NON | AD61: =AN61 -> 0
A62: Lycée Henri Martin | B62: =VLOOKUP(BdC!A62,main!A$1:Z$1048378,2,0) -> #N/A | C62: =VLOOKUP(A62,main!A$1:Z$1048378,4,0) -> #N/A | D62: Saint-Quentin | E62: =VLOOKUP(A62,'PRIX LOT1'!A:I,5,0) -> #N/A | F62: =VLOOKUP(A62,main!A$1:E$1048378,5,0) -> #N/A | G62: VV605764 | H62: CE2O | I62: 20 Mb/s | J62: Martin_SQ | K62: =VLOOKUP(A62,main!A$1:Z$1048378,12,0) -> #N/A | L62: 760 | M62: 748.25 | N62: 0 | O62: 0 | P62: FT_CE2O_20M-ZA | Q62: 41275 | S62: CE2O/SDSL | T62: 20 | W62: FT_CE2O_20M-_ZA | X62: 748.25 | Y62: =N62 -> 0 | Z62: =O62 -> 0 | AA62: =AD62 -> 0 | AB62: NON | AD62: =AN62 -> 0
A63: Lycée Pierre Méchain | B63: =VLOOKUP(BdC!A63,main!A$1:Z$1048378,2,0) -> #N/A | C63: =VLOOKUP(A63,main!A$1:Z$1048378,4,0) -> #N/A | D63: Laon | E63: =VLOOKUP(A63,'PRIX LOT1'!A:I,5,0) -> #N/A | F63: =VLOOKUP(A63,main!A$1:E$1048378,5,0) -> #N/A | G63: VV605779 | H63: CE2O | I63: 20 Mb/s | J63: Mechain_Laon | K63: =VLOOKUP(A63,main!A$1:Z$1048378,12,0) -> #N/A | L63: 760 | M63: 748.25 | N63: 0 | O63: 0 | P63: FT_CE2O_20M-ZA | Q63: 41275 | S63: CE2O/SDSL | T63: 20 | W63: FT_CE2O_20M-_ZA | X63: 748.25 | Y63: =N63 -> 0 | Z63: =O63 -> 0 | AA63: =AD63 -> 0 | AB63: NON | AD63: =AN63 -> 0
A64: Lycée Léonard de Vinci | B64: =VLOOKUP(BdC!A64,main!A$1:Z$1048378,2,0) -> #N/A | C64: =VLOOKUP(A64,main!A$1:Z$1048378,4,0) -> #N/A | D64: Soissons | E64: =VLOOKUP(A64,'PRIX LOT1'!A:I,5,0) -> #N/A | F64: =VLOOKUP(A64,main!A$1:E$1048378,5,0) -> #N/A | G64: VV605788 | H64: CE2O | I64: 20 Mb/s | J64: Vinci_Soissons | K64: =VLOOKUP(A64,main!A$1:Z$1048378,12,0) -> #N/A | L64: 760 | M64: 748.25 | N64: 0 | O64: 0 | P64: FT_CE2O_20M-ZA | Q64: 41275 | S64: CE2O/SDSL | T64: 20 | W64: FT_CE2O_20M-_ZA | X64: 748.25 | Y64: =N64 -> 0 | Z64: =O64 -> 0 | AA64: =AD64 -> 0 | AB64: NON | AD64: =AN64 -> 0
A65: Lycée Professionnel de l'Acheuléen | B65: =VLOOKUP(BdC!A65,main!A$1:Z$1048378,2,0) -> #N/A | C65: =VLOOKUP(A65,main!A$1:Z$1048378,4,0) -> #N/A | D65: Amiens | E65: =VLOOKUP(A65,'PRIX LOT1'!A:I,5,0) -> #N/A | F65: =VLOOKUP(A65,main!A$1:E$1048378,5,0) -> #N/A | G65: 10098 | H65: SomNum | I65: 20 Mb/s | J65: Acheuleen_Amiens | K65: =VLOOKUP(A65,main!A$1:Z$1048378,12,0) -> #N/A | L65: 628 | M65: 370.75 | N65: 0 | O65: 0 | P65: SMSN_FO_20M | Q65: 41275 | S65: SMSN | T65: 20 | W65: =P65 -> SMSN_FO_20M | X65: =M65 -> 370.75 | Y65: =N65 -> 0 | Z65: =O65 -> 0 | AA65: =AD65 -> 0 | AB65: NON | AD65: =AN65 -> 0
A66: INTERFOR SIA Amiens | B66: =VLOOKUP(BdC!A66,main!A$1:Z$1048378,2,0) -> #N/A | C66: =VLOOKUP(A66,main!A$1:Z$1048378,4,0) -> #N/A | D66: Amiens | E66: =VLOOKUP(A66,'PRIX LOT1'!A:I,5,0) -> #N/A | F66: =VLOOKUP(A66,main!A$1:E$1048378,5,0) -> #N/A | G66: 50886 | H66: SomNum | I66: 20 Mb/s | J66: CFA_INTERFOR_Amiens | K66: =VLOOKUP(A66,main!A$1:Z$1048378,12,0) -> #N/A | L66: 628 | M66: 370.75 | N66: 0 | O66: 0 | P66: SMSN_FO_20M | Q66: 41275 | S66: SMSN | T66: 20 | W66: =P66 -> SMSN_FO_20M | X66: =M66 -> 370.75 | Y66: =N66 -> 0 | Z66: =O66 -> 0 | AA66: =AD66 -> 0 | AB66: NON | AD66: =AN66 -> 0
A67: Lycée JB Delambre/Montaigne | B67: =VLOOKUP(BdC!A67,main!A$1:Z$1048378,2,0) -> #N/A | C67: =VLOOKUP(A67,main!A$1:Z$1048378,4,0) -> #N/A | D67: Amiens | E67: =VLOOKUP(A67,'PRIX LOT1'!A:I,5,0) -> #N/A | F67: =VLOOKUP(A67,main!A$1:E$1048378,5,0) -> #N/A | G67: 50887 | H67: SomNum | I67: 20 Mb/s | J67: Delambre_Amiens | K67: =VLOOKUP(A67,main!A$1:Z$1048378,12,0) -> #N/A | L67: 628 | M67: 370.75 | N67: 0 | O67: 0 | P67: SMSN_FO_20M | Q67: 41275 | S67: SMSN | T67: 20 | W67: =P67 -> SMSN_FO_20M | X67: =M67 -> 370.75 | Y67: =N67 -> 0 | Z67: =O67 -> 0 | AA67: =AD67 -> 0 | AB67: NON | AD67: =AN67 -> 0
A68: Lycée Lamarck | B68: =VLOOKUP(BdC!A68,main!A$1:Z$1048378,2,0) -> #N/A | C68: =VLOOKUP(A68,main!A$1:Z$1048378,4,0) -> #N/A | D68: Albert | E68: =VLOOKUP(A68,'PRIX LOT1'!A:I,5,0) -> #N/A | F68: =VLOOKUP(A68,main!A$1:E$1048378,5,0) -> #N/A | G68: 50889 | H68: SomNum | I68: 20 Mb/s | J68: Lamarck_Albert | K68: =VLOOKUP(A68,main!A$1:Z$1048378,12,0) -> #N/A | L68: 628 | M68: 370.75 | N68: 0 | O68: 0 | P68: SMSN_FO_20M | Q68: 41275 | S68: SMSN | T68: 20 | W68: =P68 -> SMSN_FO_20M | X68: =M68 -> 370.75 | Y68: =N68 -> 0 | Z68: =O68 -> 0 | AA68: =AD68 -> 0 | AB68: NON | AD68: =AN68 -> 0
A69: Lycée Robert de Luzarches | B69: =VLOOKUP(BdC!A69,main!A$1:Z$1048378,2,0) -> #N/A | C69: =VLOOKUP(A69,main!A$1:Z$1048378,4,0) -> #N/A | D69: Amiens | E69: =VLOOKUP(A69,'PRIX LOT1'!A:I,5,0) -> #N/A | F69: =VLOOKUP(A69,main!A$1:E$1048378,5,0) -> #N/A | G69: 10102 | H69: SomNum | I69: 20 Mb/s | J69: Luzarches_Amiens | K69: =VLOOKUP(A69,main!A$1:Z$1048378,12,0) -> #N/A | L69: 628 | M69: 370.75 | N69: 0 | O69: 0 | P69: SMSN_FO_20M | Q69: 41275 | S69: SMSN | T69: 20 | W69: =P69 -> SMSN_FO_20M | X69: =M69 -> 370.75 | Y69: =N69 -> 0 | Z69: =O69 -> 0 | AA69: =AD69 -> 0 | AB69: NON | AD69: =AN69 -> 0
A70: Lycée Madeleine Michelis | B70: =VLOOKUP(BdC!A70,main!A$1:Z$1048378,2,0) -> #N/A | C70: =VLOOKUP(A70,main!A$1:Z$1048378,4,0) -> #N/A | D70: Amiens | E70: =VLOOKUP(A70,'PRIX LOT1'!A:I,5,0) -> #N/A | F70: =VLOOKUP(A70,main!A$1:E$1048378,5,0) -> #N/A | G70: 10190 | H70: SomNum | I70: 20 Mb/s | J70: Michelis_Amiens | K70: =VLOOKUP(A70,main!A$1:Z$1048378,12,0) -> #N/A | L70: 628 | M70: 370.75 | N70: 0 | O70: 0 | P70: SMSN_FO_20M | Q70: 41275 | S70: SMSN | T70: 20 | W70: =P70 -> SMSN_FO_20M | X70: =M70 -> 370.75 | Y70: =N70 -> 0 | Z70: =O70 -> 0 | AA70: =AD70 -> 0 | AB70: NON | AD70: =AN70 -> 0
A71: JCA Peltier | B71: =VLOOKUP(BdC!A71,main!A$1:Z$1048378,2,0) -> #N/A | C71: =VLOOKUP(A71,main!A$1:Z$1048378,4,0) -> #N/A | D71: Ham | E71: =VLOOKUP(A71,'PRIX LOT1'!A:I,5,0) -> #N/A | F71: =VLOOKUP(A71,main!A$1:E$1048378,5,0) -> #N/A | G71: 50890 | H71: SomNum | I71: 20 Mb/s | J71: Peltier_Ham | K71: =VLOOKUP(A71,main!A$1:Z$1048378,12,0) -> #N/A | L71: 628 | M71: 370.75 | N71: 0 | O71: 0 | P71: SMSN_FO_20M | Q71: 41275 | S71: SMSN | T71: 20 | W71: =P71 -> SMSN_FO_20M | X71: =M71 -> 370.75 | Y71: =N71 -> 0 | Z71: =O71 -> 0 | AA71: =AD71 -> 0 | AB71: NON | AD71: =AN71 -> 0
A72: Lycée Boucher de Perthes | B72: =VLOOKUP(BdC!A72,main!A$1:Z$1048378,2,0) -> #N/A | C72: =VLOOKUP(A72,main!A$1:Z$1048378,4,0) -> #N/A | D72: Abbeville | E72: =VLOOKUP(A72,'PRIX LOT1'!A:I,5,0) -> #N/A | F72: =VLOOKUP(A72,main!A$1:E$1048378,5,0) -> #N/A | G72: 50888 | H72: SomNum | I72: 20 Mb/s | J72: Perthes_Abbeville | K72: =VLOOKUP(A72,main!A$1:Z$1048378,12,0) -> #N/A | L72: 628 | M72: 370.75 | N72: 0 | O72: 0 | P72: SMSN_FO_20M | Q72: 41275 | S72: SMSN | T72: 20 | W72: =P72 -> SMSN_FO_20M | X72: =M72 -> 370.75 | Y72: =N72 -> 0 | Z72: =O72 -> 0 | AA72: =AD72 -> 0 | AB72: NON | AD72: =AN72 -> 0
A73: Lycée Jean Racine | B73: =VLOOKUP(BdC!A73,main!A$1:Z$1048378,2,0) -> #N/A | C73: =VLOOKUP(A73,main!A$1:Z$1048378,4,0) -> #N/A | D73: Montdidier | E73: =VLOOKUP(A73,'PRIX LOT1'!A:I,5,0) -> #N/A | F73: =VLOOKUP(A73,main!A$1:E$1048378,5,0) -> #N/A | G73: 50891 | H73: SomNum | I73: 20 Mb/s | J73: Racine_Montdidier | K73: =VLOOKUP(A73,main!A$1:Z$1048378,12,0) -> #N/A | L73: 628 | M73: 370.75 | N73: 0 | O73: 0 | P73: SMSN_FO_20M | Q73: 41275 | S73: SMSN | T73: 20 | W73: =P73 -> SMSN_FO_20M | X73: =M73 -> 370.75 | Y73: =N73 -> 0 | Z73: =O73 -> 0 | AA73: =AD73 -> 0 | AB73: NON | AD73: =AN73 -> 0
A74: Lycée Ameublement | B74: =VLOOKUP(BdC!A74,main!A$1:Z$1048378,2,0) -> #N/A | C74: =VLOOKUP(A74,main!A$1:Z$1048378,4,0) -> #N/A | D74: Saint-Quentin | E74: =VLOOKUP(A74,'PRIX LOT1'!A:I,5,0) -> #N/A | F74: =VLOOKUP(A74,main!A$1:E$1048378,5,0) -> #N/A | G74: 0008LRZ2 | H74: ADSL | I74: 2cA | J74: Ameublement_SQ | K74: =VLOOKUP(A74,main!A$1:Z$1048378,12,0) -> #N/A | L74: 126.99 | M74: 116 | N74: 27.63 | O74: 562.5 | P74: FT_SDSL_4M_4p_C1 | Q74: 41365 | S74: CE2O/SDSL | T74: 4 | W74: =P74 -> FT_SDSL_4M_4p_C1 | X74: =M74 -> 116 | Y74: =N74 -> 27.63 | Z74: =O74 -> 562.5 | AA74: =AD74 -> 1208 | AB74: OUI | AC74: 4P | AD74: 1208 | AG74: =VLOOKUP(A74,,5,0) -> #N/A | AH74: NON
A75: Lycée Jean Bouin | B75: =VLOOKUP(BdC!A75,main!A$1:Z$1048378,2,0) -> #N/A | C75: =VLOOKUP(A75,main!A$1:Z$1048378,4,0) -> #N/A | D75: Saint-Quentin | E75: =VLOOKUP(A75,'PRIX LOT1'!A:I,5,0) -> #N/A | F75: =VLOOKUP(A75,main!A$1:E$1048378,5,0) -> #N/A | G75: 0008LSA2 | H75: ADSL | I75: 2cA | J75: Bouin_SQ | K75: =VLOOKUP(A75,main!A$1:Z$1048378,12,0) -> #N/A | L75: 126.99 | M75: =AL75 -> 64.63 | N75: 0 | O75: 475 | P75: =AK75 -> FT_SDSLBis_2M_2p_C1 | Q75: 41365 | S75: CE2O/SDSL | T75: 2 | W75: =P75 -> FT_SDSLBis_2M_2p_C1 | X75: =M75 -> 64.63 | Y75: =N75 -> 0 | Z75: =O75 -> 475 | AA75: =AD75 -> 1043 | AB75: OUI | AC75: 2P | AD75: 1043 | AG75: =VLOOKUP(A75,,5,0) -> #N/A | AH75: OUI | AI75: 4 | AJ75: OUI | AK75: FT_SDSLBis_2M_2p_C1 | AL75: 64.63 | AM75: 475 | AN75: 1043
A76: Lycée Professionnel Privé Val de Serre | B76: =VLOOKUP(BdC!A76,main!A$1:Z$1048378,2,0) -> #N/A | C76: =VLOOKUP(A76,main!A$1:Z$1048378,4,0) -> #N/A | D76: Pouilly-sur-Serre | E76: =VLOOKUP(A76,'PRIX LOT1'!A:I,5,0) -> #N/A | F76: =VLOOKUP(A76,main!A$1:E$1048378,5,0) -> #N/A | G76: 0008LRY2 | H76: ADSL | I76: 2cA | J76: CFPR_Pouilly | K76: =VLOOKUP(A76,main!A$1:Z$1048378,12,0) -> #N/A | L76: 126.99 | M76: 77.25 | N76: 0 | O76: 475 | P76: FT_SDSL_2M_2p_C1 | Q76: 41365 | S76: CE2O/SDSL | T76: 2 | W76: =P76 -> FT_SDSL_2M_2p_C1 | X76: =M76 -> 77.25 | Y76: =N76 -> 0 | Z76: =O76 -> 475 | AA76: =AD76 -> 1043 | AB76: OUI | AC76: 2P | AD76: 1043 | AG76: =VLOOKUP(A76,,5,0) -> #N/A | AH76: NON
A77: CFPR Vaumoise | B77: =VLOOKUP(BdC!A77,main!A$1:Z$1048378,2,0) -> #N/A | C77: =VLOOKUP(A77,main!A$1:Z$1048378,4,0) -> #N/A | D77: Vaumoise | E77: =VLOOKUP(A77,'PRIX LOT1'!A:I,5,0) -> #N/A | F77: =VLOOKUP(A77,main!A$1:E$1048378,5,0) -> #N/A | G77: 0008LWC9 | H77: ADSL | I77: 2cA | J77: CFPR_Vaumoise | K77: =VLOOKUP(A77,main!A$1:Z$1048378,12,0) -> #N/A | L77: 126.99 | M77: 77.25 | N77: 0 | O77: 475 | P77: FT_SDSL_2M_2p_C1 | Q77: 41334 | S77: CE2O/SDSL | T77: 2 | W77: =P77 -> FT_SDSL_2M_2p_C1 | X77: =M77 -> 77.25 | Y77: =N77 -> 0 | Z77: =O77 -> 475 | AA77: =AD77 -> 0 | AB77: NON | AD77: =AN77 -> 0 | AG77: =VLOOKUP(A77,,5,0) -> #N/A | AH77: NON
A78: Collège Jean Moulin | B78: =VLOOKUP(BdC!A78,main!A$1:Z$1048378,2,0) -> #N/A | C78: =VLOOKUP(A78,main!A$1:Z$1048378,4,0) -> #N/A | D78: Saint-Quentin | E78: =VLOOKUP(A78,'PRIX LOT1'!A:I,5,0) -> #N/A | F78: =VLOOKUP(A78,main!A$1:E$1048378,5,0) -> #N/A | G78: 0015FES4 | H78: SDSL | I78: 4c1000S | J78: Moulin_SQ | K78: =VLOOKUP(A78,main!A$1:Z$1048378,12,0) -> #N/A | L78: 293.38 | M78: 116 | N78: 27.63 | O78: 562.5 | P78: FT_SDSL_4M_4p_C1 | Q78: 41365 | S78: CE2O/SDSL | T78: 4 | W78: =P78 -> FT_SDSL_4M_4p_C1 | X78: =M78 -> 116 | Y78: =N78 -> 27.63 | Z78: =O78 -> 562.5 | AA78: =AD78 -> 1208 | AB78: OUI | AC78: 4P | AD78: 1208 | AG78: =VLOOKUP(A78,,5,0) -> #N/A | AH78: NON
A79: Collège Sacré Coeur Péronne | B79: =VLOOKUP(BdC!A79,main!A$1:Z$1048378,2,0) -> #N/A | C79: =VLOOKUP(A79,main!A$1:Z$1048378,4,0) -> #N/A | D79: Péronne | E79: =VLOOKUP(A79,'PRIX LOT1'!A:I,5,0) -> #N/A | F79: =VLOOKUP(A79,main!A$1:E$1048378,5,0) -> #N/A | G79: 0000VBK2 | H79: ADSL | I79: 1cA | J79: SacreCoeurC_Peronne | K79: =VLOOKUP(A79,main!A$1:Z$1048378,12,0) -> #N/A | L79: 94.87 | M79: 51.13 | N79: 0 | O79: 375 | P79: FT_SDSLBis_2M_1p_C1 | Q79: 41365 | R79: up | S79: SDSLBis | T79: 2 | W79: =P79 -> FT_SDSLBis_2M_1p_C1 | X79: =M79 -> 51.13 | Y79: =N79 -> 0 | Z79: =O79 -> 375 | AA79: =AD79 -> 833 | AB79: OUI | AC79: 1P | AD79: 833
A80: Collège St Vincent | B80: =VLOOKUP(BdC!A80,main!A$1:Z$1048378,2,0) -> #N/A | C80: =VLOOKUP(A80,main!A$1:Z$1048378,4,0) -> #N/A | D80: Montdidier | E80: =VLOOKUP(A80,'PRIX LOT1'!A:I,5,0) -> #N/A | F80: =VLOOKUP(A80,main!A$1:E$1048378,5,0) -> #N/A | G80: 0000VCB9 | H80: ADSL | I80: 1cA | J80: StVincent_Montdidier | K80: =VLOOKUP(A80,main!A$1:Z$1048378,12,0) -> #N/A | L80: 94.87 | M80: 51.13 | N80: 0 | O80: 375 | P80: FT_SDSLBis_2M_1p_C1 | Q80: 41306 | R80: up | S80: SDSLBis | T80: 2 | W80: =P80 -> FT_SDSLBis_2M_1p_C1 | X80: =M80 -> 51.13 | Y80: =N80 -> 0 | Z80: =O80 -> 375 | AA80: =AD80 -> 0 | AB80: NON | AD80: =AN80 -> 0
A81: Collège Ste Colette | B81: =VLOOKUP(BdC!A81,main!A$1:Z$1048378,2,0) -> #N/A | C81: =VLOOKUP(A81,main!A$1:Z$1048378,4,0) -> #N/A | D81: Corbie | E81: =VLOOKUP(A81,'PRIX LOT1'!A:I,5,0) -> #N/A | F81: =VLOOKUP(A81,main!A$1:E$1048378,5,0) -> #N/A | G81: 0000YPV8 | H81: ADSL | I81: 1cA | J81: SteColetteC_Corbie | K81: =VLOOKUP(A81,main!A$1:Z$1048378,12,0) -> #N/A | L81: 94.87 | M81: 51.13 | N81: 0 | O81: 375 | P81: FT_SDSLBis_2M_1p_C1 | Q81: 41365 | R81: up | S81: SDSLBis | T81: 2 | W81: =P81 -> FT_SDSLBis_2M_1p_C1 | X81: =M81 -> 51.13 | Y81: =N81 -> 0 | Z81: =O81 -> 375 | AA81: =AD81 -> 833 | AB81: OUI | AC81: 1P | AD81: 833
A82: CIO Château Thierry | B82: =VLOOKUP(BdC!A82,main!A$1:Z$1048378,2,0) -> #N/A | C82: =VLOOKUP(A82,main!A$1:Z$1048378,4,0) -> #N/A | D82: Château-Thierry | E82: =VLOOKUP(A82,'PRIX LOT1'!A:I,5,0) -> #N/A | F82: =VLOOKUP(A82,main!A$1:E$1048378,5,0) -> #N/A | G82: 0013SUM1 | H82: ADSL | I82: 2cA | J82: CIO_ChThierry | K82: =VLOOKUP(A82,main!A$1:Z$1048378,12,0) -> #N/A | L82: 126.99 | M82: 77.5 | N82: 0 | O82: 475 | P82: FT_SDSLBis_4M_2p_C1 | Q82: 41365 | R82: up | S82: SDSLBis | T82: 4 | W82: =P82 -> FT_SDSLBis_4M_2p_C1 | X82: =M82 -> 77.5 | Y82: =N82 -> 0 | Z82: =O82 -> 475 | AA82: =AD82 -> 1043 | AB82: OUI | AC82: 2P | AD82: 1043
A83: CIO Hirson | B83: =VLOOKUP(BdC!A83,main!A$1:Z$1048378,2,0) -> #N/A | C83: =VLOOKUP(A83,main!A$1:Z$1048378,4,0) -> #N/A | D83: Hirson | E83: =VLOOKUP(A83,'PRIX LOT1'!A:I,5,0) -> #N/A | F83: =VLOOKUP(A83,main!A$1:E$1048378,5,0) -> #N/A | G83: 0013SNZ3 | H83: ADSL | I83: 2cA | J83: CIO_Hirson | K83: =VLOOKUP(A83,main!A$1:Z$1048378,12,0) -> #N/A | L83: 126.99 | M83: 77.5 | N83: 0 | O83: 475 | P83: FT_SDSLBis_4M_2p_C1 | Q83: 41365 | R83: up | S83: SDSLBis | T83: 4 | W83: =P83 -> FT_SDSLBis_4M_2p_C1 | X83: =M83 -> 77.5 | Y83: =N83 -> 0 | Z83: =O83 -> 475 | AA83: =AD83 -> 1043 | AB83: OUI | AC83: 2P | AD83: 1043
A84: CIO Tergnier | B84: =VLOOKUP(BdC!A84,main!A$1:Z$1048378,2,0) -> #N/A | C84: =VLOOKUP(A84,main!A$1:Z$1048378,4,0) -> #N/A | D84: Tergnier | E84: =VLOOKUP(A84,'PRIX LOT1'!A:I,5,0) -> #N/A | F84: =VLOOKUP(A84,main!A$1:E$1048378,5,0) -> #N/A | G84: 0013SNZ6 | H84: ADSL | I84: 2cA | J84: CIO_Tergnier | K84: =VLOOKUP(A84,main!A$1:Z$1048378,12,0) -> #N/A | L84: 126.99 | M84: 77.5 | N84: 0 | O84: 475 | P84: FT_SDSLBis_4M_2p_C1 | Q84: 41365 | R84: up | S84: SDSLBis | T84: 4 | W84: =P84 -> FT_SDSLBis_4M_2p_C1 | X84: =M84 -> 77.5 | Y84: =N84 -> 0 | Z84: =O84 -> 475 | AA84: =AD84 -> 1043 | AB84: OUI | AC84: 2P | AD84: 1043
A85: Institut Charles Quentin | B85: =VLOOKUP(BdC!A85,main!A$1:Z$1048378,2,0) -> #N/A | C85: =VLOOKUP(A85,main!A$1:Z$1048378,4,0) -> #N/A | D85: Pierrefonds | E85: =VLOOKUP(A85,'PRIX LOT1'!A:I,5,0) -> #N/A | F85: =VLOOKUP(A85,main!A$1:E$1048378,5,0) -> #N/A | G85: 0008LVZ7 | H85: ADSL | I85: 2cA | J85: InstQuentin_Pierrefonds | K85: =VLOOKUP(A85,main!A$1:Z$1048378,12,0) -> #N/A | L85: 126.99 | M85: =AL85 -> 64.63 | N85: 0 | O85: 475 | P85: =AK85 -> FT_SDSLBis_2M_2p_C1 | Q85: 41334 | S85: CE2O/SDSL | T85: 2 | W85: =P85 -> FT_SDSLBis_2M_2p_C1 | X85: =M85 -> 64.63 | Y85: =N85 -> 0 | Z85: =O85 -> 475 | AA85: =AD85 -> 0 | AB85: NON | AD85: =AN85 -> 0 | AG85: =VLOOKUP(A85,,5,0) -> #N/A | AH85: OUI | AI85: 4 | AJ85: NON | AK85: FT_SDSLBis_2M_2p_C1 | AL85: 64.63 | AM85: 475
A86: Lycée Croiset | B86: =VLOOKUP(BdC!A86,main!A$1:Z$1048378,2,0) -> #N/A | C86: =VLOOKUP(A86,main!A$1:Z$1048378,4,0) -> #N/A | D86: Chantilly | E86: =VLOOKUP(A86,'PRIX LOT1'!A:I,5,0) -> #N/A | F86: =VLOOKUP(A86,main!A$1:E$1048378,5,0) -> #N/A | G86: 0008MDU7 | H86: ADSL | I86: 2cA | J86: Croiset_Chantilly | K86: =VLOOKUP(A86,main!A$1:Z$1048378,12,0) -> #N/A | L86: 126.99 | M86: 110.38 | N86: 0 | O86: 562.5 | P86: FT_SDSLBis_4M_4p_C1 | Q86: 41334 | R86: up | S86: SDSLBis | T86: 4 | W86: =P86 -> FT_SDSLBis_4M_4p_C1 | X86: =M86 -> 110.38 | Y86: =N86 -> 0 | Z86: =O86 -> 562.5 | AA86: =AD86 -> 0 | AB86: NON | AD86: =AN86 -> 0
A87: Lycée Robert Desnos | B87: =VLOOKUP(BdC!A87,main!A$1:Z$1048378,2,0) -> #N/A | C87: =VLOOKUP(A87,main!A$1:Z$1048378,4,0) -> #N/A | D87: Crépy-en-Valois | E87: =VLOOKUP(A87,'PRIX LOT1'!A:I,5,0) -> #N/A | F87: =VLOOKUP(A87,main!A$1:E$1048378,5,0) -> #N/A | G87: 0008LLJ0 | H87: ADSL | I87: 2cA | J87: Desnos_CrepyVal | K87: =VLOOKUP(A87,main!A$1:Z$1048378,12,0) -> #N/A | L87: 126.99 | M87: 110.38 | N87: 0 | O87: 562.5 | P87: FT_SDSLBis_4M_4p_C1 | Q87: 41334 | R87: up | S87: SDSLBis | T87: 4 | W87: =P87 -> FT_SDSLBis_4M_4p_C1 | X87: =M87 -> 110.38 | Y87: =N87 -> 0 | Z87: =O87 -> 562.5 | AA87: =AD87 -> 0 | AB87: NON | AD87: =AN87 -> 0
A88: Lycée agricole de l'Oise Beauvais | B88: =VLOOKUP(BdC!A88,main!A$1:Z$1048378,2,0) -> #N/A | C88: =VLOOKUP(A88,main!A$1:Z$1048378,4,0) -> #N/A | D88: Beauvais | E88: =VLOOKUP(A88,'PRIX LOT1'!A:I,5,0) -> #N/A | F88: =VLOOKUP(A88,main!A$1:E$1048378,5,0) -> #N/A | G88: 0008MDT4 | H88: ADSL | I88: 2cA | J88: LEGTA_Beauvais | K88: =VLOOKUP(A88,main!A$1:Z$1048378,12,0) -> #N/A | L88: 126.99 | M88: 77.25 | N88: 0 | O88: 475 | P88: FT_SDSL_2M_2p_C1 | Q88: 41334 | S88: CE2O/SDSL | T88: 2 | W88: =P88 -> FT_SDSL_2M_2p_C1 | X88: =M88 -> 77.25 | Y88: =N88 -> 0 | Z88: =O88 -> 475 | AA88: =AD88 -> 0 | AB88: NON | AD88: =AN88 -> 0 | AG88: =VLOOKUP(A88,,5,0) -> #N/A | AH88: NON
A89: LEGTA Le Crézancy | B89: =VLOOKUP(BdC!A89,main!A$1:Z$1048378,2,0) -> #N/A | C89: =VLOOKUP(A89,main!A$1:Z$1048378,4,0) -> #N/A | D89: Crézancy | E89: =VLOOKUP(A89,'PRIX LOT1'!A:I,5,0) -> #N/A | F89: =VLOOKUP(A89,main!A$1:E$1048378,5,0) -> #N/A | G89: 0008LRY6 | H89: ADSL | I89: 2cA | J89: LEGTA_Crezancy | K89: =VLOOKUP(A89,main!A$1:Z$1048378,12,0) -> #N/A | L89: 126.99 | M89: =AL89 -> 151.25 | N89: 0 | O89: 475 | P89: =AK89 -> FT_SDSLBis_8M_4p_C2 | Q89: 41365 | R89: up | S89: CE2O/SDSL | T89: 8 | W89: FT_SDSL_8M_4p_C2 | X89: 196.75 | Y89: =N89 -> 0 | Z89: 814.6 | AA89: =AD89 -> 1208 | AB89: OUI | AC89: 4P | AD89: 1208 | AG89: =VLOOKUP(A89,,5,0) -> #N/A | AH89: OUI | AI89: 2 | AJ89: OUI | AK89: FT_SDSLBis_8M_4p_C2 | AL89: 151.25 | AM89: 815 | AN89: 1208
A90: EREA Saint Quentin | B90: =VLOOKUP(BdC!A90,main!A$1:Z$1048378,2,0) -> #N/A | C90: =VLOOKUP(A90,main!A$1:Z$1048378,4,0) -> #N/A | D90: Saint-Quentin | E90: =VLOOKUP(A90,'PRIX LOT1'!A:I,5,0) -> #N/A | F90: =VLOOKUP(A90,main!A$1:E$1048378,5,0) -> #N/A | G90: 0008LSA0 | H90: ADSL | I90: 2cA | J90: EREA_SQ | K90: =VLOOKUP(A90,main!A$1:Z$1048378,12,0) -> #N/A | L90: 126.99 | M90: 77.5 | N90: 0 | O90: 475 | P90: FT_SDSLBis_4M_2p_C1 | Q90: 41334 | R90: up | S90: SDSLBis | T90: 4 | W90: =P90 -> FT_SDSLBis_4M_2p_C1 | X90: =M90 -> 77.5 | Y90: =N90 -> 0 | Z90: =O90 -> 475 | AA90: =AD90 -> 0 | AB90: NON | AD90: =AN90 -> 0
A91: Lycée Amyot d'Inville | B91: =VLOOKUP(BdC!A91,main!A$1:Z$1048378,2,0) -> #N/A | C91: =VLOOKUP(A91,main!A$1:Z$1048378,4,0) -> #N/A | D91: Senlis | E91: =VLOOKUP(A91,'PRIX LOT1'!A:I,5,0) -> #N/A | F91: =VLOOKUP(A91,main!A$1:E$1048378,5,0) -> #N/A | G91: 0008MDR8 | H91: ADSL | I91: 2cA | J91: Inville_Senlis | K91: =VLOOKUP(A91,main!A$1:Z$1048378,12,0) -> #N/A | L91: 126.99 | M91: 110.38 | N91: 0 | O91: 562.5 | P91: FT_SDSLBis_4M_4p_C1 | Q91: 41334 | R91: up | S91: SDSLBis | T91: 4 | W91: =P91 -> FT_SDSLBis_4M_4p_C1 | X91: =M91 -> 110.38 | Y91: =N91 -> 0 | Z91: =O91 -> 562.5 | AA91: =AD91 -> 0 | AB91: NON | AD91: =AN91 -> 0
A92: LPA de la Thiérache | B92: =VLOOKUP(BdC!A92,main!A$1:Z$1048378,2,0) -> #N/A | C92: =VLOOKUP(A92,main!A$1:Z$1048378,4,0) -> #N/A | D92: Fontaine-les-Vervins | E92: =VLOOKUP(A92,'PRIX LOT1'!A:I,5,0) -> #N/A | F92: =VLOOKUP(A92,main!A$1:E$1048378,5,0) -> #N/A | G92: 0008LRX0 | H92: ADSL | I92: 2cA | J92: LPA_FontaineVervins | K92: =VLOOKUP(A92,main!A$1:Z$1048378,12,0) -> #N/A | L92: 126.99 | M92: 77.25 | N92: 0 | O92: 475 | P92: FT_SDSL_2M_2p_C1 | Q92: 41334 | S92: CE2O/SDSL | T92: 2 | V92: Attention affaiblissement | W92: =P92 -> FT_SDSL_2M_2p_C1 | X92: =M92 -> 77.25 | Y92: =N92 -> 0 | Z92: =O92 -> 475 | AA92: =AD92 -> 0 | AB92: NON | AD92: =AN92 -> 0 | AG92: =VLOOKUP(A92,,5,0) -> #N/A | AH92: NON
A93: Lycée Amyot d'Inville | B93: =VLOOKUP(BdC!A93,main!A$1:Z$1048378,2,0) -> #N/A | C93: =VLOOKUP(A93,main!A$1:Z$1048378,4,0) -> #N/A | D93: Senlis | E93: =VLOOKUP(A93,'PRIX LOT1'!A:I,5,0) -> #N/A | F93: =VLOOKUP(A93,main!A$1:E$1048378,5,0) -> #N/A | G93: 0011UBE3 | H93: ADSL | I93: 2cA | J93: Inville_Senlis_R2 | K93: =VLOOKUP(A93,main!A$1:Z$1048378,12,0) -> #N/A | L93: 126.99 | M93: 110.38 | N93: 0 | O93: 562.5 | P93: FT_SDSLBis_4M_4p_C1 | Q93: 41334 | R93: up | S93: SDSLBis | T93: 4 | W93: =P93 -> FT_SDSLBis_4M_4p_C1 | X93: =M93 -> 110.38 | Y93: =N93 -> 0 | Z93: =O93 -> 562.5 | AA93: =AD93 -> 0 | AB93: NON | AD93: =AN93 -> 0
A94: Lycée Agricole de la Haute Somme Ribemont-sur-Ancre | B94: =VLOOKUP(BdC!A94,main!A$1:Z$1048378,2,0) -> #N/A | C94: =VLOOKUP(A94,main!A$1:Z$1048378,4,0) -> #N/A | D94: Ribemont-sur-Ancre | E94: =VLOOKUP(A94,'PRIX LOT1'!A:I,5,0) -> #N/A | F94: =VLOOKUP(A94,main!A$1:E$1048378,5,0) -> #N/A | G94: 0008LMK7 | H94: ADSL | I94: 2cA | J94: LPA_Ribemont | K94: =VLOOKUP(A94,main!A$1:Z$1048378,12,0) -> #N/A | L94: 126.99 | M94: 105.38 | N94: 0 | O94: 475 | P94: FT_SDSL_4M_2p_C2 | Q94: 41334 | R94: up | S94: CE2O/SDSL | T94: 4 | W94: =P94 -> FT_SDSL_4M_2p_C2 | X94: =M94 -> 105.38 | Y94: =N94 -> 0 | Z94: =O94 -> 475 | AA94: =AD94 -> 0 | AB94: NON | AD94: =AN94 -> 0 | AG94: =VLOOKUP(A94,,5,0) -> #N/A | AH94: NON
A95: Lycée Agricole de la Haute Somme Péronne | B95: =VLOOKUP(BdC!A95,main!A$1:Z$1048378,2,0) -> #N/A | C95: =VLOOKUP(A95,main!A$1:Z$1048378,4,0) -> #N/A | D95: Péronne | E95: =VLOOKUP(A95,'PRIX LOT1'!A:I,5,0) -> #N/A | F95: =VLOOKUP(A95,main!A$1:E$1048378,5,0) -> #N/A | G95: 0008LPH8 | H95: ADSL | I95: 2cA | J95: LPA_Peronne | K95: =VLOOKUP(A95,main!A$1:Z$1048378,12,0) -> #N/A | L95: 126.99 | M95: 77.5 | N95: 0 | O95: 475 | P95: FT_SDSLBis_4M_2p_C1 | Q95: 41334 | R95: up | S95: SDSLBis | T95: 4 | W95: =P95 -> FT_SDSLBis_4M_2p_C1 | X95: =M95 -> 77.5 | Y95: =N95 -> 0 | Z95: =O95 -> 475 | AA95: =AD95 -> 0 | AB95: NON | AD95: =AN95 -> 0
A96: LP horticole | B96: =VLOOKUP(BdC!A96,main!A$1:Z$1048378,2,0) -> #N/A | C96: =VLOOKUP(A96,main!A$1:Z$1048378,4,0) -> #N/A | D96: Ribécourt-Dreslincourt | E96: =VLOOKUP(A96,'PRIX LOT1'!A:I,5,0) -> #N/A | F96: =VLOOKUP(A96,main!A$1:E$1048378,5,0) -> #N/A | G96: 0008LVZ3 | H96: ADSL | I96: 2cA | J96: LP_Ribecourt | K96: =VLOOKUP(A96,main!A$1:Z$1048378,12,0) -> #N/A | L96: 126.99 | M96: 103.25 | N96: 0 | O96: 475 | P96: FT_SDSLBis_8M_2p_C1 | Q96: 41365 | R96: up | S96: SDSLBis | T96: 8 | W96: =P96 -> FT_SDSLBis_8M_2p_C1 | X96: =M96 -> 103.25 | Y96: =N96 -> 0 | Z96: =O96 -> 475 | AA96: =AD96 -> 1043 | AB96: OUI | AC96: 2P | AD96: 1043
A97: Lycée Lacordaire | B97: =VLOOKUP(BdC!A97,main!A$1:Z$1048378,2,0) -> #N/A | C97: =VLOOKUP(A97,main!A$1:Z$1048378,4,0) -> #N/A | D97: Charmes | E97: =VLOOKUP(A97,'PRIX LOT1'!A:I,5,0) -> #N/A | F97: =VLOOKUP(A97,main!A$1:E$1048378,5,0) -> #N/A | G97: 0008LRX2 | H97: ADSL | I97: 2cA | J97: Lacordaire_Charmes | K97: =VLOOKUP(A97,main!A$1:Z$1048378,12,0) -> #N/A | L97: 126.99 | M97: 140.13 | N97: 0 | O97: 815 | P97: FT_SDSLBis_8M_4p_C1 | Q97: 41365 | R97: up | S97: SDSLBis | T97: 8 | W97: =P97 -> FT_SDSLBis_8M_4p_C1 | X97: =M97 -> 140.13 | Y97: =N97 -> 0 | Z97: =O97 -> 815 | AA97: =AD97 -> 1208 | AB97: OUI | AC97: 4P | AD97: 1208
A98: Lycée Lavoisier | B98: =VLOOKUP(BdC!A98,main!A$1:Z$1048378,2,0) -> #N/A | C98: =VLOOKUP(A98,main!A$1:Z$1048378,4,0) -> #N/A | D98: Méru | E98: =VLOOKUP(A98,'PRIX LOT1'!A:I,5,0) -> #N/A | F98: =VLOOKUP(A98,main!A$1:E$1048378,5,0) -> #N/A | G98: 0008LLH4 | H98: ADSL | I98: 2cA | J98: Lavoisier_Meru | K98: =VLOOKUP(A98,main!A$1:Z$1048378,12,0) -> #N/A | L98: 126.99 | M98: 157.38 | N98: 27.63 | O98: 814.6 | P98: FT_SDSL_8M_4p_C1 | Q98: 41365 | R98: up | S98: CE2O/SDSL | T98: 8 | W98: =P98 -> FT_SDSL_8M_4p_C1 | X98: =M98 -> 157.38 | Y98: =N98 -> 27.63 | Z98: =O98 -> 814.6 | AA98: =AD98 -> 1208 | AB98: OUI | AC98: 4P | AD98: 1208 | AG98: =VLOOKUP(A98,,5,0) -> #N/A | AH98: NON
A99: CFA Agricole La-Capelle | B99: =VLOOKUP(BdC!A99,main!A$1:Z$1048378,2,0) -> #N/A | C99: =VLOOKUP(A99,main!A$1:Z$1048378,4,0) -> #N/A | D99: La Capelle | E99: =VLOOKUP(A99,'PRIX LOT1'!A:I,5,0) -> #N/A | F99: =VLOOKUP(A99,main!A$1:E$1048378,5,0) -> #N/A | G99: 0008LRX8 | H99: ADSL | I99: 2cA | J99: MFR_Capelle | K99: =VLOOKUP(A99,main!A$1:Z$1048378,12,0) -> #N/A | L99: 126.99 | M99: 85.75 | N99: 0 | O99: 475 | P99: FT_SDSLBis_4M_2p_C2 | Q99: 41365 | R99: up | S99: SDSLBis | T99: 4 | W99: =P99 -> FT_SDSLBis_4M_2p_C2 | X99: =M99 -> 85.75 | Y99: =N99 -> 0 | Z99: =O99 -> 475 | AA99: =AD99 -> 1043 | AB99: OUI | AC99: 2P | AD99: 1043
A100: MFREO Clairfontaine | B100: =VLOOKUP(BdC!A100,main!A$1:Z$1048378,2,0) -> #N/A | C100: =VLOOKUP(A100,main!A$1:Z$1048378,4,0) -> #N/A | D100: Clairfontaine | E100: =VLOOKUP(A100,'PRIX LOT1'!A:I,5,0) -> #N/A | F100: =VLOOKUP(A100,main!A$1:E$1048378,5,0) -> #N/A | G100: 0008LRZ0 | H100: ADSL | I100: 2cA | J100: MFREO_Clairfontaine | K100: =VLOOKUP(A100,main!A$1:Z$1048378,12,0) -> #N/A | L100: 126.99 | M100: 76 | N100: 0 | O100: 475 | P100: FT_SDSL_2M_1p_C2 | Q100: 41306 | S100: CE2O/SDSL | T100: 2 | W100: =P100 -> FT_SDSL_2M_1p_C2 | X100: =M100 -> 76 | Y100: =N100 -> 0 | Z100: =O100 -> 475 | AA100: =AD100 -> 0 | AB100: NON | AD100: =AN100 -> 0 | AG100: =VLOOKUP(A100,,5,0) -> #N/A | AH100: NON
...

Sheet Références
A1: FT_SDSL_1M_2p_C1 | B1: 54.38 | C1: 475 | D1: 27.63
A2: FT_SDSL_2M_1p_C1 | B2: 68.75 | C2: 375 | D2: 27.63
A3: FT_SDSL_2M_1p_C2 | B3: 76 | C3: 475 | D3: 27.63
A4: FT_SDSL_2M_2p_C1 | B4: 77.25 | C4: 475 | D4: 27.63
A5: FT_SDSL_2M_2p_C2 | B5: 84.5 | C5: 475 | D5: 27.63
A6: FT_SDSL_2M_4p_C1 | B6: 93.13 | C6: 562.5 | D6: 27.63
A7: FT_SDSL_4M_2p_C1 | B7: 85.13 | C7: 475 | D7: 27.63
A8: FT_SDSL_4M_2p_C2 | B8: 105.38 | C8: 475 | D8: 27.63
A9: FT_SDSL_4M_4p_C1 | B9: 116 | C9: 562.5 | D9: 27.63
A10: FT_SDSL_512K_1p_C2 | B10: 45.25 | C10: 475 | D10: 27.63
A11: FT_SDSL_512K_2p_C1 | B11: 92.01 | C11: 475 | D11: 27.63
A12: FT_SDSL_8M_2p_C2 | B12: 118.38 | C12: 475 | D12: 27.63
... A34: SMSN_ADSLMax | B34: 51.75 | C34: 263.75 | D34: 0
A35: SMSN_FO_20M | B35: 370.75 | C35: 0
A36: SMSN_FO_40M | B36: 398 | C36: 0
A37: SMSN_FO_100M | B37: 566

Sheet FAS + désat ! 01-03-2013
A1: Nom du site | B1: Adresse | C1: CP | D1: Ville | E1: Clé site | F1: Abonnement mensuel € HT | G1: Option Interface Ethernet € HT | H1: Frais de mise en service € HT | I1: Référence catalogue Obiane | J1: Mise en service | K1: Frais de Desaturation € HT
A2: CFA Agricole de Chauny | B2: 10 route d'Ugny | C2: 02300 | D2: Chauny | E2: CFA_Agri_Chauny | F2: 95.5 | G2: 0 | H2: 562.5 | I2: FT_SDSLBis_2M_4p_C1 | J2: 41365 | K2: 0
A3: CFA Agricole de Verdilly | B3: 4 avenue Euphrasie Guynemer | C3: 02400 | D3: Verdilly | E3: CFA_Agri_Verdilly | F3: 95.5 | G3: 0 | H3: 562.5 | I3: FT_SDSLBis_2M_4p_C1 | J3: 41365 | K3: 1208
A4: Mission Régionale | B4: 3 Avenue Jules UHRY | C4: 60100 | D4: Creil | E4: MR_Creil | F4: 85.13 | G4: 27.63 | H4: 475 | I4: FT_SDSL_4M_2p_C1 | J4: 41365 | K4: 0
A5: Collège Les Frères Le Nain | B5: 3 place Saint Martin | C5: 02000 | D5: Laon | E5: Lenain_Laon | F5: 77.5 | G5: 31.25 | H5: 475 | I5: FT_SDSLBis_4M_2p_C1 | J5: 41365 | K5: 1043
A6: Lycée agricole de l'Oise Airion | B6: Lycée agricole de l'Oise | C6: 60600 | D6: Airion | E6: LEGTA_Airion | F6: 51 | G6: 0 | H6: 475 | I6: FT_SDSLBis_512K_2p_C1 | J6: 41395 | K6: 0
A7: Lycée agricole de l'Oise Airion | B7: Lycée agricole de l'Oise | C7: 60600 | D7: Airion | E7: LEGTA_Airion_R2 | F7: 51 | G7: 0 | H7: 475 | I7: FT_SDSLBis_512K_2p_C1 | J7: 41395 | K7: 0
A8: MFREO Beauquesne | B8: 13 rue Alexandre Bouthors | C8: 80600 | D8: Beauquesne | E8: MFREO_Beauquesne | F8: 370.75 | G8: 0 | H8: 0 | I8: SMSN_FO_20M | J8: 41426 | K8: 0
A9: Collège Jean Mermoz Laon | B9: rue du 2ème régiment des dragons | C9: 02000 | D9: Laon | E9: Mermoz_Laon | F9: 77.5 | G9: 31.25 | H9: 475 | I9: FT_SDSLBis_4M_2p_C1 | J9: 41365 | K9: 0
A10: CFAI Aisne AFIDA Billy-sur-Aisne | B10: route de Reims | C10: 02200 | D10: Soissons | E10: CFA_AFIDA_Soissons | F10: 56.13 | G10: 0 | H10: 475 | I10: FT_SDSLBis_1M_2p_C1 | J10: 41365 | K10: 0
A11: CFA des Bâtiments et Travaux Publics de la Somme d'Amiens (AFOBAT) | B11: 17-19 rue Pierre Rollin | C11: 80000 | D11: Amiens | E11: CFA_AFOBAT_Amiens | F11: 51.75 | G11: 0 | H11: 263.75 | I11: SMSN_ADSLMax | J11: 41365 | K11: 0
A12: CFA des Bâtiments et Travaux Publics de l'Aisne (AFOBAT) | B12: cfa du bâtimentchemin d'Aulnois | C12: 02000 | D12: Laon | E12: CFA_AFOBAT_Laon | F12: 42.63 | G12: 0 | H12: 475 | I12: FT_SDSLBis_1M_1p_C1 | J12: 41334 | K12: 0
A13: AFPB Oise | B13: 290 impasse de la Croix Verte | C13: 60600 | D13: Agnetz | E13: CFA_AFPB_Agnetz | F13: 42.63 | G13: 0 | H13: 475 | I13: FT_SDSLBis_1M_1p_C1 | J13: 41334 | K13: 0
... A38: Lycée la Hotoie | B38: 16 rue du bâtonnier Mahiu | C38: 80000 | D38: Amiens | E38: Hotoie_Amiens | F38: 370.75 | G38: 0 | H38: 0 | I38: SMSN_FO_20M | J38: 41426 | K38: 0
A39: INRA | B39: Rue Pierre Gilles de Gennes | C39: 02000 | D39: Barenton-Bugny | E39: INRA_Laon | F39: 695.75 | G39: 0 | H39: 1875 | I39: 0 | K39: 0
A40: IUT Creil | B40: 13 allée de la faiencerie | C40: 60100 | D40: Creil | E40: IUTC | F40: 748.25 | G40: 0 | H40: 1875 | I40: FT_CE2O_20M-ZA | J40: 41365 | K40: 0
A41: Lycée Pierre Mendès France | B41: route de Saint Denis | C41: 80200 | D41: Péronne | E41: MendesFr_Peronne | F41: 370.75 | G41: 0 | H41: 0 | I41: SMSN_FO_20M | J41: 41426 | K41: 0
A42: Lycée Pierre d'Ailly | B42: 136 boulevard des états unis | C42: 60200 | D42: Compiègne | E42: PAilly_Compiegne | F42: 748.25 | G42: 0 | H42: 1875 | I42: FT_CE2O_20M-ZA | J42: 41334 | K42: 0
A43: Lycée Romain Rolland | B43: rue Romain Rolland | C43: 80000 | D43: Amiens | E43: Rolland_Amiens | F43: 370.75 | G43: 0 | H43: 0 | I43: SMSN_FO_20M | J43: 41426 | K43: 0
A44: Lycée Jules Uhry | B44: 10 rue Aristide Briand | C44: 60100 | D44: Creil | E44: Uhry_Creil | F44: 748.25 | G44: 0 | H44: 1875 | I44: FT_CE2O_20M-ZA | J44: 41334 | K44: 0
A45: Lycée Ameublement | B45: 26 rue Fleming | C45: 02100 | D45: Saint-Quentin | E45: Ameublement_SQ | F45: 116 | G45: 0 | H45: 562.5 | I45: FT_SDSL_4M_4p_C1 | J45: 41365 | K45: 1208
A46: Lycée Jean Bouin | B46: rue Gaston Bachelard | C46: 02100 | D46: Saint-Quentin | E46: Bouin_SQ | F46: 64.63 | G46: 0 | H46: 475 | I46: FT_SDSLBis_2M_2p_C1 | J46: 41365 | K46: 1043
A47: Lycée Professionnel Privé Val de Serre | B47: 10 rue de la halle | C47: 02270 | D47: Pouilly-sur-Serre | E47: CFPR_Pouilly | F47: 77.25 | G47: 0 | H47: 475 | I47: FT_SDSL_2M_2p_C1 | J47: 41365 | K47: 1043
A48: CFPR Vaumoise | B48: 10 route de la croix blanche | C48: 60117 | D48: Vaumoise | E48: CFPR_Vaumoise | F48: 77.25 | G48: 0 | H48: 475 | I48: FT_SDSL_2M_2p_C1 | J48: 41334 | K48: 0
A49: Collège Jean Moulin | B49: rue Maurice Bellonte | C49: 02100 | D49: Saint-Quentin | E49: Moulin_SQ | F49: 116 | G49: 27.63 | H49: 562.5 | I49: FT_SDSL_4M_4p_C1 | J49: 41365 | K49: 1208
A50: Collège Sacré Coeur Péronne | B50: 36 boulevard des anglais | C50: 80200 | D50: Péronne | E50: SacreCoeurC_Peronne | F50: 51.13 | G50: 0 | H50: 375 | I50: FT_SDSLBis_2M_1p_C1 | J50: 41365 | K50: 833
A51: Collège Ste Colette | B51: 2 place Jean Catelas | C51: 80800 | D51: Corbie | E51: SteColetteC_Corbie | F51: 51.13 | G51: 0 | H51: 375 | I51: FT_SDSLBis_2M_1p_C1 | J51: 41365 | K51: 833
... A120: Collège Alexandre Dumas | B120: rue de Prouvais | C120: 02190 | D120: Guignicourt | E120: Dumas_Guignicourt | F120: 140.13 | G120: 31.25 | H120: 815 | I120: FT_SDSLBis_8M_4p_C1 | J120: 41334 | K120: 0
A121: Collège Jean Mermoz Belleu | B121: rue Léon Blum | C121: 02200 | D121: Belleu | F121: 110.38 | G121: 31.25 | H121: 562.5 | I121: FT_SDSLBis_4M_4p_C1 | J121: 41395 | K121: 1208
A122: Collège Lamartine | B122: avenue du docteur Marchand | C122: 02200 | D122: Soissons | E122: Lamartine_Soissons | F122: 140.13 | G122: 31.25 | H122: 815 | I122: FT_SDSLBis_8M_4p_C1 | J122: 41395 | K122: 1208
A123: Collège Louise Michel | B123: rue Wilfried Lanoiselle | C123: 02200 | D123: Villeneuve-St-Germain | E123: Michel_VilleneuveStGermain | F123: 95.5 | G123: 31.25 | H123: 475 | I123: FT_SDSLBis_2M_4p_C1 | J123: 41395 | K123: 1208
A124: Lycée St Rémi | B124: 4 rue des sergents | C124: 80000 | D124: Amiens | E124: StRemi_Amiens | F124: 187.75 | G124: 31.25 | H124: 815 | I124: FT_SDSLBis_12M_4p_C1 | J124: 41395 | K124: 1208
A125: Collège Louise Michel | B125: rue Wilfried Lanoiselle | C125: 02200 | D125: Villeneuve-St-Germain | E125: Michel_VilleneuveStGermain_R2 | F125: 95.5 | G125: 31.25 | H125: 475 | I125: FT_SDSLBis_2M_4p_C1 | J125: 41395 | K125: 1208
A126: Collège Jean Mermoz Belleu | B126: rue Léon Blum | C126: 02200 | D126: Belleu | E126: Mermoz_Belleu | F126: 95.5 | G126: 31.25 | H126: 562.5 | I126: FT_SDSLBis_4M_4p_C1 | J126: 41395 | K126: 1208
A127: Collège Saint Just | B127: 14, rue des cordeliers | C127: 02200 | D127: Soissons | E127: StJust_Soissons | F127: 140.13 | G127: 31.25 | H127: 815 | I127: FT_SDSLBis_8M_4p_C1 | J127: 41334 | K127: 0
A128: Collège Pierre et Marie Curie Braine | B128: 35 route de Brenelle | C128: 02220 | D128: Braine | E128: Curie_Braine | F128: 151.25 | G128: 31.25 | H128: 815 | I128: FT_SDSLBis_8M_4p_C2 | J128: 41395 | K128: 1208
A129: Collège Villard de Honnecourt | B129: 130 rue Olivier Deguise | C129: 02230 | D129: Fresnoy-le-Grand | E129: Honnecourt_FresnoyLeGrand | F129: 116.63 | G129: 31.25 | H129: 562.5 | I129: FT_SDSLBis_4M_4p_C2 | J129: 41334 | K129: 0
A130: EREA Crévecoeur-le-Grand | B130: 4 rue Fournier | C130: 60360 | D130: Crevecoeur-le-Grand | E130: EREA_Crevecoeur | F130: 196.75 | G130: 27.63 | H130: 814.6 | I130: FT_SDSL_8M_4p_C2 | J130: 41395 | K130: 1208
A131: Lycée Jules Verne Château-Thierry | B131: 23 rue des chesneaux | C131: 02400 | D131: Château-Thierry | E131: Verne_ChThierry | F131: 213.5 | G131: 31.25 | H131: 1067.4 | I131: FT_SDSLBis_16M_4p_C1 | J131: 41395 | K131: 1208
A132: Antenne CRDP | B132: 2 place de l'Abbé Carpentier | C132: 80100 | D132: Abbeville | E132: CRDP_Abbeville | F132: 110.38 | G132: 31.25 | H132: 562.5 | I132: FT_SDSLBis_4M_4p_C1 | J132: 41334 | K132: 0
A133: Collège Notre Dame de France | B133: 8 place du Saint Sépulcre | C133: 80100 | D133: Abbeville | E133: NotreDameFr_Abbeville | F133: 187.75 | G133: 31.25 | H133: 815 | I133: FT_SDSLBis_12M_4p_C1 | J133: 41395 | K133: 1208
... A157: Inspection Académique Aisne | B157: inspection académique de l'Aisne cité administrative | C157: 02000 | D157: Laon | E157: IA_Aisne | F157: 64.63 | G157: 31.25 | H157: 475 | I157: FT_SDSLBis_2M_2p_C1 | J157: 41334 | K157: 0
A158: Collège Victor Hugo | B158: 5 r André Ternynck | C158: 02300 | D158: Chauny | F158: 110.38 | G158: 31.25 | H158: 562.5 | I158: FT_SDSLBis_4M_4p_C1 | J158: 41334 | K158: 0
A159: Mission Régionale Pays de Thiérache | B159: 6 rue du Général Foy | C159: 02140 | D159: Vervins | E159: MR_Vervins2 | F159: 85.13 | G159: 27.63 | H159: 475 | I159: FT_SDSL_4M_2p_C1 | J159: 41365 | K159: 1043
A160: Lycée du Vimeu | B160: 3 rue Denis Papin | C160: 80130 | D160: Friville-Escarbotin | E160: Vimeu_FrivilEscarb | F160: 110.38 | G160: 31.25 | H160: 562.5 | I160: FT_SDSLBis_4M_4p_C1 | J160: 41334 | K160: 0
A161: CFAI de l'AFORP Vallée de l'Oise | B161: 1 avenue Eugène Gazeau | C161: 60300 | D161: Senlis | E161: CFA_Promeo_Senlis | F161: 110.38 | G161: 31.25 | H161: 562.5 | I161: FT_SDSLBis_4M_4p_C1 | J161: 41395 | K161: 1208
A162: Lycée du Vimeu | B162: 3 rue Denis Papin | C162: 80130 | D162: Friville-Escarbotin | E162: Vimeu_FrivilEscarb_R2 | F162: 110.38 | G162: 31.25 | H162: 562.5 | I162: FT_SDSLBis_4M_4p_C1 | J162: 41334 | K162: 0
A163: CRP Terrière | B163: 175 rue de la Terrière | C163: 80000 | D163: Amiens | E163: CRP_Terriere | F163: 116 | G163: 27.63 | H163: 562.5 | I163: FT_SDSL_4M_4p_C1 | J163: 41334 | K163: 0
A164: Lycée Julie Daubié | B164: 3 place Saint Martin | C164: 02000 | D164: Laon | E164: Daubie_Laon | F164: 110.38 | G164: 31.25 | H164: 562.5 | I164: FT_SDSLBis_4M_4p_C1 | J164: 41395 | K164: 1208
A165: Lycée Julie Daubié | B165: 3 place Saint Martin | C165: 02000 | D165: Laon | E165: Daubie_Laon_R2 | F165: 110.38 | G165: 31.25 | H165: 562.5 | I165: FT_SDSLBis_4M_4p_C1 | J165: 41395 | K165: 1208
A166: Mission Régionale Pays du Saint Quentinois | B166: rue Antoine Parmentier | C166: 02100 | D166: Saint-Quentin | E166: MR_StQuentin | F166: 116 | G166: 27.63 | H166: 562.5 | I166: FT_SDSL_4M_4p_C1 | J166: 41365 | K166: 1043
A167: Lycée Jean Macé | B167: 7 rue André Ternynck | C167: 02300 | D167: Chauny | E167: Mace_Chauny | F167: 110.38 | G167: 31.25 | H167: 562.5 | I167: FT_SDSLBis_4M_4p_C1 | J167: 41395 | K167: 1208
A168: Collège Victor Hugo | B168: 5 r André Ternynck | C168: 02300 | D168: Chauny | E168: Hugo_Chauny | F168: 110.38 | G168: 31.25 | H168: 562.5 | I168: FT_SDSLBis_4M_4p_C1 | J168: 41334 | K168: 0
A169: Collège Jacques Cartier | B169: 60 rue Ernest Renan | C169: 02300 | D169: Chauny | E169: Cartier_Chauny | F169: 140.13 | G169: 31.25 | H169: 815 | I169: FT_SDSLBis_8M_4p_C1 | J169: 41395 | K169: 1208
A170: Lycée Jean Macé | B170: 7 rue André Ternynck | C170: 02300 | D170: Chauny | E170: Mace_Chauny_R2 | F170: 110.38 | G170: 31.25 | H170: 562.5 | I170: FT_SDSLBis_4M_4p_C1 | J170: 41395 | K170: 1208
... A178: Mission Régionale Compiègne | B178: 3 rue de l'anthemis | C178: 60200 | D178: Compiègne | E178: MR_Compiegne | F178: 77.5 | G178: 31.25 | H178: 475 | I178: FT_SDSLBis_4M_2p_C1 | J178: 41365 | K178: 0
A179: Collège Gérard Philipe | B179: 3, espace Jean Guerland | C179: 02331 | D179: Soissons | F179: 110.38 | G179: 31.25 | H179: 562.5 | I179: FT_SDSLBis_4M_4p_C1 | J179: 41365 | K179: 0
A180: Collège Gérard Philipe | B180: 3, espace Jean Guerland | C180: 02331 | D180: Soissons | E180: Philipe_Soissons | F180: 110.38 | G180: 31.25 | H180: 562.5 | I180: FT_SDSLBis_4M_4p_C1 | J180: 41365 | K180: 0
A181: Collège Le Ruisseau | B181: 34 rue du Collège | C181: 02340 | D181: Montcornet | E181: Ruisseau_Montcornet | F181: 151.25 | G181: 31.25 | H181: 815 | I181: FT_SDSLBis_8M_4p_C2 | J181: 41395 | K181: 1208
A182: Mission Régionale Noyon | B182: 32 rue Saint Eloi | C182: 60400 | D182: Noyon | E182: MR_Noyon | F182: 77.5 | G182: 31.25 | H182: 475 | I182: FT_SDSLBis_4M_2p_C1 | J182: 41365 | K182: 0
A183: Lycée J.B. Corot | B183: 4 et 6 rue Henri Lebesgue | C183: 60000 | D183: Beauvais | E183: Corot_Beauvais | F183: 157.38 | G183: 27.63 | H183: 814.6 | I183: FT_SDSL_8M_4p_C1 | J183: 41395 | K183: 1208
A184: Mission Régionale Senlis | B184: 12 rue Villevert | C184: 60300 | D184: Senlis | E184: MR_Senlis | F184: 77.5 | G184: 31.25 | H184: 475 | I184: FT_SDSLBis_4M_2p_C1 | J184: 41365 | K184: 0
A185: Mission Régionale Pays du Soissonais | B185: 17 rue de Villeneuve | C185: 02200 | D185: Soissons | E185: MR_Soissons | F185: 77.5 | G185: 31.25 | H185: 475 | I185: FT_SDSLBis_4M_2p_C1 | J185: 41365 | K185: 0
A186: Collège Jules Ferry Rozoy-sur-Serre | B186: 150 résidence Pommeraie | C186: 02360 | D186: Rozoy-sur-Serre | E186: Ferry_RozoySerre | F186: 196.75 | G186: 27.63 | H186: 814.6 | I186: FT_SDSL_8M_4p_C2 | J186: 41395 | K186: 1208
A187: CDDP de l'Aisne | B187: Avenue de la République | C187: 02000 | D187: Laon | E187: CDDP02 | F187: 110.38 | G187: 31.25 | H187: 562.5 | I187: FT_SDSLBis_4M_4p_C1 | J187: 41395 | K187: 1208
A188: Collège Alan Seeger | B188: rue Jules Bruneaux | C188: 02370 | D188: Vailly-sur-Aisne | E188: Seeger_VaillyAisne | F188: 196.75 | G188: 27.63 | H188: 814.6 | I188: FT_SDSL_8M_4p_C2 | J188: 41395 | K188: 1208
A189: IUFM Laon | B189: avenue de la république | C189: 02000 | D189: Laon | E189: IUFML | F189: 110.38 | G189: 31.25 | H189: 562.5 | I189: FT_SDSLBis_4M_4p_C1 | J189: 41365 | K189: 0
A190: Lycée St Martin | B190: 68 rue Delpech | C190: 80000 | D190: Amiens | E190: StMartin_Amiens | F190: 110.38 | G190: 31.25 | H190: 562.5 | I190: FT_SDSLBis_4M_4p_C1 | J190: 41395 | K190: 1208
A191: Collège Léon Droussent | B191: 5, chemin du Val Serain | C191: 02380 | D191: Coucy-le-Château-Auffrique | E191: Droussent_CoucyChateau | F191: 105.38 | G191: 27.63 | H191: 475 | I191: FT_SDSL_4M_2p_C2 | J191: 41395 | K191: 1208
... A216: Collège Maurice Wajsfelner | B216: rue du Marais | C216: 02880 | D216: Cuffies | E216: Wajsfelner_Cuffies | F216: 110.38 | G216: 31.25 | H216: 562.5 | I216: FT_SDSLBis_4M_4p_C1 | J216: 41395 | K216: 1208
A217: Collège Joliot Curie Mers-les-Bains | B217: rue du général de Gaulle | C217: 80350 | D217: Mers-les-Bains | F217: 90 | G217: 0 | H217: 562.5 | I217: FT_SDSLBis_1M_4p_C2 | J217: 41395 | K217: 1208
A218: Lycée Pierre de la Ramée | B218: 1 rue Jules Siegfried | C218: 02100 | D218: Saint-Quentin | E218: Ramee_SQ | F218: 140.13 | G218: 31.25 | H218: 815 | I218: FT_SDSLBis_8M_4p_C1 | J218: 41395 | K218: 1208
A219: Rectorat Amiens | B219: 20 boulevard d'Alsace lorraine | C219: 80000 | D219: Amiens | E219: Rectorat_Secours | F219: 140.13 | G219: 31.25 | H219: 815 | I219: FT_SDSLBis_8M_4p_C1 | J219: 41395 | K219: 1208
A220: Lycée Jean Rostand | B220: place Georges Paquier | C220: 60500 | D220: Chantilly | E220: Rostand_Chantilly | F220: 140.13 | G220: 31.25 | H220: 815 | I220: FT_SDSLBis_8M_4p_C1 | J220: 41395 | K220: 1208
A221: Collège Joliot Curie Mers-les-Bains | B221: rue du général de Gaulle | C221: 80350 | D221: Mers-les-Bains | E221: Curie_Mers | F221: 90 | G221: 0 | H221: 562.5 | I221: FT_SDSLBis_1M_4p_C2 | J221: 41365 | K221: 1208
A222: Lycée Saint-Pierre | B222: 24 place Clémenceau | C222: 80100 | D222: Abbeville | E222: StPierre_Abbeville | F222: 187.75 | G222: 31.25 | H222: 815 | I222: FT_SDSLBis_12M_4p_C1 | J222: 41395 | K222: 1208
A223: Lycée François Truffaud | B223: 4 rue de Pontoise | C223: 60000 | D223: Beauvais | E223: Truffaud_Beauvais | F223: 157.38 | G223: 27.63 | H223: 814.6 | I223: FT_SDSL_8M_4p_C1 | J223: 41395 | K223: 1208
A224: Collège Eugène Lefebvre | B224: boulevard Camille Roland | C224: 80800 | D224: Corbie | E224: Lefebvre_Corbie | F224: 140.13 | G224: 0 | H224: 815 | I224: FT_SDSLBis_8M_4p_C1 | J224: 41365 | K224: 1208
A225: Parc de Matériels Scéniques et d'Exposition | C225: 80330 | D225: Cagny | E225: PMSE_Cagny | F225: 140.13 | G225: 31.25 | H225: 815 | I225: FT_SDSLBis_8M_4p_C1 | J225: 41395 | K225: 1208
A226: Parc de Matériels Scéniques et d'Exposition | C226: 80600 | D226: Clermont | E226: PMSE_Clermont | F226: 140.13 | G226: 31.25 | H226: 815 | I226: FT_SDSLBis_8M_4p_C1 | J226: 41395 | K226: 1208
A227: Parc de Matériels Scéniques et d'Exposition | C227: 2000 | D227: Laon | E227: PMSE_Laon | F227: 140.13 | G227: 31.25 | H227: 815 | I227: FT_SDSLBis_8M_4p_C1 | J227: 41395 | K227: 1208
A228: Sup de Co Amiens | B228: 18 place Saint Michel | C228: 80000 | D228: Amiens | F228: 566 | H228: 0 | I228: SMSN_FO_100M | J228: 41395 | K228: 0
A229: Rectorat Amiens | B229: 20 boulevard d'Alsace lorraine | C229: 80000 | D229: Amiens | F229: 566 | H229: 0 | I229: SMSN_FO_100M | J229: 41395 | K229: 0
H230: =SUM(H2:H229) -> 145140.35 | K230: =SUM(K2:K229) -> 150492
E232: Pour commande BP 2012 TTC --> | H232: =H230*1.196 -> 173587.86 | K232: =K230*1.196 -> 179988.43
H234: =H232+K232 -> 353576.29

Sheet 01-01-2013
A1: Nom du site | B1: Adresse | C1: CP | D1: Ville | E1: Clé site | F1: Abonnement mensuel € HT | G1: Option Interface Ethernet € HT | H1: Frais de mise en service € HT | I1: Référence catalogue Obiane | J1: Mise en service | K1: Frais de Desaturation € HT
A2: Lycée Paul Claudel | B2: place Foch | C2: 02000 | D2: Laon | E2: Claudel_Laon | F2: 748.25 | G2: 0 | H2: 0 | I2: FT_CE2O_20M-ZA | J2: 41275 | K2: 0
A3: Lycée Condorcet Saint Quentin | B3: rond point Joliot Curie | C3: 02100 | D3: Saint-Quentin | E3: Condorcet_SQ | F3: 748.25 | G3: 0 | H3: 0 | I3: FT_CE2O_20M-ZA | J3: 41275 | K3: 0
A4: Lycée Joliot Curie | B4: 5 rue Chanzy | C4: 02500 | D4: Hirson | E4: Curie_Hirson | F4: 895.75 | G4: 0 | H4: 0 | I4: FT_CE2O_20M-ZB | J4: 41275 | K4: 0
A5: Lycée Jean de la Fontaine | B5: 1 avenue de champagne | C5: 02400 | D5: Château-Thierry | E5: Fontaine_ChThierry | F5: 748.25 | G5: 0 | H5: 0 | I5: FT_CE2O_20M-ZA | J5: 41275 | K5: 0
A6: Lycée Mireille Grenet | B6: 13 avenue de huy | C6: 60200 | D6: Compiègne | E6: Grenet_Compiegne | F6: 748.25 | G6: 0 | H6: 0 | I6: FT_CE2O_20M-ZA | J6: 41275 | K6: 0
A7: IUT Laon | B7: 2 rue Pierre Curie | C7: 02000 | D7: Laon | E7: IUTL | F7: 748.25 | G7: 0 | H7: 0 | I7: FT_CE2O_20M-ZA | J7: 41275 | K7: 0
A8: IUT Saint Quentin | B8: 48 rue d'Ostende | C8: 02100 | D8: Saint-Quentin | E8: IUTSQ | F8: 748.25 | G8: 0 | H8: 0 | I8: FT_CE2O_20M-ZA | J8: 41275 | K8: 0
A9: Lycée Henri Martin | B9: 1 rue Gabriel Girodon | C9: 02100 | D9: Saint-Quentin | E9: Martin_SQ | F9: 748.25 | G9: 0 | H9: 0 | I9: FT_CE2O_20M-ZA | J9: 41275 | K9: 0
A10: Lycée Pierre Méchain | B10: 19 rue Lèo Lagrange | C10: 02000 | D10: Laon | E10: Mechain_Laon | F10: 748.25 | G10: 0 | H10: 0 | I10: FT_CE2O_20M-ZA | J10: 41275 | K10: 0
A11: Lycée Léonard de Vinci | B11: 1 espace Jean Guerland | C11: 02200 | D11: Soissons | E11: Vinci_Soissons | F11: 748.25 | G11: 0 | H11: 0 | I11: FT_CE2O_20M-ZA | J11: 41275 | K11: 0
A12: Lycée Professionnel de l'Acheuléen | B12: 21 rue du 31 août 1944 | C12: 80000 | D12: Amiens | E12: Acheuleen_Amiens | F12: 370.75 | G12: 0 | H12: 0 | I12: SMSN_FO_20M | J12: 41275 | K12: 0
A13: INTERFOR SIA Amiens | B13: 2 rue du vadé | C13: 80000 | D13: Amiens | E13: CFA_INTERFOR_Amiens | F13: 370.75 | G13: 0 | H13: 0 | I13: SMSN_FO_20M | J13: 41275 | K13: 0
... A22: Lycée Louis Thuillier | B22: 70 boulevard de Saint Quentin | C22: 80000 | D22: Amiens | E22: Thuillier_Amiens | F22: 398 | G22: 0 | H22: 0 | I22: SMSN_FO_40M | J22: 41275 | K22: 0
F23: =SUM(F2:F22) -> 12465.5
C24: Pour commande BP 2012 TTC --> | F24: =F23*2*1.196 -> 29817.476
E27: reste de l'année | F27: =F23*1.196*10 -> 149087.38

Sheet 01-02-2013
A1: Nom du site | B1: Adresse | C1: CP | D1: Ville | E1: Clé site | F1: Abonnement mensuel € HT | G1: Option Interface Ethernet € HT | H1: Frais de mise en service € HT | I1: Référence catalogue Obiane | J1: Mise en service | K1: Frais de Desaturation € HT | L1: NDI | M1: Contact
A2: IRFFE CFA des travailleurs sociaux | B2: 12 rue des Deux Ponts | C2: 80000 | D2: Amiens | E2: CFA_IRFFE_Amiens | F2: 51.75 | G2: 0 | H2: 263.75 | I2: SMSN_ADSLMax | J2: 41306 | K2: 0 | L2: =VLOOKUP(A2,#REF!,5,0) -> #REF! | M2: =VLOOKUP(A2,'PRIX LOT1'!A:I,5,0) -> #N/A
A3: MFR Flixecourt | B3: 28 rue Courbet | C3: 80420 | D3: Flixecourt | E3: MFR_Flixecourt | F3: 55.88 | G3: 0 | H3: 375 | I3: FT_SDSLBis_2M_1p_C2 | J3: 41306 | K3: 0 | L3: =VLOOKUP(A3,#REF!,5,0) -> #REF! | M3: =VLOOKUP(A3,'PRIX LOT1'!A:I,5,0) -> #N/A
A4: Collège Charles de Foucauld | B4: 42 rue de boulan | C4: 80300 | D4: Albert | E4: Foucauld_Albert | F4: 51.13 | G4: 0 | H4: 375 | I4: FT_SDSLBis_2M_1p_C1 | J4: 41306 | K4: 0 | L4: =VLOOKUP(A4,#REF!,5,0) -> #REF! | M4: =VLOOKUP(A4,'PRIX LOT1'!A:I,5,0) -> #N/A
A5: Collège La Salle | B5: 6 rue du cange | C5: 80000 | D5: Amiens | E5: Salle_Amiens | F5: 51.75 | G5: 0 | H5: 263.75 | I5: SMSN_ADSLMax | J5: 41306 | K5: 0 | L5: =VLOOKUP(A5,#REF!,5,0) -> #REF! | M5: =VLOOKUP(A5,'PRIX LOT1'!A:I,5,0) -> #N/A
A6: Lycée Robert Schumann | B6: 10 route d'Ugny | C6: 02300 | D6: Chauny | E6: Schumann_Chauny | F6: 47.5 | G6: 0 | H6: 475 | I6: FT_ADSL_2M_C1 | J6: 41306 | K6: 0 | L6: =VLOOKUP(A6,#REF!,5,0) -> #REF! | M6: =VLOOKUP(A6,'PRIX LOT1'!A:I,5,0) -> #N/A
A7: Collège Notre Dame Flixecourt | B7: 28 rue Gambetta | C7: 80420 | D7: Flixecourt | E7: NotreDame_Flixecourt | F7: 55.88 | G7: 0 | H7: 375 | I7: FT_SDSLBis_2M_1p_C2 | J7: 41306 | K7: 0 | L7: =VLOOKUP(A7,#REF!,5,0) -> #REF! | M7: =VLOOKUP(A7,'PRIX LOT1'!A:I,5,0) -> #N/A
A8: Collège Sainte Clotilde | B8: 18 rue Emile Zola | C8: 80000 | D8: Amiens | E8: SteClotilde_Amiens | F8: 51.75 | G8: 0 | H8: 263.75 | I8: SMSN_ADSLMax | J8: 41306 | K8: 0 | L8: =VLOOKUP(A8,#REF!,5,0) -> #REF! | M8: =VLOOKUP(A8,'PRIX LOT1'!A:I,5,0) -> #N/A
A9: Collège Notre Dame Ham | B9: 10 rue notre Dame | C9: 80400 | D9: Ham | E9: NotreDame_Ham | F9: 51.13 | G9: 0 | H9: 375 | I9: FT_SDSLBis_2M_1p_C1 | J9: 41306 | K9: 0 | L9: =VLOOKUP(A9,#REF!,5,0) -> #REF! | M9: =VLOOKUP(A9,'PRIX LOT1'!A:I,5,0) -> #N/A
A10: Collège Sainte Famille | B10: 22 rue Charles de Foucauld | C10: 80000 | D10: Amiens | E10: SteFamilleC2_Amiens | F10: 51.75 | G10: 0 | H10: 263.75 | I10: SMSN_ADSLMax | J10: 41306 | K10: 0 | L10: =VLOOKUP(A10,#REF!,5,0) -> #REF! | M10: =VLOOKUP(A10,'PRIX LOT1'!A:I,5,0) -> #N/A
A11: Collège St Vincent | B11: 5 rue Charles Mangot | C11: 80500 | D11: Montdidier | E11: StVincent_Montdidier | F11: 51.13 | G11: 0 | H11: 375 | I11: FT_SDSLBis_2M_1p_C1 | J11: 41306 | K11: 0 | L11: =VLOOKUP(A11,#REF!,5,0) -> #REF! | M11: =VLOOKUP(A11,'PRIX LOT1'!A:I,5,0) -> #N/A
A12: MFREO Clairfontaine | B12: 1 lieu dit Beauregard | C12: 02260 | D12: Clairfontaine | E12: MFREO_Clairfontaine | F12: 76 | G12: 0 | H12: 475 | I12: FT_SDSL_2M_1p_C2 | J12: 41306 | K12: 0 | L12: =VLOOKUP(A12,#REF!,5,0) -> #REF! | M12: =VLOOKUP(A12,'PRIX LOT1'!A:I,5,0) -> #N/A
A13: Routeur de test Christophe Lucas | B13: #N/A | C13: #N/A | D13: DURY | E13: CHRISTOPHE | F13: 51.75 | G13: 0 | H13: 263.75 | I13: SMSN_ADSLMax | J13: 41306 | K13: 0 | L13: =VLOOKUP(A13,#REF!,5,0) -> #REF! | M13: =VLOOKUP(A13,'PRIX LOT1'!A:I,5,0) -> #N/A
A14: MFR Songeons | B14: 5 place du général de Gaulle | C14: 60380 | D14: Songeons | E14: MFR_Songeons | F14: 55.88 | G14: 0 | H14: 375 | I14: FT_SDSLBis_2M_1p_C2 | J14: 41306 | K14: 0 | L14: =VLOOKUP(A14,#REF!,5,0) -> #REF! | M14: =VLOOKUP(A14,'PRIX LOT1'!A:I,5,0) -> #N/A
A15: Conseil Régional (61 Mail Albert 1er) | B15: 61 mail Albert 1er | C15: 80000 | D15: Amiens | E15: CRP_61Mail | F15: 51.13 | G15: 31.25 | H15: 375 | I15: FT_SDSLBis_2M_1p_C1 | J15: 41306 | K15: 0 | L15: =VLOOKUP(A15,#REF!,5,0) -> #REF! | M15: =VLOOKUP(A15,'PRIX LOT1'!A:I,5,0) -> #N/A
A16: CRP Service Infrastructures Numériques SDSL | B16: 27-29 boulevard Maignan Larivière | C16: 80000 | D16: Amiens | E16: NTIC_SDSL | F16: 51.13 | G16: 0 | H16: 375 | I16: FT_SDSLBis_2M_1p_C1 | J16: 41306 | K16: 0 | L16: =VLOOKUP(A16,#REF!,5,0) -> #REF! | M16: =VLOOKUP(A16,'PRIX LOT1'!A:I,5,0) -> #N/A
A17: CRP - DESR | B17: 2 Route de Paris | C17: 80000 | D17: Amiens | E17: CRP_DESR | F17: 51.13 | G17: 31.25 | H17: 375 | I17: FT_SDSLBis_2M_1p_C1 | J17: 41306 | K17: 0 | L17: =VLOOKUP(A17,#REF!,5,0) -> #REF! | M17: =VLOOKUP(A17,'PRIX LOT1'!A:I,5,0) -> #N/A
A18: CETMEF | B18: 2 boulevard Gambetta | C18: 60200 | D18: Compiègne | E18: CETMEF | F18: 140.13 | G18: 31.25 | H18: 815 | I18: FT_SDSLBis_8M_4p_C1 | J18: 41306 | K18: 0 | L18: =VLOOKUP(A18,#REF!,5,0) -> #REF! | M18: =VLOOKUP(A18,'PRIX LOT1'!A:I,5,0) -> #N/A
A19: Collège Jean Rostand | B19: 1, avenue de Blanchard | C19: 02400 | D19: Château-Thierry | E19: Rostand_ChThierry | F19: 116 | G19: 27.63 | H19: 562.5 | I19: FT_SDSL_4M_4p_C1 | J19: 41306 | K19: 0 | L19: =VLOOKUP(A19,#REF!,5,0) -> #REF! | M19: =VLOOKUP(A19,'PRIX LOT1'!A:I,5,0) -> #N/A
A20: Conseil Régional | B20: Bd Vauban | C20: 80100 | D20: Abbeville | E20: CRP_Abbeville | F20: 140.13 | G20: 31.25 | H20: 815 | I20: FT_SDSLBis_8M_4p_C1 | J20: 41306 | K20: 0 | L20: =VLOOKUP(A20,#REF!,5,0) -> #REF! | M20: =VLOOKUP(A20,'PRIX LOT1'!A:I,5,0) -> #N/A
A21: Lycée Jean Calvin/Charles de Bovelles | B21: cité scolaire | C21: 60400 | D21: Noyon | E21: Calvin_Noyon | F21: 140.13 | G21: 31.25 | H21: 815 | I21: FT_SDSLBis_8M_4p_C1 | J21: 41306 | K21: 0 | L21: =VLOOKUP(A21,#REF!,5,0) -> #REF! | M21: =VLOOKUP(A21,'PRIX LOT1'!A:I,5,0) -> #N/A
A22: Lycée Paul Langevin | B22: 3 avenue Montaigne | C22: 60000 | D22: Beauvais | E22: Langevin_Beauvais | F22: 157.38 | G22: 27.63 | H22: 814.6 | I22: FT_SDSL_8M_4p_C1 | J22: 41306 | K22: 0 | L22: =VLOOKUP(A22,#REF!,5,0) -> #REF! | M22: =VLOOKUP(A22,'PRIX LOT1'!A:I,5,0) -> #N/A
A23: Lycée Paul Langevin | B23: 3 avenue Montaigne | C23: 60000 | D23: Beauvais | E23: Langevin_Beauvais_R2 | F23: 157.38 | G23: 27.63 | H23: 814.6 | I23: FT_SDSL_8M_4p_C1 | J23: 41306 | K23: 0 | L23: =VLOOKUP(A23,#REF!,5,0) -> #REF! | M23: =VLOOKUP(A23,'PRIX LOT1'!A:I,5,0) -> #N/A
A24: Lycée Gérard de Nerval | B24: 14 rue Paul Deviolaine | C24: 02200 | D24: Soissons | E24: Nerval_Soissons | F24: 157.38 | G24: 27.63 | H24: 814.6 | I24: FT_SDSL_8M_4p_C1 | J24: 41306 | K24: 0 | L24: =VLOOKUP(A24,#REF!,5,0) -> #REF! | M24: =VLOOKUP(A24,'PRIX LOT1'!A:I,5,0) -> #N/A
A25: Lycée Colard Noël | B25: 132 avenue de la république | C25: 02100 | D25: Saint-Quentin | E25: Noel_SQ | F25: 157.38 | G25: 27.63 | H25: 814.6 | I25: FT_SDSL_8M_4p_C1 | J25: 41306 | K25: 0 | L25: =VLOOKUP(A25,#REF!,5,0) -> #REF! | M25: =VLOOKUP(A25,'PRIX LOT1'!A:I,5,0) -> #N/A
... A28: Lycée Félix Faure | B28: 31 boulevard de l'assaut | C28: 60000 | D28: Beauvais | E28: Faure_Beauvais | F28: 140.13 | G28: 31.25 | H28: 815 | I28: FT_SDSLBis_8M_4p_C1 | J28: 41306 | K28: 0 | L28: =VLOOKUP(A28,#REF!,5,0) -> #REF! | M28: =VLOOKUP(A28,'PRIX LOT1'!A:I,5,0) -> #N/A
A29: Conseil Régional de Picardie | B29: 75 rue des Jacobins | C29: 80000 | D29: Amiens | E29: CRP_Jacobins | F29: 85.13 | G29: 27.63 | H29: 475 | I29: FT_SDSL_4M_2p_C1 | J29: 41306 | K29: 0 | L29: =VLOOKUP(A29,#REF!,5,0) -> #REF! | M29: =VLOOKUP(A29,'PRIX LOT1'!A:I,5,0) -> #N/A
F30: =SUM(F2:F29) -> 2584.72 | G30: =SUM(G2:G29) -> 412.16 | H30: =SUM(H2:H29) -> 14829.25
F31: =F30*1*1.196 -> 3091.3251 | G31: =G30*1*1.196 -> 492.94336
F33: =F31+G31+H30 -> 18413.518 | H33: ?? H30 est prise en compte en HT et non TTC ??
C35: Pour commande BP 2012 TTC --> | F35: =F30*1.196*11 -> 34004.576
E38: FAS + abo janv et fev (TTC) | F38: =F33+'FAS + désat ! 01-03-2013'!H232+'01-01-2013'!F24 -> 221818.85
E39: total + portes TTC | F39: =F38+30827.84 -> 252646.69

Sheet 01-03-2013
A1: Nom du site | B1: Adresse | C1: CP | D1: Ville | E1: Clé site | F1: Abonnement mensuel € HT | G1: Option Interface Ethernet € HT | H1: Frais de mise en service € HT | I1: Référence catalogue Obiane | J1: Mise en service | K1: Frais de Desaturation € HT | L1: NDI | M1: Contact
A2: CFA des Bâtiments et Travaux Publics de l'Aisne (AFOBAT) | B2: cfa du bâtimentchemin d'Aulnois | C2: 02000 | D2: Laon | E2: CFA_AFOBAT_Laon | F2: 42.63 | G2: 0 | H2: 475 | I2: FT_SDSLBis_1M_1p_C1 | J2: 41334 | K2: 0 | L2: =VLOOKUP(A2,#REF!,5,0) -> #REF! | M2: =VLOOKUP(A2,'PRIX LOT1'!A:I,5,0) -> #N/A
A3: AFPB Oise | B3: 290 impasse de la Croix Verte | C3: 60600 | D3: Agnetz | E3: CFA_AFPB_Agnetz | F3: 42.63 | G3: 0 | H3: 475 | I3: FT_SDSLBis_1M_1p_C1 | J3: 41334 | K3: 0 | L3: =VLOOKUP(A3,#REF!,5,0) -> #REF! | M3: =VLOOKUP(A3,'PRIX LOT1'!A:I,5,0) -> #N/A
A4: CFA Agricole de Laon | B4: 5 rue des Minimes | C4: 02000 | D4: Laon | E4: CFA_Agri_Laon | F4: 54.38 | G4: 0 | H4: 475 | I4: FT_SDSL_1M_2p_C1 | J4: 41334 | K4: 0 | L4: =VLOOKUP(A4,#REF!,5,0) -> #REF! | M4: =VLOOKUP(A4,'PRIX LOT1'!A:I,5,0) -> #N/A
A5: CFA Agricole et Horticole Pierrefonds | B5: Institut Charles Quentin 1 rue Sabatier | C5: 60350 | D5: Pierrefonds | E5: CFA_Agri_Pierrefonds | F5: 54.38 | G5: 0 | H5: 475 | I5: FT_SDSL_1M_2p_C1 | J5: 41334 | K5: 0 | L5: =VLOOKUP(A5,#REF!,5,0) -> #REF! | M5: =VLOOKUP(A5,'PRIX LOT1'!A:I,5,0) -> #N/A
A6: CFA Agricole de Vervins | B6: rue porte des champs | C6: 02140 | D6: Vervins | E6: CFA_Agri_Vervins | F6: 54.38 | G6: 0 | H6: 475 | I6: FT_SDSL_1M_2p_C1 | J6: 41334 | K6: 0 | L6: =VLOOKUP(A6,#REF!,5,0) -> #REF! | M6: =VLOOKUP(A6,'PRIX LOT1'!A:I,5,0) -> #N/A
A7: CFA de la CCI de l'Oise de Nogent-sur-Oise (Antenne) | B7: 230 rue Charles Somasco Prolongée | C7: 60180 | D7: Nogent-sur-Oise | E7: CFA_ChComInd2_Nogent | F7: 54.38 | G7: 0 | H7: 475 | I7: FT_SDSL_1M_2p_C1 | J7: 41334 | K7: 0 | L7: =VLOOKUP(A7,#REF!,5,0) -> #REF! | M7: =VLOOKUP(A7,'PRIX LOT1'!A:I,5,0) -> #N/A
A8: CFA de la CCI de l'Aisne de Laon | B8: 3 rue des minimes | C8: 02000 | D8: Laon | E8: CFA_ChComInd_Laon | F8: 54.38 | G8: 0 | H8: 475 | I8: FT_SDSL_1M_2p_C1 | J8: 41334 | K8: 0 | L8: =VLOOKUP(A8,#REF!,5,0) -> #REF! | M8: =VLOOKUP(A8,'PRIX LOT1'!A:I,5,0) -> #N/A
A9: CFA de la CCI de l'Oise de Nogent-sur-Oise | B9: 6 rue Charles Somasco Prolongée | C9: 60180 | D9: Nogent-sur-Oise | E9: CFA_ChComInd_Nogent | F9: 54.38 | G9: 0 | H9: 475 | I9: FT_SDSL_1M_2p_C1 | J9: 41334 | K9: 0 | L9: =VLOOKUP(A9,#REF!,5,0) -> #REF! | M9: =VLOOKUP(A9,'PRIX LOT1'!A:I,5,0) -> #N/A
A10: CFA Chambre des Métiers de l'Aisne de La-Capelle | B10: 171 avenue du général de Gaulle | C10: 02260 | D10: La Capelle | E10: CFA_ChMetiers_Capelle | F10: 42.63 | G10: 0 | H10: 475 | I10: FT_SDSLBis_1M_1p_C1 | J10: 41334 | K10: 0 | L10: =VLOOKUP(A10,#REF!,5,0) -> #REF! | M10: =VLOOKUP(A10,'PRIX LOT1'!A:I,5,0) -> #N/A
A11: CFA Chambre des Métiers de l'Aisne de Château-Thierry | B11: 1 passage brise beches | C11: 02400 | D11: Château-Thierry | E11: CFA_ChMetiers_ChThierry | F11: 42.63 | G11: 0 | H11: 475 | I11: FT_SDSLBis_1M_1p_C1 | J11: 41334 | K11: 0 | L11: =VLOOKUP(A11,#REF!,5,0) -> #REF! | M11: =VLOOKUP(A11,'PRIX LOT1'!A:I,5,0) -> #N/A
A12: CFA Chambre des Métiers de l'Oise de Compiègne | B12: ZAC de Mercières3 rue Joseph Cugnot | C12: 60200 | D12: Compiègne | E12: CFA_ChMetiers_Compiegne | F12: 54.38 | G12: 0 | H12: 475 | I12: FT_SDSL_1M_2p_C1 | J12: 41334 | K12: 0 | L12: =VLOOKUP(A12,#REF!,5,0) -> #REF! | M12: =VLOOKUP(A12,'PRIX LOT1'!A:I,5,0) -> #N/A
A13: CFA Chambre des Métiers de l'Aisne de Laon | B13: 30 rue d'enfer | C13: 02000 | D13: Laon | E13: CFA_ChMetiers_Laon | F13: 42.63 | G13: 0 | H13: 475 | I13: FT_SDSLBis_1M_1p_C1 | J13: 41334 | K13: 0 | L13: =VLOOKUP(A13,#REF!,5,0) -> #REF! | M13: =VLOOKUP(A13,'PRIX LOT1'!A:I,5,0) -> #N/A
... A64: Inspection Académique Aisne | B64: inspection académique de l'Aisne cité administrative | C64: 02000 | D64: Laon | E64: IA_Aisne | F64: 64.63 | G64: 31.25 | H64: 475 | I64: FT_SDSLBis_2M_2p_C1 | J64: 41334 | K64: 0 | L64: =VLOOKUP(A64,#REF!,5,0) -> #REF! | M64: =VLOOKUP(A64,'PRIX LOT1'!A:I,5,0) -> #N/A
A65: Collège Victor Hugo | B65: 5 r André Ternynck | C65: 02300 | D65: Chauny | F65: 110.38 | G65: 31.25 | H65: 562.5 | I65: FT_SDSLBis_4M_4p_C1 | J65: 41334 | K65: 0 | L65: =VLOOKUP(A65,#REF!,5,0) -> #REF! | M65: =VLOOKUP(A65,'PRIX LOT1'!A:I,5,0) -> #N/A
A66: Lycée du Vimeu | B66: 3 rue Denis Papin | C66: 80130 | D66: Friville-Escarbotin | E66: Vimeu_FrivilEscarb | F66: 110.38 | G66: 31.25 | H66: 562.5 | I66: FT_SDSLBis_4M_4p_C1 | J66: 41334 | K66: 0 | L66: =VLOOKUP(A66,#REF!,5,0) -> #REF! | M66: =VLOOKUP(A66,'PRIX LOT1'!A:I,5,0) -> #N/A
A67: Lycée du Vimeu | B67: 3 rue Denis Papin | C67: 80130 | D67: Friville-Escarbotin | E67: Vimeu_FrivilEscarb_R2 | F67: 110.38 | G67: 31.25 | H67: 562.5 | I67: FT_SDSLBis_4M_4p_C1 | J67: 41334 | K67: 0 | L67: =VLOOKUP(A67,#REF!,5,0) -> #REF! | M67: =VLOOKUP(A67,'PRIX LOT1'!A:I,5,0) -> #N/A
A68: CRP Terrière | B68: 175 rue de la Terrière | C68: 80000 | D68: Amiens | E68: CRP_Terriere | F68: 116 | G68: 27.63 | H68: 562.5 | I68: FT_SDSL_4M_4p_C1 | J68: 41334 | K68: 0 | L68: =VLOOKUP(A68,#REF!,5,0) -> #REF! | M68: =VLOOKUP(A68,'PRIX LOT1'!A:I,5,0) -> #N/A
A69: Collège Victor Hugo | B69: 5 r André Ternynck | C69: 02300 | D69: Chauny | E69: Hugo_Chauny | F69: 110.38 | G69: 31.25 | H69: 562.5 | I69: FT_SDSLBis_4M_4p_C1 | J69: 41334 | K69: 0 | L69: =VLOOKUP(A69,#REF!,5,0) -> #REF! | M69: =VLOOKUP(A69,'PRIX LOT1'!A:I,5,0) -> #N/A
A70: Lycée Roberval | B70: 10 rue des grez | C70: 60600 | D70: Breuil-le-Vert | E70: Roberval_BreuilVert | F70: 110.38 | G70: 31.25 | H70: 562.5 | I70: FT_SDSLBis_4M_4p_C1 | J70: 41334 | K70: 0 | L70: =VLOOKUP(A70,#REF!,5,0) -> #REF! | M70: =VLOOKUP(A70,'PRIX LOT1'!A:I,5,0) -> #N/A
A71: Lycée Roberval | B71: 10 rue des grez | C71: 60600 | D71: Breuil-le-Vert | E71: Roberval_BreuilVert_R2 | F71: 110.38 | G71: 31.25 | H71: 562.5 | I71: FT_SDSLBis_4M_4p_C1 | J71: 41334 | K71: 0 | L71: =VLOOKUP(A71,#REF!,5,0) -> #REF! | M71: =VLOOKUP(A71,'PRIX LOT1'!A:I,5,0) -> #N/A
F72: =SUM(F2:F71) -> 8751.12 | G72: =SUM(G2:G71) -> 759.53 | H72: =SUM(H2:H71) -> 41751.7 | K72: =SUM(K2:K71) -> 1208
F73: =F72*10*1.196 -> 104663.4 | G73: =G72*11*1.196 -> 9992.3767 | K73: =K72*1.196 -> 1444.768
F75: =F73+G73+K73 -> 116100.54

Sheet 01-04-2013
A1: Nom du site | B1: Adresse | C1: CP | D1: Ville | E1: Clé site | F1: Abonnement mensuel € HT | G1: Option Interface Ethernet € HT | H1: Frais de mise en service € HT | I1: Référence catalogue Obiane | J1: Mise en service | K1: Frais de Desaturation € HT
A2: CFA Agricole de Chauny | B2: 10 route d'Ugny | C2: 02300 | D2: Chauny | E2: CFA_Agri_Chauny | F2: 95.5 | G2: 0 | H2: 562.5 | I2: FT_SDSLBis_2M_4p_C1 | J2: 41365 | K2: 0
A3: CFA Agricole de Verdilly | B3: 4 avenue Euphrasie Guynemer | C3: 02400 | D3: Verdilly | E3: CFA_Agri_Verdilly | F3: 95.5 | G3: 0 | H3: 562.5 | I3: FT_SDSLBis_2M_4p_C1 | J3: 41365 | K3: 1208
A4: Mission Régionale | B4: 3 Avenue Jules UHRY | C4: 60100 | D4: Creil | E4: MR_Creil | F4: 85.13 | G4: 27.63 | H4: 475 | I4: FT_SDSL_4M_2p_C1 | J4: 41365 | K4: 0
A5: Collège Les Frères Le Nain | B5: 3 place Saint Martin | C5: 02000 | D5: Laon | E5: Lenain_Laon | F5: 77.5 | G5: 31.25 | H5: 475 | I5: FT_SDSLBis_4M_2p_C1 | J5: 41365 | K5: 1043
A6: Collège Jean Mermoz Laon | B6: rue du 2ème régiment des dragons | C6: 02000 | D6: Laon | E6: Mermoz_Laon | F6: 77.5 | G6: 31.25 | H6: 475 | I6: FT_SDSLBis_4M_2p_C1 | J6: 41365 | K6: 0
A7: CFAI Aisne AFIDA Billy-sur-Aisne | B7: route de Reims | C7: 02200 | D7: Soissons | E7: CFA_AFIDA_Soissons | F7: 56.13 | G7: 0 | H7: 475 | I7: FT_SDSLBis_1M_2p_C1 | J7: 41365 | K7: 0
A8: CFA des Bâtiments et Travaux Publics de la Somme d'Amiens (AFOBAT) | B8: 17-19 rue Pierre Rollin | C8: 80000 | D8: Amiens | E8: CFA_AFOBAT_Amiens | F8: 51.75 | G8: 0 | H8: 263.75 | I8: SMSN_ADSLMax | J8: 41365 | K8: 0
A9: Collège Charlemagne | B9: 171, rue Léon Blum | C9: 02011 | D9: Laon | E9: Charlemagne_Laon | F9: 140.13 | G9: 31.25 | H9: 815 | I9: FT_SDSLBis_8M_4p_C1 | J9: 41365 | K9: 1208
A10: Collège Pierre de la Ramée | B10: 2 rue de Metz | C10: 02100 | D10: Saint-Quentin | E10: RameeC_SQ | F10: 187.75 | G10: 31.25 | H10: 815 | I10: FT_SDSLBis_12M_4p_C1 | J10: 41365 | K10: 1208
A11: Collège Gabriel Hanotaux | B11: 80 rue Henriette Cabot | C11: 02100 | D11: Saint-Quentin | E11: Hanotaux_SQ | F11: 116 | G11: 27.63 | H11: 562.5 | I11: FT_SDSL_4M_4p_C1 | J11: 41365 | K11: 1208
A12: MFREO du Vimeu | B12: 2 rue du 8 mai 1945 | C12: 80520 | D12: Yzengremer | E12: MFREO_Yzengremer | F12: 64.63 | G12: 0 | H12: 475 | I12: FT_SDSLBis_2M_2p_C1 | J12: 41365 | K12: 1043
A13: Collège Jeanne d'Arc Roye | B13: 11 boulevard de l'est | C13: 80700 | D13: Roye | E13: JeanneArc_Roye | F13: 51.13 | G13: 0 | H13: 375 | I13: FT_SDSLBis_2M_1p_C1 | J13: 41365 | K13: 833
... A60: Mission Régionale Compiègne | B60: 3 rue de l'anthemis | C60: 60200 | D60: Compiègne | E60: MR_Compiegne | F60: 77.5 | G60: 31.25 | H60: 475 | I60: FT_SDSLBis_4M_2p_C1 | J60: 41365 | K60: 0
A61: Collège Gérard Philipe | B61: 3, espace Jean Guerland | C61: 02331 | D61: Soissons | F61: 110.38 | G61: 31.25 | H61: 562.5 | I61: FT_SDSLBis_4M_4p_C1 | J61: 41365 | K61: 0
A62: Collège Gérard Philipe | B62: 3, espace Jean Guerland | C62: 02331 | D62: Soissons | E62: Philipe_Soissons | F62: 110.38 | G62: 31.25 | H62: 562.5 | I62: FT_SDSLBis_4M_4p_C1 | J62: 41365 | K62: 0
A63: Mission Régionale Noyon | B63: 32 rue Saint Eloi | C63: 60400 | D63: Noyon | E63: MR_Noyon | F63: 77.5 | G63: 31.25 | H63: 475 | I63: FT_SDSLBis_4M_2p_C1 | J63: 41365 | K63: 0
A64: Mission Régionale Senlis | B64: 12 rue Villevert | C64: 60300 | D64: Senlis | E64: MR_Senlis | F64: 77.5 | G64: 31.25 | H64: 475 | I64: FT_SDSLBis_4M_2p_C1 | J64: 41365 | K64: 0
A65: Mission Régionale Pays du Soissonais | B65: 17 rue de Villeneuve | C65: 02200 | D65: Soissons | E65: MR_Soissons | F65: 77.5 | G65: 31.25 | H65: 475 | I65: FT_SDSLBis_4M_2p_C1 | J65: 41365 | K65: 0
A66: IUFM Laon | B66: avenue de la république | C66: 02000 | D66: Laon | E66: IUFML | F66: 110.38 | G66: 31.25 | H66: 562.5 | I66: FT_SDSLBis_4M_4p_C1 | J66: 41365 | K66: 0
A67: INRA | B67: Rue Pierre Gilles de Gennes | C67: 02000 | D67: Estrées Mons | E67: INRA_EstreesMons | F67: 196.75 | G67: 27.63 | H67: 814.6 | I67: FT_SDSL_8M_4p_C2 | J67: 41365 | K67: 0
A68: Collège Paul Eluard | B68: 1 rue Gérard Philipe | C68: 02430 | D68: Gauchy | E68: Eluard_Gauchy | F68: 110.38 | G68: 31.25 | H68: 475 | I68: FT_SDSLBis_4M_4p_C1 | J68: 41365 | K68: 0
A69: Lycée Françoise Dolto | B69: 4 avenue des lilas | C69: 02120 | D69: Guise | E69: Dolto_Guise | F69: 157.38 | G69: 27.63 | H69: 814.6 | I69: FT_SDSL_8M_4p_C1 | J69: 41365 | K69: 1208
A70: Collège Joliot Curie Mers-les-Bains | B70: rue du général de Gaulle | C70: 80350 | D70: Mers-les-Bains | E70: Curie_Mers | F70: 90 | G70: 0 | H70: 562.5 | I70: FT_SDSLBis_1M_4p_C2 | J70: 41365 | K70: 1208
A71: Collège Eugène Lefebvre | B71: boulevard Camille Roland | C71: 80800 | D71: Corbie | E71: Lefebvre_Corbie | F71: 140.13 | G71: 0 | H71: 815 | I71: FT_SDSLBis_8M_4p_C1 | J71: 41365 | K71: 1208
F72: =SUM(F2:F71) -> 9217.28 | G72: =SUM(G2:G71) -> 1140.44 | H72: =SUM(H2:H71) -> 43401.75 | K72: =SUM(K2:K71) -> 56268
F73: =F72*1.196 -> 11023.867 | G73: =G72*1.196 -> 1363.9662 | H73: =H72*1.196 -> 51908.493 | K73: =K72*1.196 -> 67296.528
F74: =F73*9 -> 99214.802 | G74: =G73*9 -> 12275.696
F76: =SUM(F74,G74,K73) -> 178787.03

Sheet 01-05-2013
A1: Nom du site | B1: Adresse | C1: CP | D1: Ville | E1: Clé site | F1: Abonnement mensuel € HT | G1: Option Interface Ethernet € HT | H1: Frais de mise en service € HT | I1: Référence catalogue Obiane | J1: Mise en service | K1: Frais de Desaturation € HT
A2: Lycée agricole de l'Oise Airion | B2: Lycée agricole de l'Oise | C2: 60600 | D2: Airion | E2: LEGTA_Airion | F2: 51 | G2: 0 | H2: 475 | I2: FT_SDSLBis_512K_2p_C1 | J2: 41395 | K2: 0
A3: Lycée agricole de l'Oise Airion | B3: Lycée agricole de l'Oise | C3: 60600 | D3: Airion | E3: LEGTA_Airion_R2 | F3: 51 | G3: 0 | H3: 475 | I3: FT_SDSLBis_512K_2p_C1 | J3: 41395 | K3: 0
A4: Lycée des Jacobins | B4: 2 rue Vincent de Beauvais | C4: 60000 | D4: Beauvais | E4: Jacobins_Beauvais | F4: 213.5 | G4: 31.25 | H4: 1067.4 | I4: FT_SDSLBis_16M_4p_C1 | J4: 41395 | K4: 1208
A5: Lycée Gay Lussac | B5: boulevard Gambetta | C5: 02300 | D5: Chauny | E5: Lussac_Chauny | F5: 213.5 | G5: 31.25 | H5: 1067.4 | I5: FT_SDSLBis_16M_4p_C1 | J5: 41395 | K5: 1208
A6: Collège Anne Franck | B6: rue de champagne | C6: 02100 | D6: Harly | E6: Franck_Harly | F6: 140.13 | G6: 31.25 | H6: 815 | I6: FT_SDSLBis_8M_4p_C1 | J6: 41395 | K6: 1208
A7: Mission Régionale Pays du Grand Laonnois | B7: 20 Boulevard Brossolette | C7: 02000 | D7: Laon | E7: MR_Laon2 | F7: 213.5 | G7: 31.25 | H7: 1067.4 | I7: FT_SDSLBis_16M_4p_C1 | J7: 41395 | K7: 1208
A8: Collège Josquin des Prés | B8: rue de l'industrie | C8: 02110 | D8: Beaurevoir | E8: Josquin_Beaurevoir | F8: 136.25 | G8: 27.63 | H8: 562.5 | I8: FT_SDSL_4M_4p_C2 | J8: 41395 | K8: 1208
A9: Lycée Arthur Rimbaud | B9: 319 rue Aristide Briand | C9: 60170 | D9: Ribécourt-Dreslincourt | E9: Rimbaud_Ribecourt | F9: 213.5 | G9: 31.25 | H9: 1067.4 | I9: FT_SDSLBis_16M_4p_C1 | J9: 41395 | K9: 1208
A10: Lycée Sacré Coeur Amiens | B10: 1 rue de l'oratoire | C10: 80000 | D10: Amiens | E10: SacreCoeur_Amiens | F10: 187.75 | G10: 31.25 | H10: 815 | I10: FT_SDSLBis_12M_4p_C1 | J10: 41395 | K10: 1208
A11: Collège Henri Matisse | B11: 6 rue de la république | C11: 02110 | D11: Bohain-en-Vermandois | E11: Matisse_Bohain | F11: 196.75 | G11: 27.63 | H11: 814.6 | I11: FT_SDSL_8M_4p_C2 | J11: 41395 | K11: 1208
A12: Lycée St Jean et la Croix | B12: 25 rue Antoine Lecuyer | C12: 02100 | D12: Saint-Quentin | E12: StJean_SQ | F12: 187.75 | G12: 31.25 | H12: 815 | I12: FT_SDSLBis_12M_4p_C1 | J12: 41395 | K12: 1208
A13: Lycée André Malraux | B13: 1 place Nelson Mandela | C13: 60160 | D13: Montataire | E13: Malraux_Montataire | F13: 95.5 | G13: 31.25 | H13: 475 | I13: FT_SDSLBis_2M_4p_C1 | J13: 41395 | K13: 1208
... A18: Lycée Condorcet Méru | B18: 1 rue condorcet | C18: 60110 | D18: Méru | E18: Condorcet_Meru | F18: 116 | G18: 27.63 | H18: 562.5 | I18: FT_SDSL_4M_4p_C1 | J18: 41395 | K18: 1208
A19: Collège Jean Mermoz Belleu | B19: rue Léon Blum | C19: 02200 | D19: Belleu | F19: 110.38 | G19: 31.25 | H19: 562.5 | I19: FT_SDSLBis_4M_4p_C1 | J19: 41395 | K19: 1208
A20: Collège Lamartine | B20: avenue du docteur Marchand | C20: 02200 | D20: Soissons | E20: Lamartine_Soissons | F20: 140.13 | G20: 31.25 | H20: 815 | I20: FT_SDSLBis_8M_4p_C1 | J20: 41395 | K20: 1208
A21: Collège Louise Michel | B21: rue Wilfried Lanoiselle | C21: 02200 | D21: Villeneuve-St-Germain | E21: Michel_VilleneuveStGermain | F21: 95.5 | G21: 31.25 | H21: 475 | I21: FT_SDSLBis_2M_4p_C1 | J21: 41395 | K21: 1208
A22: Lycée St Rémi | B22: 4 rue des sergents | C22: 80000 | D22: Amiens | E22: StRemi_Amiens | F22: 187.75 | G22: 31.25 | H22: 815 | I22: FT_SDSLBis_12M_4p_C1 | J22: 41395 | K22: 1208
A23: Collège Louise Michel | B23: rue Wilfried Lanoiselle | C23: 02200 | D23: Villeneuve-St-Germain | E23: Michel_VilleneuveStGermain_R2 | F23: 95.5 | G23: 31.25 | H23: 475 | I23: FT_SDSLBis_2M_4p_C1 | J23: 41395 | K23: 1208
A24: Collège Jean Mermoz Belleu | B24: rue Léon Blum | C24: 02200 | D24: Belleu | E24: Mermoz_Belleu | F24: 95.5 | G24: 31.25 | H24: 562.5 | I24: FT_SDSLBis_4M_4p_C1 | J24: 41395 | K24: 1208
A25: Collège Pierre et Marie Curie Braine | B25: 35 route de Brenelle | C25: 02220 | D25: Braine | E25: Curie_Braine | F25: 151.25 | G25: 31.25 | H25: 815 | I25: FT_SDSLBis_8M_4p_C2 | J25: 41395 | K25: 1208
A26: EREA Crévecoeur-le-Grand | B26: 4 rue Fournier | C26: 60360 | D26: Crevecoeur-le-Grand | E26: EREA_Crevecoeur | F26: 196.75 | G26: 27.63 | H26: 814.6 | I26: FT_SDSL_8M_4p_C2 | J26: 41395 | K26: 1208
A27: Lycée Jules Verne Château-Thierry | B27: 23 rue des chesneaux | C27: 02400 | D27: Château-Thierry | E27: Verne_ChThierry | F27: 213.5 | G27: 31.25 | H27: 1067.4 | I27: FT_SDSLBis_16M_4p_C1 | J27: 41395 | K27: 1208
A28: Collège Notre Dame de France | B28: 8 place du Saint Sépulcre | C28: 80100 | D28: Abbeville | E28: NotreDameFr_Abbeville | F28: 187.75 | G28: 31.25 | H28: 815 | I28: FT_SDSLBis_12M_4p_C1 | J28: 41395 | K28: 1208
A29: Conseil Général de l'Aisne | B29: rue Paul Doumer | C29: 02000 | D29: Laon | E29: CG02 | F29: 116 | G29: 27.63 | H29: 562.5 | I29: FT_SDSL_4M_4p_C1 | J29: 41395 | K29: 1208
A30: Collège Antoine-Nicolas de Condorcet | B30: 67 rue Blondel | C30: 02240 | D30: Ribemont | E30: Condorcet_Ribemont | F30: 196.75 | G30: 27.63 | H30: 814.6 | I30: FT_SDSL_8M_4p_C2 | J30: 41395 | K30: 1208
A31: Collège La Capelle | B31: 25 rue Edouard Mambourg | C31: 02260 | D31: La Capelle | E31: College_Capelle | F31: 151.25 | G31: 31.25 | H31: 815 | I31: FT_SDSLBis_8M_4p_C2 | J31: 41395 | K31: 1208
... A71: Collège Maurice Wajsfelner | B71: rue du Marais | C71: 02880 | D71: Cuffies | E71: Wajsfelner_Cuffies | F71: 110.38 | G71: 31.25 | H71: 562.5 | I71: FT_SDSLBis_4M_4p_C1 | J71: 41395 | K71: 1208
A72: Collège Joliot Curie Mers-les-Bains | B72: rue du général de Gaulle | C72: 80350 | D72: Mers-les-Bains | F72: 90 | G72: 0 | H72: 562.5 | I72: FT_SDSLBis_1M_4p_C2 | J72: 41395 | K72: 1208
A73: Lycée Pierre de la Ramée | B73: 1 rue Jules Siegfried | C73: 02100 | D73: Saint-Quentin | E73: Ramee_SQ | F73: 140.13 | G73: 31.25 | H73: 815 | I73: FT_SDSLBis_8M_4p_C1 | J73: 41395 | K73: 1208
A74: Rectorat Amiens | B74: 20 boulevard d'Alsace lorraine | C74: 80000 | D74: Amiens | E74: Rectorat_Secours | F74: 140.13 | G74: 31.25 | H74: 815 | I74: FT_SDSLBis_8M_4p_C1 | J74: 41395 | K74: 1208
A75: Lycée Jean Rostand | B75: place Georges Paquier | C75: 60500 | D75: Chantilly | E75: Rostand_Chantilly | F75: 140.13 | G75: 31.25 | H75: 815 | I75: FT_SDSLBis_8M_4p_C1 | J75: 41395 | K75: 1208
A76: Lycée Saint-Pierre | B76: 24 place Clémenceau | C76: 80100 | D76: Abbeville | E76: StPierre_Abbeville | F76: 187.75 | G76: 31.25 | H76: 815 | I76: FT_SDSLBis_12M_4p_C1 | J76: 41395 | K76: 1208
A77: Lycée François Truffaud | B77: 4 rue de Pontoise | C77: 60000 | D77: Beauvais | E77: Truffaud_Beauvais | F77: 157.38 | G77: 27.63 | H77: 814.6 | I77: FT_SDSL_8M_4p_C1 | J77: 41395 | K77: 1208
A78: Parc de Matériels Scéniques et d'Exposition | C78: 80330 | D78: Cagny | E78: PMSE_Cagny | F78: 140.13 | G78: 31.25 | H78: 815 | I78: FT_SDSLBis_8M_4p_C1 | J78: 41395 | K78: 1208
A79: Parc de Matériels Scéniques et d'Exposition | C79: 80600 | D79: Clermont | E79: PMSE_Clermont | F79: 140.13 | G79: 31.25 | H79: 815 | I79: FT_SDSLBis_8M_4p_C1 | J79: 41395 | K79: 1208
A80: Parc de Matériels Scéniques et d'Exposition | C80: 2000 | D80: Laon | E80: PMSE_Laon | F80: 140.13 | G80: 31.25 | H80: 815 | I80: FT_SDSLBis_8M_4p_C1 | J80: 41395 | K80: 1208
A81: Sup de Co Amiens | B81: 18 place Saint Michel | C81: 80000 | D81: Amiens | F81: 566 | H81: 5504.92 | I81: SMSN_FO_100M | J81: 41395 | K81: 0
A82: Rectorat Amiens | B82: 20 boulevard d'Alsace lorraine | C82: 80000 | D82: Amiens | F82: 566 | H82: 5504.92 | I82: SMSN_FO_100M | J82: 41395 | K82: 0
F83: =SUM(F2:F82) -> 12906.9 | G83: =SUM(G2:G82) -> 2256.87 | H83: =SUM(H2:H82) -> 69121.74 | K83: =SUM(K2:K82) -> 93016
F84: =F83*1.196 -> 15436.652 | G84: =G83*1.196 -> 2699.2165 | H84: =H83*1.196 -> 82669.601 | K84: =K83*1.196 -> 111247.14
F85: =F84*9 -> 138929.87 | G85: =G84*9 -> 24292.949
F87: =SUM(F85,G85,K84) -> 274469.96

Sheet 01-06-2013
A1: Nom du site | B1: Adresse | C1: CP | D1: Ville | E1: Clé site | F1: Abonnement mensuel € HT | G1: Option Interface Ethernet € HT | H1: Frais de mise en service € HT | I1: Référence catalogue Obiane | J1: Mise en service | K1: Frais de Desaturation € HT
A2: MFREO Beauquesne | B2: 13 rue Alexandre Bouthors | C2: 80600 | D2: Beauquesne | E2: MFREO_Beauquesne | F2: 370.75 | G2: 0 | H2: 0 | I2: SMSN_FO_20M | J2: 41426 | K2: 0
A3: Lycée de l'Authie | B3: 20 rue de Routequeue | C3: 80600 | D3: Doullens | E3: Authie_Doullens | F3: 370.75 | G3: 0 | H3: 0 | I3: SMSN_FO_20M | J3: 41426 | K3: 0
A4: Lycée la Hotoie | B4: 16 rue du bâtonnier Mahiu | C4: 80000 | D4: Amiens | E4: Hotoie_Amiens | F4: 370.75 | G4: 0 | H4: 0 | I4: SMSN_FO_20M | J4: 41426 | K4: 0
A5: Lycée Pierre Mendès France | B5: route de Saint Denis | C5: 80200 | D5: Péronne | E5: MendesFr_Peronne | F5: 370.75 | G5: 0 | H5: 0 | I5: SMSN_FO_20M | J5: 41426 | K5: 0
A6: Lycée Romain Rolland | B6: rue Romain Rolland | C6: 80000 | D6: Amiens | E6: Rolland_Amiens | F6: 370.75 | G6: 0 | H6: 0 | I6: SMSN_FO_20M | J6: 41426 | K6: 0
A7: Lycée Henri Potez | B7: route de bray | C7: 80810 | D7: Méaulte | E7: Potez_Meaulte | F7: 370.75 | G7: 0 | H7: 0 | I7: SMSN_FO_20M | J7: 41426 | K7: 0
F8: =SUM(F2:F7) -> 2224.5
F9: =F8*1.196*7 -> 18623.514

Sheet Titres de recettes
A1: Nom du site | B1: Adresse | C1: CP | D1: Ville | E1: Type de site | F1: N° de liaison actuel | G1: Technologie actuelle | H1: Débit actuel | I1: Clé site | J1: Abonnement mensuel € HT | K1: Option Interface Ethernet € HT | L1: Frais de mise en service € HT | M1: Référence catalogue Obiane | N1: Mise en service | O1: Frais de Desaturation € HT | P1: Correspondant | Q1: Une année Obiane € TTC | S1: Dotation | T1: Δ
A2: Collège Les Frères Le Nain | B2: 3 place Saint Martin | C2: 02000 | D2: Laon | E2: CPu | F2: 0015FER3 | G2: SDSL | H2: 4c1000S | I2: Lenain_Laon | J2: 77.5 | K2: 31.25 | L2: 475 | M2: FT_SDSLBis_4M_2p_C1 | N2: 41365 | O2: 1043 | P2: CG02 | Q2: =(J2*12*1.196)+(K2*12*1.196)+(L2*1.196) -> 2128.88 | S2: 4700 | T2: =S2-Q2 -> 2571.12
A3: Collège Jean Mermoz Laon | B3: rue du 2ème régiment des dragons | C3: 02000 | D3: Laon | E3: CPu | F3: 0015EDW2 | G3: SDSL | H3: 4c1000S | I3: Mermoz_Laon | J3: 77.5 | K3: 31.25 | L3: 475 | M3: FT_SDSLBis_4M_2p_C1 | N3: 41365 | O3: 0 | P3: CG02 | Q3: =(J3*12*1.196)+(K3*12*1.196)+(L3*1.196) -> 2128.88 | S3: 4700 | T3: =S3-Q3 -> 2571.12
A4: Collège Charlemagne | B4: 171, rue Léon Blum | C4: 02011 | D4: Laon | E4: CPu | F4: 0023CFV4 | G4: SDSL_4p | H4: 8c1000S | I4: Charlemagne_Laon | J4: 140.13 | K4: 31.25 | L4: 815 | M4: FT_SDSLBis_8M_4p_C1 | N4: 41365 | O4: 1208 | P4: CG02 | Q4: =(J4*12*1.196)+(K4*12*1.196)+(L4*1.196) -> 3434.3858 | S4: 4700 | T4: =S4-Q4 -> 1265.6142
A5: Collège Pierre de la Ramée | B5: 2 rue de Metz | C5: 02100 | D5: Saint-Quentin | E5: CPu | F5: 0021RRY1 | G5: SDSL_4p | H5: 8c1000S | I5: RameeC_SQ | J5: 187.75 | K5: 31.25 | L5: 815 | M5: FT_SDSLBis_12M_4p_C1 | N5: 41365 | O5: 1208 | P5: CG02 | Q5: =(J5*12*1.196)+(K5*12*1.196)+(L5*1.196) -> 4117.828 | S5: 4700 | T5: =S5-Q5 -> 582.172
A6: Collège Gabriel Hanotaux | B6: 80 rue Henriette Cabot | C6: 02100 | D6: Saint-Quentin | E6: CPu | F6: 0015DSV7 | G6: SDSL | H6: 4c1000S | I6: Hanotaux_SQ | J6: 116 | K6: 27.63 | L6: 562.5 | M6: FT_SDSL_4M_4p_C1 | N6: 41365 | O6: 1208 | P6: CG02 | Q6: =(J6*12*1.196)+(K6*12*1.196)+(L6*1.196) -> 2734.1278 | S6: 4700 | T6: =S6-Q6 -> 1965.8722
A7: Collège Marthe Lefèvre | B7: avenue Pierre Choquart | C7: 02100 | D7: Saint-Quentin | E7: CPu | F7: 0015ECY4 | G7: SDSL | H7: 4c1000S | I7: Lefevre_SQ | J7: 110.38 | K7: 31.25 | L7: 475 | M7: FT_SDSLBis_4M_4p_C1 | N7: 41365 | O7: 1208 | P7: CG02 | Q7: =(J7*12*1.196)+(K7*12*1.196)+(L7*1.196) -> 2600.7738 | S7: 4700 | T7: =S7-Q7 -> 2099.2262
A8: Collège Jean Moulin | B8: rue Maurice Bellonte | C8: 02100 | D8: Saint-Quentin | E8: CPu | F8: 0015FES4 | G8: SDSL | H8: 4c1000S | I8: Moulin_SQ | J8: 116 | K8: 27.63 | L8: 562.5 | M8: FT_SDSL_4M_4p_C1 | N8: 41365 | O8: 1208 | P8: CG02 | Q8: =(J8*12*1.196)+(K8*12*1.196)+(L8*1.196) -> 2734.1278 | S8: 4700 | T8: =S8-Q8 -> 1965.8722
A9: Collège Montaigne | B9: 12, rue Boileau | C9: 02100 | D9: Saint-Quentin | E9: CPu | F9: 0021VLV6 | G9: SDSL_4p | H9: 8c1000S | I9: Montaigne_SQ | J9: 157.38 | K9: 27.63 | L9: 814.6 | M9: FT_SDSL_8M_4p_C1 | N9: 41365 | O9: 1208 | P9: CG02 | Q9: =(J9*12*1.196)+(K9*12*1.196)+(L9*1.196) -> 3629.5251 | S9: 4700 | T9: =S9-Q9 -> 1070.4749
A10: Collège Anne Franck | B10: rue de champagne | C10: 02100 | D10: Harly | E10: CPu | F10: 0021XXD6 | G10: SDSL_4p | H10: 8c1000S | I10: Franck_Harly | J10: 140.13 | K10: 31.25 | L10: 815 | M10: FT_SDSLBis_8M_4p_C1 | N10: 41395 | O10: 1208 | P10: CG02 | Q10: =(J10*12*1.196)+(K10*12*1.196)+(L10*1.196) -> 3434.3858 | S10: 4700 | T10: =S10-Q10 -> 1265.6142
A11: Collège Josquin des Prés | B11: rue de l'industrie | C11: 02110 | D11: Beaurevoir | E11: CPu | F11: 0015EKH4 | G11: SDSL | H11: 4c1000S | I11: Josquin_Beaurevoir | J11: 136.25 | K11: 27.63 | L11: 562.5 | M11: FT_SDSL_4M_4p_C2 | N11: 41395 | O11: 1208 | P11: CG02 | Q11: =(J11*12*1.196)+(K11*12*1.196)+(L11*1.196) -> 3024.7558 | S11: 4700 | T11: =S11-Q11 -> 1675.2442
A12: Collège Henri Matisse | B12: 6 rue de la république | C12: 02110 | D12: Bohain-en-Vermandois | E12: CPu | F12: 0021VLU9 | G12: SDSL_4p | H12: 8c1000S | I12: Matisse_Bohain | J12: 196.75 | K12: 27.63 | L12: 814.6 | M12: FT_SDSL_8M_4p_C2 | N12: 41395 | O12: 1208 | P12: CG02 | Q12: =(J12*12*1.196)+(K12*12*1.196)+(L12*1.196) -> 4194.5634 | S12: 4700 | T12: =S12-Q12 -> 505.43664
A13: Collège Camille Desmoulins | B13: rue Jules Ferry | C13: 02120 | D13: Guise | E13: CPu | F13: 0015DSV4 | G13: SDSL | H13: 4c1000S | I13: Desmoulins_Guise | J13: 85.13 | K13: 27.63 | L13: 475 | M13: FT_SDSL_4M_2p_C1 | N13: 41334 | O13: 0 | P13: CG02 | Q13: =(J13*12*1.196)+(K13*12*1.196)+(L13*1.196) -> 2186.4315 | S13: 4700 | T13: =S13-Q13 -> 2513.5685
... A19: Collège Alexandre Dumas | B19: rue de Prouvais | C19: 02190 | D19: Guignicourt | E19: CPu | F19: 0021XNN6 | G19: SDSL_4p | H19: 8c1000S | I19: Dumas_Guignicourt | J19: 140.13 | K19: 31.25 | L19: 815 | M19: FT_SDSLBis_8M_4p_C1 | N19: 41334 | O19: 0 | P19: CG02 | Q19: =(J19*12*1.196)+(K19*12*1.196)+(L19*1.196) -> 3434.3858 | S19: 4700 | T19: =S19-Q19 -> 1265.6142
A20: Collège Jean Mermoz Belleu | B20: rue Léon Blum | C20: 02200 | D20: Belleu | E20: CPu | J20: 110.38 | K20: 31.25 | L20: 562.5 | M20: FT_SDSLBis_4M_4p_C1 | N20: 41395 | O20: 1208 | P20: CG02 | Q20: =(J20*12*1.196)+(K20*12*1.196)+(L20*1.196) -> 2705.4238 | S20: 4700 | T20: =S20-Q20 -> 1994.5762
A21: Collège Lamartine | B21: avenue du docteur Marchand | C21: 02200 | D21: Soissons | E21: CPu | F21: 0015DUJ3 | G21: SDSL_4p | H21: 4c1000S | I21: Lamartine_Soissons | J21: 140.13 | K21: 31.25 | L21: 815 | M21: FT_SDSLBis_8M_4p_C1 | N21: 41395 | O21: 1208 | P21: CG02 | Q21: =(J21*12*1.196)+(K21*12*1.196)+(L21*1.196) -> 3434.3858 | S21: 4700 | T21: =S21-Q21 -> 1265.6142
A22: Collège Louise Michel | B22: rue Wilfried Lanoiselle | C22: 02200 | D22: Villeneuve-St-Germain | E22: CPu | F22: 0015EHV4 | G22: SDSL_4p | H22: 2cS | I22: Michel_VilleneuveStGermain | J22: 95.5 | K22: 31.25 | L22: 475 | M22: FT_SDSLBis_2M_4p_C1 | N22: 41395 | O22: 1208 | P22: CG02 | Q22: =(J22*12*1.196)+(K22*12*1.196)+(L22*1.196) -> 2387.216 | S22: 4700 | T22: =S22-Q22 -> 2312.784
A23: Collège Louise Michel | B23: rue Wilfried Lanoiselle | C23: 02200 | D23: Villeneuve-St-Germain | E23: CPu | F23: 0024VTM2 | G23: SDSL_4p | H23: 2cS | I23: Michel_VilleneuveStGermain_R2 | J23: 95.5 | K23: 31.25 | L23: 475 | M23: FT_SDSLBis_2M_4p_C1 | N23: 41395 | O23: 1208 | P23: CG02 | Q23: =(J23*12*1.196)+(K23*12*1.196)+(L23*1.196) -> 2387.216 | S23: 4700 | T23: =S23-Q23 -> 2312.784
A24: Collège Jean Mermoz Belleu | B24: rue Léon Blum | C24: 02200 | D24: Belleu | E24: CPu | F24: 0015DUH7 | G24: SDSL_4p | H24: 4c1000S | I24: Mermoz_Belleu | J24: 95.5 | K24: 31.25 | L24: 562.5 | M24: FT_SDSLBis_4M_4p_C1 | N24: 41395 | O24: 1208 | P24: CG02 | Q24: =(J24*12*1.196)+(K24*12*1.196)+(L24*1.196) -> 2491.866 | S24: 4700 | T24: =S24-Q24 -> 2208.134
A25: Collège Saint Just | B25: 14, rue des cordeliers | C25: 02200 | D25: Soissons | E25: CPu | F25: 0021RUG4 | G25: SDSL_4p | H25: 8c1000S | I25: StJust_Soissons | J25: 140.13 | K25: 31.25 | L25: 815 | M25: FT_SDSLBis_8M_4p_C1 | N25: 41334 | O25: 0 | P25: CG02 | Q25: =(J25*12*1.196)+(K25*12*1.196)+(L25*1.196) -> 3434.3858 | S25: 4700 | T25: =S25-Q25 -> 1265.6142
A26: Collège Pierre et Marie Curie Braine | B26: 35 route de Brenelle | C26: 02220 | D26: Braine | E26: CPu | F26: 0021RRW8 | G26: SDSL_4p | H26: 8c1000S | I26: Curie_Braine | J26: 151.25 | K26: 31.25 | L26: 815 | M26: FT_SDSLBis_8M_4p_C2 | N26: 41395 | O26: 1208 | P26: CG02 | Q26: =(J26*12*1.196)+(K26*12*1.196)+(L26*1.196) -> 3593.98 | S26: 4700 | T26: =S26-Q26 -> 1106.02
A27: Collège Villard de Honnecourt | B27: 130 rue Olivier Deguise | C27: 02230 | D27: Fresnoy-le-Grand | E27: CPu | F27: 0015EKH7 | G27: SDSL | H27: 4c1000S | I27: Honnecourt_FresnoyLeGrand | J27: 116.63 | K27: 31.25 | L27: 562.5 | M27: FT_SDSLBis_4M_4p_C2 | N27: 41334 | O27: 0 | P27: CG02 | Q27: =(J27*12*1.196)+(K27*12*1.196)+(L27*1.196) -> 2795.1238 | S27: 4700 | T27: =S27-Q27 -> 1904.8762
A28: Collège Antoine-Nicolas de Condorcet | B28: 67 rue Blondel | C28: 02240 | D28: Ribemont | E28: CPu | F28: 0022MUS0 | G28: SDSL_4p | H28: 8c1000S | I28: Condorcet_Ribemont | J28: 196.75 | K28: 27.63 | L28: 814.6 | M28: FT_SDSL_8M_4p_C2 | N28: 41395 | O28: 1208 | P28: CG02 | Q28: =(J28*12*1.196)+(K28*12*1.196)+(L28*1.196) -> 4194.5634 | S28: 4700 | T28: =S28-Q28 -> 505.43664
A29: Collège La Capelle | B29: 25 rue Edouard Mambourg | C29: 02260 | D29: La Capelle | E29: CPu | F29: 0023CFV8 | G29: SDSL_4p | H29: 8c1000S | I29: College_Capelle | J29: 151.25 | K29: 31.25 | L29: 815 | M29: FT_SDSLBis_8M_4p_C2 | N29: 41395 | O29: 1208 | P29: CG02 | Q29: =(J29*12*1.196)+(K29*12*1.196)+(L29*1.196) -> 3593.98 | S29: 4700 | T29: =S29-Q29 -> 1106.02
A30: Collège Charles Brazier | B30: 2 chemin du clos Pinotte | C30: 02270 | D30: Crécy-sur-Serre | E30: CPu | F30: 0021XNP2 | G30: SDSL_4p | H30: 8c1000S | I30: Brazier_CrezySerre | J30: 196.75 | K30: 27.63 | L30: 814.6 | M30: FT_SDSL_8M_4p_C2 | N30: 41395 | O30: 1208 | P30: CG02 | Q30: =(J30*12*1.196)+(K30*12*1.196)+(L30*1.196) -> 4194.5634 | S30: 4700 | T30: =S30-Q30 -> 505.43664
A31: Collège la Feuillade | B31: 53 rue du Fontenoy | C31: 02290 | D31: Vic-sur-Aisne | E31: CPu | F31: 0022BGR3 | G31: SDSL_4p | H31: 8c1000S | I31: Feuillade_VicAisne | J31: 196.75 | K31: 27.63 | L31: 815 | M31: FT_SDSL_8M_4p_C2 | N31: 41395 | O31: 1208 | P31: CG02 | Q31: =(J31*12*1.196)+(K31*12*1.196)+(L31*1.196) -> 4195.0418 | S31: 4700 | T31: =S31-Q31 -> 504.95824
A32: Collège Victor Hugo | B32: 5 r André Ternynck | C32: 02300 | D32: Chauny | E32: CPu | J32: 110.38 | K32: 31.25 | L32: 562.5 | M32: FT_SDSLBis_4M_4p_C1 | N32: 41334 | O32: 0 | P32: CG02 | Q32: =(J32*12*1.196)+(K32*12*1.196)+(L32*1.196) -> 2705.4238 | S32: 4700 | T32: =S32-Q32 -> 1994.5762
A33: Collège Victor Hugo | B33: 5 r André Ternynck | C33: 02300 | D33: Chauny | E33: CPu | F33: 0015ADA3 | G33: SDSL_4p | H33: 4c500S | I33: Hugo_Chauny | J33: 110.38 | K33: 31.25 | L33: 562.5 | M33: FT_SDSLBis_4M_4p_C1 | N33: 41334 | O33: 0 | P33: CG02 | Q33: =(J33*12*1.196)+(K33*12*1.196)+(L33*1.196) -> 2705.4238 | S33: 4700 | T33: =S33-Q33 -> 1994.5762
A34: Collège Jacques Cartier | B34: 60 rue Ernest Renan | C34: 02300 | D34: Chauny | E34: CPu | F34: 0021RUH3 | G34: SDSL_4p | H34: 8c1000S | I34: Cartier_Chauny | J34: 140.13 | K34: 31.25 | L34: 815 | M34: FT_SDSLBis_8M_4p_C1 | N34: 41395 | O34: 1208 | P34: CG02 | Q34: =(J34*12*1.196)+(K34*12*1.196)+(L34*1.196) -> 3434.3858 | S34: 4700 | T34: =S34-Q34 -> 1265.6142
A35: Collège François Truffaut | B35: rue du Stade Garnier | C35: 02310 | D35: Charly | E35: CPu | F35: 0023CFV0 | G35: SDSL_4p | H35: 8c1000S | I35: Truffaut_Charly | J35: 151.25 | K35: 31.25 | L35: 815 | M35: FT_SDSLBis_8M_4p_C2 | N35: 41395 | O35: 1208 | P35: CG02 | Q35: =(J35*12*1.196)+(K35*12*1.196)+(L35*1.196) -> 3593.98 | S35: 4700 | T35: =S35-Q35 -> 1106.02
A36: Collège Louis Sandras | B36: 3 rue Jean Zay | C36: 02320 | D36: Anizy-le-château | E36: CPu | F36: 0021RUJ2 | G36: SDSL_4p | H36: 8c1000S | I36: Sandras_Anizy | J36: 187.75 | K36: 31.25 | L36: 815 | M36: FT_SDSLBis_12M_4p_C1 | N36: 41395 | O36: 1208 | P36: CG02 | Q36: =(J36*12*1.196)+(K36*12*1.196)+(L36*1.196) -> 4117.828 | S36: 4700 | T36: =S36-Q36 -> 582.172
A37: Collège de la Faye | B37: rue du Collège | C37: 02330 | D37: Condé-en-Brie | E37: CPu | F37: 0021VXW1 | G37: SDSL_4p | H37: 8c1000S | I37: Faye_CondeBrie | J37: 196.75 | K37: 27.63 | L37: 814.6 | M37: FT_SDSL_8M_4p_C2 | N37: 41365 | O37: 1208 | P37: CG02 | Q37: =(J37*12*1.196)+(K37*12*1.196)+(L37*1.196) -> 4194.5634 | S37: 4700 | T37: =S37-Q37 -> 505.43664
A38: Collège Gérard Philipe | B38: 3, espace Jean Guerland | C38: 02331 | D38: Soissons | E38: CPu | J38: 110.38 | K38: 31.25 | L38: 562.5 | M38: FT_SDSLBis_4M_4p_C1 | N38: 41365 | O38: 0 | P38: CG02 | Q38: =(J38*12*1.196)+(K38*12*1.196)+(L38*1.196) -> 2705.4238 | S38: 4700 | T38: =S38-Q38 -> 1994.5762
A39: Collège Gérard Philipe | B39: 3, espace Jean Guerland | C39: 02331 | D39: Soissons | E39: CPu | F39: 0015EDX1 | G39: SDSL_4p | H39: 4c1000S | I39: Philipe_Soissons | J39: 110.38 | K39: 31.25 | L39: 562.5 | M39: FT_SDSLBis_4M_4p_C1 | N39: 41365 | O39: 0 | P39: CG02 | Q39: =(J39*12*1.196)+(K39*12*1.196)+(L39*1.196) -> 2705.4238 | S39: 4700 | T39: =S39-Q39 -> 1994.5762
A40: Collège Le Ruisseau | B40: 34 rue du Collège | C40: 02340 | D40: Montcornet | E40: CPu | F40: 0023CFU4 | G40: SDSL_4p | H40: 8c1000S | I40: Ruisseau_Montcornet | J40: 151.25 | K40: 31.25 | L40: 815 | M40: FT_SDSLBis_8M_4p_C2 | N40: 41395 | O40: 1208 | P40: CG02 | Q40: =(J40*12*1.196)+(K40*12*1.196)+(L40*1.196) -> 3593.98 | S40: 4700 | T40: =S40-Q40 -> 1106.02
A41: Collège Jules Ferry Rozoy-sur-Serre | B41: 150 résidence Pommeraie | C41: 02360 | D41: Rozoy-sur-Serre | E41: CPu | F41: 0023CFU0 | G41: SDSL_4p | H41: 8c1000S | I41: Ferry_RozoySerre | J41: 196.75 | K41: 27.63 | L41: 814.6 | M41: FT_SDSL_8M_4p_C2 | N41: 41395 | O41: 1208 | P41: CG02 | Q41: =(J41*12*1.196)+(K41*12*1.196)+(L41*1.196) -> 4194.5634 | S41: 4700 | T41: =S41-Q41 -> 505.43664
A42: Collège Alan Seeger | B42: rue Jules Bruneaux | C42: 02370 | D42: Vailly-sur-Aisne | E42: CPu | F42: 0021VXW6 | G42: SDSL_4p | H42: 8c1000S | I42: Seeger_VaillyAisne | J42: 196.75 | K42: 27.63 | L42: 814.6 | M42: FT_SDSL_8M_4p_C2 | N42: 41395 | O42: 1208 | P42: CG02 | Q42: =(J42*12*1.196)+(K42*12*1.196)+(L42*1.196) -> 4194.5634 | S42: 4700 | T42: =S42-Q42 -> 505.43664
A43: Collège Léon Droussent | B43: 5, chemin du Val Serain | C43: 02380 | D43: Coucy-le-Château-Auffrique | E43: CPu | F43: 0015FLW2 | G43: SDSL | H43: 4c1000S | I43: Droussent_CoucyChateau | J43: 105.38 | K43: 27.63 | L43: 475 | M43: FT_SDSL_4M_2p_C2 | N43: 41395 | O43: 1208 | P43: CG02 | Q43: =(J43*12*1.196)+(K43*12*1.196)+(L43*1.196) -> 2477.0595 | S43: 4700 | T43: =S43-Q43 -> 2222.9405
A44: Collège Jean Rostand | B44: 1, avenue de Blanchard | C44: 02400 | D44: Château-Thierry | E44: CPu | F44: 0015DUK5 | G44: SDSL_4p | H44: 4c1000S | I44: Rostand_ChThierry | J44: 116 | K44: 27.63 | L44: 562.5 | M44: FT_SDSL_4M_4p_C1 | N44: 41306 | O44: 0 | P44: CG02 | Q44: =(J44*12*1.196)+(K44*12*1.196)+(L44*1.196) -> 2734.1278 | S44: 4700 | T44: =S44-Q44 -> 1965.8722
A45: Collège Jean Racine | B45: 24 rue Paul Doucet | C45: 02400 | D45: Château-Thierry | E45: CPu | F45: 0021VLV2 | G45: SDSL_4p | H45: 8c1000S | I45: Racine_ChThierry | J45: 140.13 | K45: 31.25 | L45: 815 | M45: FT_SDSLBis_8M_4p_C1 | N45: 41395 | O45: 1208 | P45: CG02 | Q45: =(J45*12*1.196)+(K45*12*1.196)+(L45*1.196) -> 3434.3858 | S45: 4700 | T45: =S45-Q45 -> 1265.6142
A46: Collège de la Chesnoye | B46: avenue Charles de Gaulle | C46: 02410 | D46: Saint-Gobain | E46: CPu | F46: 0020RUK8 | G46: SDSL_4p | H46: 8c1000S | I46: Chesnoye_StGobain | J46: 196.75 | K46: 27.63 | L46: 814.6 | M46: FT_SDSL_8M_4p_C2 | N46: 41395 | O46: 1208 | P46: CG02 | Q46: =(J46*12*1.196)+(K46*12*1.196)+(L46*1.196) -> 4194.5634 | S46: 4700 | T46: =S46-Q46 -> 505.43664
A47: Collège Paul Eluard | B47: 1 rue Gérard Philipe | C47: 02430 | D47: Gauchy | E47: CPu | F47: 0015EKJ3 | G47: SDSL | H47: 4c1000S | I47: Eluard_Gauchy | J47: 110.38 | K47: 31.25 | L47: 475 | M47: FT_SDSLBis_4M_4p_C1 | N47: 41365 | O47: 0 | P47: CG02 | Q47: =(J47*12*1.196)+(K47*12*1.196)+(L47*1.196) -> 2600.7738 | S47: 4700 | T47: =S47-Q47 -> 2099.2262
A48: Collège Joseph Boury | B48: 1, rue René Roy | C48: 02470 | D48: Neuilly-St-Front | E48: CPu | F48: 0023SRY5 | G48: SDSL_4p | H48: 8c1000S | I48: Boury_NeuillyStFront | J48: 157.38 | K48: 27.63 | L48: 814.6 | M48: FT_SDSL_8M_4p_C1 | N48: 41395 | O48: 1208 | P48: CG02 | Q48: =(J48*12*1.196)+(K48*12*1.196)+(L48*1.196) -> 3629.5251 | S48: 4700 | T48: =S48-Q48 -> 1070.4749
A49: Collège Marcel Pagnol | B49: rue Charles de Gaulle | C49: 02490 | D49: Vermand | E49: CPu | F49: 0021XXE4 | G49: SDSL_4p | H49: 8c1000S | I49: Pagnol_Vermand | J49: 196.75 | K49: 27.63 | L49: 814.6 | M49: FT_SDSL_8M_4p_C2 | N49: 41395 | O49: 1208 | P49: CG02 | Q49: =(J49*12*1.196)+(K49*12*1.196)+(L49*1.196) -> 4194.5634 | S49: 4700 | T49: =S49-Q49 -> 505.43664
A50: Collège Georges Cobast | B50: 4 rue Salvador Allende | C50: 02500 | D50: Hirson | E50: CPu | F50: 0022BGP1 | G50: SDSL_4p | H50: 8c1000S | I50: Cobast_Hirson | J50: 140.13 | K50: 31.25 | L50: 815 | M50: FT_SDSLBis_8M_4p_C1 | N50: 41395 | O50: 1208 | P50: CG02 | Q50: =(J50*12*1.196)+(K50*12*1.196)+(L50*1.196) -> 3434.3858 | S50: 4700 | T50: =S50-Q50 -> 1265.6142
... A62: Collège César Savart | B62: 18, boulevard Savart | C62: 02830 | D62: Saint-Michel | E62: CPu | F62: 0024VTL9 | G62: SDSL_4p | H62: 2cS | I62: Savart_StMichel_R2 | J62: 95.5 | K62: 31.25 | L62: 475 | M62: FT_SDSLBis_2M_4p_C1 | N62: 41395 | O62: 1208 | P62: CG02 | Q62: =(J62*12*1.196)+(K62*12*1.196)+(L62*1.196) -> 2387.216 | S62: 4700 | T62: =S62-Q62 -> 2312.784
A63: Collège Maurice Wajsfelner | B63: rue du Marais | C63: 02880 | D63: Cuffies | E63: CPu | F63: 0015DUK3 | G63: SDSL_4p | H63: 4c1000S | I63: Wajsfelner_Cuffies | J63: 110.38 | K63: 31.25 | L63: 562.5 | M63: FT_SDSLBis_4M_4p_C1 | N63: 41395 | O63: 1208 | P63: CG02 | Q63: =(J63*12*1.196)+(K63*12*1.196)+(L63*1.196) -> 2705.4238 | R63: =SUM(Q2:Q63) -> 207455.58 | S63: =4700*62 -> 291400
A64: CIO Château Thierry | B64: =VLOOKUP(BdC!A84,main!A$1:Z$1048378,2,0) -> #N/A | C64: =VLOOKUP(A64,main!A$1:Z$1048378,4,0) -> #N/A | D64: Château-Thierry | E64: =VLOOKUP(A64,main!A$1:E$1048378,5,0) -> #N/A | F64: 0013SUM1 | G64: ADSL | H64: 2cA | I64: CIO_ChThierry | J64: 77.5 | K64: 0 | L64: 475 | M64: FT_SDSLBis_4M_2p_C1 | N64: 41365 | O64: 1043 | P64: CG02 | Q64: =(J64*12*1.196)+(K64*12*1.196)+(L64*1.196) -> 1680.38
A65: CIO Hirson | B65: =VLOOKUP(BdC!A85,main!A$1:Z$1048378,2,0) -> #N/A | C65: =VLOOKUP(A65,main!A$1:Z$1048378,4,0) -> #N/A | D65: Hirson | E65: =VLOOKUP(A65,main!A$1:E$1048378,5,0) -> #N/A | F65: 0013SNZ3 | G65: ADSL | H65: 2cA | I65: CIO_Hirson | J65: 77.5 | K65: 0 | L65: 475 | M65: FT_SDSLBis_4M_2p_C1 | N65: 41365 | O65: 1043 | P65: CG02 | Q65: =(J65*12*1.196)+(K65*12*1.196)+(L65*1.196) -> 1680.38
A66: CIO Tergnier | B66: =VLOOKUP(BdC!A86,main!A$1:Z$1048378,2,0) -> #N/A | C66: =VLOOKUP(A66,main!A$1:Z$1048378,4,0) -> #N/A | D66: Tergnier | E66: =VLOOKUP(A66,main!A$1:E$1048378,5,0) -> #N/A | F66: 0013SNZ6 | G66: ADSL | H66: 2cA | I66: CIO_Tergnier | J66: 77.5 | K66: 0 | L66: 475 | M66: FT_SDSLBis_4M_2p_C1 | N66: 41365 | O66: 1043 | P66: CG02 | Q66: =(J66*12*1.196)+(K66*12*1.196)+(L66*1.196) -> 1680.38
A67: CIO Soissons | B67: =VLOOKUP(BdC!A131,main!A$1:Z$1048378,2,0) -> #N/A | C67: =VLOOKUP(A67,main!A$1:Z$1048378,4,0) -> #N/A | D67: Soissons | E67: =VLOOKUP(A67,main!A$1:E$1048378,5,0) -> #N/A | F67: 0020GTX7 | G67: SDSL | H67: 2cS | I67: CIO_Soissons | J67: 64.63 | K67: 31.25 | L67: 475 | M67: FT_SDSLBis_2M_2p_C1 | N67: 41334 | O67: 0 | P67: CG02 | Q67: =(J67*12*1.196)+(K67*12*1.196)+(L67*1.196) -> 1944.1698
A68: Conseil Général de l'Aisne | B68: rue Paul Doumer | C68: 02000 | D68: Laon | E68: AdmPub | F68: 0015THH8 | G68: SDSL_4p | H68: 4c1000S | I68: CG02 | J68: 116 | K68: 27.63 | L68: 562.5 | M68: FT_SDSL_4M_4p_C1 | N68: 41395 | O68: 1208 | P68: CG02 | Q68: =(J68*12*1.196)+(K68*12*1.196)+(L68*1.196) -> 2734.1278
A69: Collège Joliot Curie Mers-les-Bains | B69: rue du général de Gaulle | C69: 80350 | D69: Mers-les-Bains | E69: CPu | J69: 90 | K69: 0 | L69: 562.5 | M69: FT_SDSLBis_1M_4p_C2 | N69: 41395 | O69: 1208 | P69: CG80
A70: Collège Joliot Curie Mers-les-Bains | B70: rue du général de Gaulle | C70: 80350 | D70: Mers-les-Bains | E70: CPu | F70: 0004MKK3 | G70: ADSL | H70: 0.5cA | I70: Curie_Mers | J70: 90 | K70: 0 | L70: 562.5 | M70: FT_SDSLBis_1M_4p_C2 | N70: 41365 | O70: 1208 | P70: CG80
A71: Collège Eugène Lefebvre | B71: boulevard Camille Roland | C71: 80800 | D71: Corbie | E71: CPu | F71: 0000YZP7 | G71: ADSL | H71: 1cA | I71: Lefebvre_Corbie | J71: 140.13 | K71: 0 | L71: 815 | M71: FT_SDSLBis_8M_4p_C1 | N71: 41365 | O71: 1208 | P71: CG80
A72: Collège Charles de Foucauld | B72: 42 rue de boulan | C72: 80300 | D72: Albert | E72: CPr | F72: 0000VBJ6 | G72: ADSL | H72: 1cA | I72: Foucauld_Albert | J72: 51.13 | K72: 0 | L72: 375 | M72: FT_SDSLBis_2M_1p_C1 | N72: 41306 | O72: 0 | P72: CG80
A73: Collège Notre Dame Rue | B73: 2 rue du colonel Tétart | C73: 80120 | D73: Rue | E73: CPr | F73: 0004MKD8 | G73: ADSL | H73: 1cA | I73: NotreDame_Rue | J73: 68.75 | K73: 0 | L73: 375 | M73: FT_SDSL_2M_1p_C1 | N73: 41334 | O73: 0 | P73: CG80
A74: Collège Jeanne d'Arc Roye | B74: 11 boulevard de l'est | C74: 80700 | D74: Roye | E74: CPr | F74: 0000YSN3 | G74: ADSL | H74: 1cA | I74: JeanneArc_Roye | J74: 51.13 | K74: 0 | L74: 375 | M74: FT_SDSLBis_2M_1p_C1 | N74: 41365 | O74: 833 | P74: CG80
A75: Collège La Salle | B75: 6 rue du cange | C75: 80000 | D75: Amiens | E75: CPr | F75: 0000VEV5 | G75: ADSL | H75: 1cA | I75: Salle_Amiens | J75: 51.75 | K75: 0 | L75: 263.75 | M75: SMSN_ADSLMax | N75: 41306 | O75: 0 | P75: CG80
A76: Collège Notre Dame Flixecourt | B76: 28 rue Gambetta | C76: 80420 | D76: Flixecourt | E76: CPr | F76: 0000VHP6 | G76: ADSL | H76: 1cA | I76: NotreDame_Flixecourt | J76: 55.88 | K76: 0 | L76: 375 | M76: FT_SDSLBis_2M_1p_C2 | N76: 41306 | O76: 0 | P76: CG80
A77: Collège Sainte Clotilde | B77: 18 rue Emile Zola | C77: 80000 | D77: Amiens | E77: CPr | F77: 0000VFA1 | G77: ADSL | H77: 1cA | I77: SteClotilde_Amiens | J77: 51.75 | K77: 0 | L77: 263.75 | M77: SMSN_ADSLMax | N77: 41306 | O77: 0 | P77: CG80
A78: Collège Notre Dame Ham | B78: 10 rue notre Dame | C78: 80400 | D78: Ham | E78: CPr | F78: 0002VJX8 | G78: ADSL | H78: 1cA | I78: NotreDame_Ham | J78: 51.13 | K78: 0 | L78: 375 | M78: FT_SDSLBis_2M_1p_C1 | N78: 41306 | O78: 0 | P78: CG80
A79: Collège Sainte Famille | B79: 22 rue Charles de Foucauld | C79: 80000 | D79: Amiens | E79: CPr | F79: 0000VCC1 | G79: ADSL | H79: 1cA | I79: SteFamilleC2_Amiens | J79: 51.75 | K79: 0 | L79: 263.75 | M79: SMSN_ADSLMax | N79: 41306 | O79: 0 | P79: CG80
A80: Collège Sacré Coeur Péronne | B80: 36 boulevard des anglais | C80: 80200 | D80: Péronne | E80: CPr | F80: 0000VBK2 | G80: ADSL | H80: 1cA | I80: SacreCoeurC_Peronne | J80: 51.13 | K80: 0 | L80: 375 | M80: FT_SDSLBis_2M_1p_C1 | N80: 41365 | O80: 833 | P80: CG80
A81: Collège St Vincent | B81: 5 rue Charles Mangot | C81: 80500 | D81: Montdidier | E81: CPr | F81: 0000VCB9 | G81: ADSL | H81: 1cA | I81: StVincent_Montdidier | J81: 51.13 | K81: 0 | L81: 375 | M81: FT_SDSLBis_2M_1p_C1 | N81: 41306 | O81: 0 | P81: CG80
... A84: CETMEF | B84: 2 boulevard Gambetta | C84: 60200 | D84: Compiègne | E84: EtRech | F84: 0014KMM1 | G84: SDSL_4p | H84: 8c1000S | I84: CETMEF | J84: 140.13 | K84: 31.25 | L84: 815 | M84: FT_SDSLBis_8M_4p_C1 | N84: 41306 | O84: 0 | P84: CETMEF
A85: Sup de Co Amiens | B85: 18 place Saint Michel | C85: 80000 | D85: Amiens | E85: EtsEns | J85: 566 | M85: SMSN_FO_100M | N85: 41395 | O85: 0 | P85: Sup de Co
A86: INRA | B86: Rue Pierre Gilles de Gennes | C86: 02000 | D86: Barenton-Bugny | E86: AdmPub | F86: 0023WMY6 | G86: BusEth | H86: 20 Mb/s | I86: INRA_Laon | J86: 695.75 | K86: 0 | L86: 1875 | P86: INRA
A87: INRA | B87: Rue Pierre Gilles de Gennes | C87: 02000 | D87: Estrées Mons | E87: AdmPub | F87: 0013VTX0 | G87: SDSL_4p | H87: 8c1000S | I87: INRA_EstreesMons | J87: 196.75 | K87: 27.63 | L87: 814.6 | M87: FT_SDSL_8M_4p_C2 | N87: 41365 | O87: 0 | P87: INRA

Sheet main
A1: Nom du site | B1: Adresse physique | C1: Ville | D1: Code Postal | E1: Type de site | F1: NDI | G1: - | H1: Technologie @ | I1: Débit @ DOWN/UP (kbps) | J1: tarification | K1: IP LAN | L1: IP @ | M1: preshared key | N1: -2 | O1: Technologie WAN A | P1: Débit Wan A | Q1: Niveau Wan A | R1: Coût WAN A2 | S1: -4 | T1: Technologie WAN B | U1: Débit Wan B | V1: NIVEAU Wan B | W1: Coût WAN B2 | X1: -3 | Y1: IP LAN2
O2: ADSL | P2: 1 | Q2: 3 | R2: =SUMPRODUCT(('PRIX LOT1'!$B$12:$B$31=Tableau1[[#This Row],[Technologie WAN A]])*('PRIX LOT1'!$C$12:$C$31=Tableau1[[#This Row],[Débit Wan A]])*( ('PRIX LOT1'!$P$12:$P$31)*(Tableau1[[#This Row],[Niveau Wan A]]=4) + ('PRIX LOT1'!$O$12:$O$31)*(Tableau1[[#This Row],[Niveau Wan A]]=3) )) -> 30 | W2: =SUMPRODUCT(('PRIX LOT1'!$B$12:$B$31=Tableau1[[#This Row],[Technologie WAN B]])*('PRIX LOT1'!$C$12:$C$31=Tableau1[[#This Row],[Débit Wan B]])*('PRIX LOT1'!$P$12:$P$31)) -> 0
O3: ADSL | P3: 8 | Q3: 4 | R3: =SUMPRODUCT(('PRIX LOT1'!$B$12:$B$31=Tableau1[[#This Row],[Technologie WAN A]])*('PRIX LOT1'!$C$12:$C$31=Tableau1[[#This Row],[Débit Wan A]])*( ('PRIX LOT1'!$P$12:$P$31)*(Tableau1[[#This Row],[Niveau Wan A]]=4) + ('PRIX LOT1'!$O$12:$O$31)*(Tableau1[[#This Row],[Niveau Wan A]]=3) )) -> 120 | T3: ADSL | U3: 1 | W3: =SUMPRODUCT(('PRIX LOT1'!$B$12:$B$31=Tableau1[[#This Row],[Technologie WAN B]])*('PRIX LOT1'!$C$12:$C$31=Tableau1[[#This Row],[Débit Wan B]])*('PRIX LOT1'!$P$12:$P$31)) -> 120
O4: FIBRE | P4: 100 | Q4: 1 | R4: =SUMPRODUCT(('PRIX LOT1'!$B$12:$B$31=Tableau1[[#This Row],[Technologie WAN A]])*('PRIX LOT1'!$C$12:$C$31=Tableau1[[#This Row],[Débit Wan A]])*( ('PRIX LOT1'!$P$12:$P$31)*(Tableau1[[#This Row],[Niveau Wan A]]=4) + ('PRIX LOT1'!$O$12:$O$31)*(Tableau1[[#This Row],[Niveau Wan A]]=3) )) -> 0 | T4: ADSL | U4: 8 | W4: =SUMPRODUCT(('PRIX LOT1'!$B$12:$B$31=Tableau1[[#This Row],[Technologie WAN B]])*('PRIX LOT1'!$C$12:$C$31=Tableau1[[#This Row],[Débit Wan B]])*('PRIX LOT1'!$P$12:$P$31)) -> 120
R5: =SUMPRODUCT(('PRIX LOT1'!$B$12:$B$31=Tableau1[[#This Row],[Technologie WAN A]])*('PRIX LOT1'!$C$12:$C$31=Tableau1[[#This Row],[Débit Wan A]])*( ('PRIX LOT1'!$P$12:$P$31)*(Tableau1[[#This Row],[Niveau Wan A]]=4) + ('PRIX LOT1'!$O$12:$O$31)*(Tableau1[[#This Row],[Niveau Wan A]]=3) )) -> 0 | T5: FIBRE | U5: 100 | W5: =SUMPRODUCT(('PRIX LOT1'!$B$12:$B$31=Tableau1[[#This Row],[Technologie WAN B]])*('PRIX LOT1'!$C$12:$C$31=Tableau1[[#This Row],[Débit Wan B]])*('PRIX LOT1'!$P$12:$P$31)) -> 120
R6: =SUMPRODUCT(('PRIX LOT1'!$B$12:$B$31=Tableau1[[#This Row],[Technologie WAN A]])*('PRIX LOT1'!$C$12:$C$31=Tableau1[[#This Row],[Débit Wan A]])*( ('PRIX LOT1'!$P$12:$P$31)*(Tableau1[[#This Row],[Niveau Wan A]]=4) + ('PRIX LOT1'!$O$12:$O$31)*(Tableau1[[#This Row],[Niveau Wan A]]=3) )) -> 0 | T6: SDSL | U6: 2 | W6: =SUMPRODUCT(('PRIX LOT1'!$B$12:$B$31=Tableau1[[#This Row],[Technologie WAN B]])*('PRIX LOT1'!$C$12:$C$31=Tableau1[[#This Row],[Débit Wan B]])*('PRIX LOT1'!$P$12:$P$31)) -> 120
R7: =SUMPRODUCT(('PRIX LOT1'!$B$12:$B$31=Tableau1[[#This Row],[Technologie WAN A]])*('PRIX LOT1'!$C$12:$C$31=Tableau1[[#This Row],[Débit Wan A]])*( ('PRIX LOT1'!$P$12:$P$31)*(Tableau1[[#This Row],[Niveau Wan A]]=4) + ('PRIX LOT1'!$O$12:$O$31)*(Tableau1[[#This Row],[Niveau Wan A]]=3) )) -> 0 | T7: SDSL | U7: 8 | W7: =SUMPRODUCT(('PRIX LOT1'!$B$12:$B$31=Tableau1[[#This Row],[Technologie WAN B]])*('PRIX LOT1'!$C$12:$C$31=Tableau1[[#This Row],[Débit Wan B]])*('PRIX LOT1'!$P$12:$P$31)) -> 120
O8: FIBRE | P8: 100 | Q8: 2 | R8: =SUMPRODUCT(('PRIX LOT1'!$B$12:$B$31=Tableau1[[#This Row],[Technologie WAN A]])*('PRIX LOT1'!$C$12:$C$31=Tableau1[[#This Row],[Débit Wan A]])*( ('PRIX LOT1'!$P$12:$P$31)*(Tableau1[[#This Row],[Niveau Wan A]]=4) + ('PRIX LOT1'!$O$12:$O$31)*(Tableau1[[#This Row],[Niveau Wan A]]=3) )) -> 0 | T8: SDSL | U8: 4 | W8: =SUMPRODUCT(('PRIX LOT1'!$B$12:$B$31=Tableau1[[#This Row],[Technologie WAN B]])*('PRIX LOT1'!$C$12:$C$31=Tableau1[[#This Row],[Débit Wan B]])*('PRIX LOT1'!$P$12:$P$31)) -> 120
O9: ADSL | P9: 8 | Q9: 3 | R9: =SUMPRODUCT(('PRIX LOT1'!$B$12:$B$31=Tableau1[[#This Row],[Technologie WAN A]])*('PRIX LOT1'!$C$12:$C$31=Tableau1[[#This Row],[Débit Wan A]])*( ('PRIX LOT1'!$P$12:$P$31)*(Tableau1[[#This Row],[Niveau Wan A]]=4) + ('PRIX LOT1'!$O$12:$O$31)*(Tableau1[[#This Row],[Niveau Wan A]]=3) )) -> 30 | T9: FIBRE | U9: 10 | W9: =SUMPRODUCT(('PRIX LOT1'!$B$12:$B$31=Tableau1[[#This Row],[Technologie WAN B]])*('PRIX LOT1'!$C$12:$C$31=Tableau1[[#This Row],[Débit Wan B]])*('PRIX LOT1'!$P$12:$P$31)) -> 120
O10: FIBRE | P10: 10 | Q10: 4 | R10: =SUMPRODUCT(('PRIX LOT1'!$B$12:$B$31=Tableau1[[#This Row],[Technologie WAN A]])*('PRIX LOT1'!$C$12:$C$31=Tableau1[[#This Row],[Débit Wan A]])*( ('PRIX LOT1'!$P$12:$P$31)*(Tableau1[[#This Row],[Niveau Wan A]]=4) + ('PRIX LOT1'!$O$12:$O$31)*(Tableau1[[#This Row],[Niveau Wan A]]=3) )) -> 120 | T10: SDSL | U10: 4 | W10: =SUMPRODUCT(('PRIX LOT1'!$B$12:$B$31=Tableau1[[#This Row],[Technologie WAN B]])*('PRIX LOT1'!$C$12:$C$31=Tableau1[[#This Row],[Débit Wan B]])*('PRIX LOT1'!$P$12:$P$31)) -> 120
O11: FIBRE | R11: =SUMPRODUCT(('PRIX LOT1'!$B$12:$B$31=Tableau1[[#This Row],[Technologie WAN A]])*('PRIX LOT1'!$C$12:$C$31=Tableau1[[#This Row],[Débit Wan A]])*( ('PRIX LOT1'!$P$12:$P$31)*(Tableau1[[#This Row],[Niveau Wan A]]=4) + ('PRIX LOT1'!$O$12:$O$31)*(Tableau1[[#This Row],[Niveau Wan A]]=3) )) -> 0 | T11: SDSL | U11: 4 | W11: =SUMPRODUCT(('PRIX LOT1'!$B$12:$B$31=Tableau1[[#This Row],[Technologie WAN B]])*('PRIX LOT1'!$C$12:$C$31=Tableau1[[#This Row],[Débit Wan B]])*('PRIX LOT1'!$P$12:$P$31)) -> 120
O12: FIBRE | R12: =SUMPRODUCT(('PRIX LOT1'!$B$12:$B$31=Tableau1[[#This Row],[Technologie WAN A]])*('PRIX LOT1'!$C$12:$C$31=Tableau1[[#This Row],[Débit Wan A]])*( ('PRIX LOT1'!$P$12:$P$31)*(Tableau1[[#This Row],[Niveau Wan A]]=4) + ('PRIX LOT1'!$O$12:$O$31)*(Tableau1[[#This Row],[Niveau Wan A]]=3) )) -> 0 | T12: SDSL | U12: 4 | W12: =SUMPRODUCT(('PRIX LOT1'!$B$12:$B$31=Tableau1[[#This Row],[Technologie WAN B]])*('PRIX LOT1'!$C$12:$C$31=Tableau1[[#This Row],[Débit Wan B]])*('PRIX LOT1'!$P$12:$P$31)) -> 120
O13: FIBRE | R13: =SUMPRODUCT(('PRIX LOT1'!$B$12:$B$31=Tableau1[[#This Row],[Technologie WAN A]])*('PRIX LOT1'!$C$12:$C$31=Tableau1[[#This Row],[Débit Wan A]])*( ('PRIX LOT1'!$P$12:$P$31)*(Tableau1[[#This Row],[Niveau Wan A]]=4) + ('PRIX LOT1'!$O$12:$O$31)*(Tableau1[[#This Row],[Niveau Wan A]]=3) )) -> 0 | T13: SDSL | U13: 4 | W13: =SUMPRODUCT(('PRIX LOT1'!$B$12:$B$31=Tableau1[[#This Row],[Technologie WAN B]])*('PRIX LOT1'!$C$12:$C$31=Tableau1[[#This Row],[Débit Wan B]])*('PRIX LOT1'!$P$12:$P$31)) -> 120
O14: FIBRE | R14: =SUMPRODUCT(('PRIX LOT1'!$B$12:$B$31=Tableau1[[#This Row],[Technologie WAN A]])*('PRIX LOT1'!$C$12:$C$31=Tableau1[[#This Row],[Débit Wan A]])*( ('PRIX LOT1'!$P$12:$P$31)*(Tableau1[[#This Row],[Niveau Wan A]]=4) + ('PRIX LOT1'!$O$12:$O$31)*(Tableau1[[#This Row],[Niveau Wan A]]=3) )) -> 0 | T14: SDSL | U14: 2 | W14: =SUMPRODUCT(('PRIX LOT1'!$B$12:$B$31=Tableau1[[#This Row],[Technologie WAN B]])*('PRIX LOT1'!$C$12:$C$31=Tableau1[[#This Row],[Débit Wan B]])*('PRIX LOT1'!$P$12:$P$31)) -> 120
R15: =SUMPRODUCT(('PRIX LOT1'!$B$12:$B$31=Tableau1[[#This Row],[Technologie WAN A]])*('PRIX LOT1'!$C$12:$C$31=Tableau1[[#This Row],[Débit Wan A]])*( ('PRIX LOT1'!$P$12:$P$31)*(Tableau1[[#This Row],[Niveau Wan A]]=4) + ('PRIX LOT1'!$O$12:$O$31)*(Tableau1[[#This Row],[Niveau Wan A]]=3) )) -> 0 | U15: 10 | W15: =SUMPRODUCT(('PRIX LOT1'!$B$12:$B$31=Tableau1[[#This Row],[Technologie WAN B]])*('PRIX LOT1'!$C$12:$C$31=Tableau1[[#This Row],[Débit Wan B]])*('PRIX LOT1'!$P$12:$P$31)) -> 0
R16: =SUMPRODUCT(('PRIX LOT1'!$B$12:$B$31=Tableau1[[#This Row],[Technologie WAN A]])*('PRIX LOT1'!$C$12:$C$31=Tableau1[[#This Row],[Débit Wan A]])*( ('PRIX LOT1'!$P$12:$P$31)*(Tableau1[[#This Row],[Niveau Wan A]]=4) + ('PRIX LOT1'!$O$12:$O$31)*(Tableau1[[#This Row],[Niveau Wan A]]=3) )) -> 0 | W16: =SUMPRODUCT(('PRIX LOT1'!$B$12:$B$31=Tableau1[[#This Row],[Technologie WAN B]])*('PRIX LOT1'!$C$12:$C$31=Tableau1[[#This Row],[Débit Wan B]])*('PRIX LOT1'!$P$12:$P$31)) -> 0
R17: =SUMPRODUCT(('PRIX LOT1'!$B$12:$B$31=Tableau1[[#This Row],[Technologie WAN A]])*('PRIX LOT1'!$C$12:$C$31=Tableau1[[#This Row],[Débit Wan A]])*( ('PRIX LOT1'!$P$12:$P$31)*(Tableau1[[#This Row],[Niveau Wan A]]=4) + ('PRIX LOT1'!$O$12:$O$31)*(Tableau1[[#This Row],[Niveau Wan A]]=3) )) -> 0 | U17: 4 | W17: =SUMPRODUCT(('PRIX LOT1'!$B$12:$B$31=Tableau1[[#This Row],[Technologie WAN B]])*('PRIX LOT1'!$C$12:$C$31=Tableau1[[#This Row],[Débit Wan B]])*('PRIX LOT1'!$P$12:$P$31)) -> 0
O18: FIBRE2 | P18: 2*40 | R18: =SUMPRODUCT(('PRIX LOT1'!$B$12:$B$31=Tableau1[[#This Row],[Technologie WAN A]])*('PRIX LOT1'!$C$12:$C$31=Tableau1[[#This Row],[Débit Wan A]])*( ('PRIX LOT1'!$P$12:$P$31)*(Tableau1[[#This Row],[Niveau Wan A]]=4) + ('PRIX LOT1'!$O$12:$O$31)*(Tableau1[[#This Row],[Niveau Wan A]]=3) )) -> 0 | T18: SDSL | U18: 4 | W18: =SUMPRODUCT(('PRIX LOT1'!$B$12:$B$31=Tableau1[[#This Row],[Technologie WAN B]])*('PRIX LOT1'!$C$12:$C$31=Tableau1[[#This Row],[Débit Wan B]])*('PRIX LOT1'!$P$12:$P$31)) -> 120
O19: FIBRE | R19: =SUMPRODUCT(('PRIX LOT1'!$B$12:$B$31=Tableau1[[#This Row],[Technologie WAN A]])*('PRIX LOT1'!$C$12:$C$31=Tableau1[[#This Row],[Débit Wan A]])*( ('PRIX LOT1'!$P$12:$P$31)*(Tableau1[[#This Row],[Niveau Wan A]]=4) + ('PRIX LOT1'!$O$12:$O$31)*(Tableau1[[#This Row],[Niveau Wan A]]=3) )) -> 0 | T19: FIBRE | U19: 10 | W19: =SUMPRODUCT(('PRIX LOT1'!$B$12:$B$31=Tableau1[[#This Row],[Technologie WAN B]])*('PRIX LOT1'!$C$12:$C$31=Tableau1[[#This Row],[Débit Wan B]])*('PRIX LOT1'!$P$12:$P$31)) -> 120
R20: =SUMPRODUCT(('PRIX LOT1'!$B$12:$B$31=Tableau1[[#This Row],[Technologie WAN A]])*('PRIX LOT1'!$C$12:$C$31=Tableau1[[#This Row],[Débit Wan A]])*( ('PRIX LOT1'!$P$12:$P$31)*(Tableau1[[#This Row],[Niveau Wan A]]=4) + ('PRIX LOT1'!$O$12:$O$31)*(Tableau1[[#This Row],[Niveau Wan A]]=3) )) -> 0 | W20: =SUMPRODUCT(('PRIX LOT1'!$B$12:$B$31=Tableau1[[#This Row],[Technologie WAN B]])*('PRIX LOT1'!$C$12:$C$31=Tableau1[[#This Row],[Débit Wan B]])*('PRIX LOT1'!$P$12:$P$31)) -> 0
R21: =SUMPRODUCT(('PRIX LOT1'!$B$12:$B$31=Tableau1[[#This Row],[Technologie WAN A]])*('PRIX LOT1'!$C$12:$C$31=Tableau1[[#This Row],[Débit Wan A]])*( ('PRIX LOT1'!$P$12:$P$31)*(Tableau1[[#This Row],[Niveau Wan A]]=4) + ('PRIX LOT1'!$O$12:$O$31)*(Tableau1[[#This Row],[Niveau Wan A]]=3) )) -> 0 | W21: =SUMPRODUCT(('PRIX LOT1'!$B$12:$B$31=Tableau1[[#This Row],[Technologie WAN B]])*('PRIX LOT1'!$C$12:$C$31=Tableau1[[#This Row],[Débit Wan B]])*('PRIX LOT1'!$P$12:$P$31)) -> 0
R22: =SUMPRODUCT(('PRIX LOT1'!$B$12:$B$31=Tableau1[[#This Row],[Technologie WAN A]])*('PRIX LOT1'!$C$12:$C$31=Tableau1[[#This Row],[Débit Wan A]])*( ('PRIX LOT1'!$P$12:$P$31)*(Tableau1[[#This Row],[Niveau Wan A]]=4) + ('PRIX LOT1'!$O$12:$O$31)*(Tableau1[[#This Row],[Niveau Wan A]]=3) )) -> 0 | W22: =SUMPRODUCT(('PRIX LOT1'!$B$12:$B$31=Tableau1[[#This Row],[Technologie WAN B]])*('PRIX LOT1'!$C$12:$C$31=Tableau1[[#This Row],[Débit Wan B]])*('PRIX LOT1'!$P$12:$P$31)) -> 0
R23: =SUMPRODUCT(('PRIX LOT1'!$B$12:$B$31=Tableau1[[#This Row],[Technologie WAN A]])*('PRIX LOT1'!$C$12:$C$31=Tableau1[[#This Row],[Débit Wan A]])*( ('PRIX LOT1'!$P$12:$P$31)*(Tableau1[[#This Row],[Niveau Wan A]]=4) + ('PRIX LOT1'!$O$12:$O$31)*(Tableau1[[#This Row],[Niveau Wan A]]=3) )) -> 0 | W23: =SUMPRODUCT(('PRIX LOT1'!$B$12:$B$31=Tableau1[[#This Row],[Technologie WAN B]])*('PRIX LOT1'!$C$12:$C$31=Tableau1[[#This Row],[Débit Wan B]])*('PRIX LOT1'!$P$12:$P$31)) -> 0
R24: =SUMPRODUCT(('PRIX LOT1'!$B$12:$B$31=Tableau1[[#This Row],[Technologie WAN A]])*('PRIX LOT1'!$C$12:$C$31=Tableau1[[#This Row],[Débit Wan A]])*( ('PRIX LOT1'!$P$12:$P$31)*(Tableau1[[#This Row],[Niveau Wan A]]=4) + ('PRIX LOT1'!$O$12:$O$31)*(Tableau1[[#This Row],[Niveau Wan A]]=3) )) -> 0 | W24: =SUMPRODUCT(('PRIX LOT1'!$B$12:$B$31=Tableau1[[#This Row],[Technologie WAN B]])*('PRIX LOT1'!$C$12:$C$31=Tableau1[[#This Row],[Débit Wan B]])*('PRIX LOT1'!$P$12:$P$31)) -> 0
R25: =SUMPRODUCT(('PRIX LOT1'!$B$12:$B$31=Tableau1[[#This Row],[Technologie WAN A]])*('PRIX LOT1'!$C$12:$C$31=Tableau1[[#This Row],[Débit Wan A]])*( ('PRIX LOT1'!$P$12:$P$31)*(Tableau1[[#This Row],[Niveau Wan A]]=4) + ('PRIX LOT1'!$O$12:$O$31)*(Tableau1[[#This Row],[Niveau Wan A]]=3) )) -> 0 | W25: =SUMPRODUCT(('PRIX LOT1'!$B$12:$B$31=Tableau1[[#This Row],[Technologie WAN B]])*('PRIX LOT1'!$C$12:$C$31=Tableau1[[#This Row],[Débit Wan B]])*('PRIX LOT1'!$P$12:$P$31)) -> 0
R26: =SUMPRODUCT(('PRIX LOT1'!$B$12:$B$31=Tableau1[[#This Row],[Technologie WAN A]])*('PRIX LOT1'!$C$12:$C$31=Tableau1[[#This Row],[Débit Wan A]])*( ('PRIX LOT1'!$P$12:$P$31)*(Tableau1[[#This Row],[Niveau Wan A]]=4) + ('PRIX LOT1'!$O$12:$O$31)*(Tableau1[[#This Row],[Niveau Wan A]]=3) )) -> 0 | W26: =SUMPRODUCT(('PRIX LOT1'!$B$12:$B$31=Tableau1[[#This Row],[Technologie WAN B]])*('PRIX LOT1'!$C$12:$C$31=Tableau1[[#This Row],[Débit Wan B]])*('PRIX LOT1'!$P$12:$P$31)) -> 0
R27: =SUMPRODUCT(('PRIX LOT1'!$B$12:$B$31=Tableau1[[#This Row],[Technologie WAN A]])*('PRIX LOT1'!$C$12:$C$31=Tableau1[[#This Row],[Débit Wan A]])*( ('PRIX LOT1'!$P$12:$P$31)*(Tableau1[[#This Row],[Niveau Wan A]]=4) + ('PRIX LOT1'!$O$12:$O$31)*(Tableau1[[#This Row],[Niveau Wan A]]=3) )) -> 0 | W27: =SUMPRODUCT(('PRIX LOT1'!$B$12:$B$31=Tableau1[[#This Row],[Technologie WAN B]])*('PRIX LOT1'!$C$12:$C$31=Tableau1[[#This Row],[Débit Wan B]])*('PRIX LOT1'!$P$12:$P$31)) -> 0
R28: =SUMPRODUCT(('PRIX LOT1'!$B$12:$B$31=Tableau1[[#This Row],[Technologie WAN A]])*('PRIX LOT1'!$C$12:$C$31=Tableau1[[#This Row],[Débit Wan A]])*( ('PRIX LOT1'!$P$12:$P$31)*(Tableau1[[#This Row],[Niveau Wan A]]=4) + ('PRIX LOT1'!$O$12:$O$31)*(Tableau1[[#This Row],[Niveau Wan A]]=3) )) -> 0 | W28: =SUMPRODUCT(('PRIX LOT1'!$B$12:$B$31=Tableau1[[#This Row],[Technologie WAN B]])*('PRIX LOT1'!$C$12:$C$31=Tableau1[[#This Row],[Débit Wan B]])*('PRIX LOT1'!$P$12:$P$31)) -> 0
R29: =SUMPRODUCT(('PRIX LOT1'!$B$12:$B$31=Tableau1[[#This Row],[Technologie WAN A]])*('PRIX LOT1'!$C$12:$C$31=Tableau1[[#This Row],[Débit Wan A]])*( ('PRIX LOT1'!$P$12:$P$31)*(Tableau1[[#This Row],[Niveau Wan A]]=4) + ('PRIX LOT1'!$O$12:$O$31)*(Tableau1[[#This Row],[Niveau Wan A]]=3) )) -> 0 | W29: =SUMPRODUCT(('PRIX LOT1'!$B$12:$B$31=Tableau1[[#This Row],[Technologie WAN B]])*('PRIX LOT1'!$C$12:$C$31=Tableau1[[#This Row],[Débit Wan B]])*('PRIX LOT1'!$P$12:$P$31)) -> 0
R30: =SUMPRODUCT(('PRIX LOT1'!$B$12:$B$31=Tableau1[[#This Row],[Technologie WAN A]])*('PRIX LOT1'!$C$12:$C$31=Tableau1[[#This Row],[Débit Wan A]])*( ('PRIX LOT1'!$P$12:$P$31)*(Tableau1[[#This Row],[Niveau Wan A]]=4) + ('PRIX LOT1'!$O$12:$O$31)*(Tableau1[[#This Row],[Niveau Wan A]]=3) )) -> 0 | W30: =SUMPRODUCT(('PRIX LOT1'!$B$12:$B$31=Tableau1[[#This Row],[Technologie WAN B]])*('PRIX LOT1'!$C$12:$C$31=Tableau1[[#This Row],[Débit Wan B]])*('PRIX LOT1'!$P$12:$P$31)) -> 0
R31: =SUMPRODUCT(('PRIX LOT1'!$B$12:$B$31=Tableau1[[#This Row],[Technologie WAN A]])*('PRIX LOT1'!$C$12:$C$31=Tableau1[[#This Row],[Débit Wan A]])*( ('PRIX LOT1'!$P$12:$P$31)*(Tableau1[[#This Row],[Niveau Wan A]]=4) + ('PRIX LOT1'!$O$12:$O$31)*(Tableau1[[#This Row],[Niveau Wan A]]=3) )) -> 0 | W31: =SUMPRODUCT(('PRIX LOT1'!$B$12:$B$31=Tableau1[[#This Row],[Technologie WAN B]])*('PRIX LOT1'!$C$12:$C$31=Tableau1[[#This Row],[Débit Wan B]])*('PRIX LOT1'!$P$12:$P$31)) -> 0
... R33: =SUMPRODUCT(('PRIX LOT1'!$B$12:$B$31=Tableau1[[#This Row],[Technologie WAN A]])*('PRIX LOT1'!$C$12:$C$31=Tableau1[[#This Row],[Débit Wan A]])*( ('PRIX LOT1'!$P$12:$P$31)*(Tableau1[[#This Row],[Niveau Wan A]]=4) + ('PRIX LOT1'!$O$12:$O$31)*(Tableau1[[#This Row],[Niveau Wan A]]=3) )) -> 0 | W33: =SUMPRODUCT(('PRIX LOT1'!$B$12:$B$31=Tableau1[[#This Row],[Technologie WAN B]])*('PRIX LOT1'!$C$12:$C$31=Tableau1[[#This Row],[Débit Wan B]])*('PRIX LOT1'!$P$12:$P$31)) -> 0
R34: =SUMPRODUCT(('PRIX LOT1'!$B$12:$B$31=Tableau1[[#This Row],[Technologie WAN A]])*('PRIX LOT1'!$C$12:$C$31=Tableau1[[#This Row],[Débit Wan A]])*( ('PRIX LOT1'!$P$12:$P$31)*(Tableau1[[#This Row],[Niveau Wan A]]=4) + ('PRIX LOT1'!$O$12:$O$31)*(Tableau1[[#This Row],[Niveau Wan A]]=3) )) -> 0 | U34: 2 | W34: =SUMPRODUCT(('PRIX LOT1'!$B$12:$B$31=Tableau1[[#This Row],[Technologie WAN B]])*('PRIX LOT1'!$C$12:$C$31=Tableau1[[#This Row],[Débit Wan B]])*('PRIX LOT1'!$P$12:$P$31)) -> 0
R35: =SUMPRODUCT(('PRIX LOT1'!$B$12:$B$31=Tableau1[[#This Row],[Technologie WAN A]])*('PRIX LOT1'!$C$12:$C$31=Tableau1[[#This Row],[Débit Wan A]])*( ('PRIX LOT1'!$P$12:$P$31)*(Tableau1[[#This Row],[Niveau Wan A]]=4) + ('PRIX LOT1'!$O$12:$O$31)*(Tableau1[[#This Row],[Niveau Wan A]]=3) )) -> 0 | W35: =SUMPRODUCT(('PRIX LOT1'!$B$12:$B$31=Tableau1[[#This Row],[Technologie WAN B]])*('PRIX LOT1'!$C$12:$C$31=Tableau1[[#This Row],[Débit Wan B]])*('PRIX LOT1'!$P$12:$P$31)) -> 0
R36: =SUMPRODUCT(('PRIX LOT1'!$B$12:$B$31=Tableau1[[#This Row],[Technologie WAN A]])*('PRIX LOT1'!$C$12:$C$31=Tableau1[[#This Row],[Débit Wan A]])*( ('PRIX LOT1'!$P$12:$P$31)*(Tableau1[[#This Row],[Niveau Wan A]]=4) + ('PRIX LOT1'!$O$12:$O$31)*(Tableau1[[#This Row],[Niveau Wan A]]=3) )) -> 0 | W36: =SUMPRODUCT(('PRIX LOT1'!$B$12:$B$31=Tableau1[[#This Row],[Technologie WAN B]])*('PRIX LOT1'!$C$12:$C$31=Tableau1[[#This Row],[Débit Wan B]])*('PRIX LOT1'!$P$12:$P$31)) -> 0
R37: =SUMPRODUCT(('PRIX LOT1'!$B$12:$B$31=Tableau1[[#This Row],[Technologie WAN A]])*('PRIX LOT1'!$C$12:$C$31=Tableau1[[#This Row],[Débit Wan A]])*( ('PRIX LOT1'!$P$12:$P$31)*(Tableau1[[#This Row],[Niveau Wan A]]=4) + ('PRIX LOT1'!$O$12:$O$31)*(Tableau1[[#This Row],[Niveau Wan A]]=3) )) -> 0 | U37: central | W37: =SUMPRODUCT(('PRIX LOT1'!$B$12:$B$31=Tableau1[[#This Row],[Technologie WAN B]])*('PRIX LOT1'!$C$12:$C$31=Tableau1[[#This Row],[Débit Wan B]])*('PRIX LOT1'!$P$12:$P$31)) -> 0
R38: =SUMPRODUCT(('PRIX LOT1'!$B$12:$B$31=Tableau1[[#This Row],[Technologie WAN A]])*('PRIX LOT1'!$C$12:$C$31=Tableau1[[#This Row],[Débit Wan A]])*( ('PRIX LOT1'!$P$12:$P$31)*(Tableau1[[#This Row],[Niveau Wan A]]=4) + ('PRIX LOT1'!$O$12:$O$31)*(Tableau1[[#This Row],[Niveau Wan A]]=3) )) -> 0 | U38: central | W38: =SUMPRODUCT(('PRIX LOT1'!$B$12:$B$31=Tableau1[[#This Row],[Technologie WAN B]])*('PRIX LOT1'!$C$12:$C$31=Tableau1[[#This Row],[Débit Wan B]])*('PRIX LOT1'!$P$12:$P$31)) -> 0
O39: FIBRE | R39: =SUMPRODUCT(('PRIX LOT1'!$B$12:$B$31=Tableau1[[#This Row],[Technologie WAN A]])*('PRIX LOT1'!$C$12:$C$31=Tableau1[[#This Row],[Débit Wan A]])*( ('PRIX LOT1'!$P$12:$P$31)*(Tableau1[[#This Row],[Niveau Wan A]]=4) + ('PRIX LOT1'!$O$12:$O$31)*(Tableau1[[#This Row],[Niveau Wan A]]=3) )) -> 0 | T39: FIBRE | U39: 10 | W39: =SUMPRODUCT(('PRIX LOT1'!$B$12:$B$31=Tableau1[[#This Row],[Technologie WAN B]])*('PRIX LOT1'!$C$12:$C$31=Tableau1[[#This Row],[Débit Wan B]])*('PRIX LOT1'!$P$12:$P$31)) -> 120
O40: FIBRE | R40: =SUMPRODUCT(('PRIX LOT1'!$B$12:$B$31=Tableau1[[#This Row],[Technologie WAN A]])*('PRIX LOT1'!$C$12:$C$31=Tableau1[[#This Row],[Débit Wan A]])*( ('PRIX LOT1'!$P$12:$P$31)*(Tableau1[[#This Row],[Niveau Wan A]]=4) + ('PRIX LOT1'!$O$12:$O$31)*(Tableau1[[#This Row],[Niveau Wan A]]=3) )) -> 0 | T40: FIBRE | U40: 10 | W40: =SUMPRODUCT(('PRIX LOT1'!$B$12:$B$31=Tableau1[[#This Row],[Technologie WAN B]])*('PRIX LOT1'!$C$12:$C$31=Tableau1[[#This Row],[Débit Wan B]])*('PRIX LOT1'!$P$12:$P$31)) -> 120
O41: FIBRE | R41: =SUMPRODUCT(('PRIX LOT1'!$B$12:$B$31=Tableau1[[#This Row],[Technologie WAN A]])*('PRIX LOT1'!$C$12:$C$31=Tableau1[[#This Row],[Débit Wan A]])*( ('PRIX LOT1'!$P$12:$P$31)*(Tableau1[[#This Row],[Niveau Wan A]]=4) + ('PRIX LOT1'!$O$12:$O$31)*(Tableau1[[#This Row],[Niveau Wan A]]=3) )) -> 0 | T41: FIBRE | U41: 10 | W41: =SUMPRODUCT(('PRIX LOT1'!$B$12:$B$31=Tableau1[[#This Row],[Technologie WAN B]])*('PRIX LOT1'!$C$12:$C$31=Tableau1[[#This Row],[Débit Wan B]])*('PRIX LOT1'!$P$12:$P$31)) -> 120
O42: FIBRE | R42: =SUMPRODUCT(('PRIX LOT1'!$B$12:$B$31=Tableau1[[#This Row],[Technologie WAN A]])*('PRIX LOT1'!$C$12:$C$31=Tableau1[[#This Row],[Débit Wan A]])*( ('PRIX LOT1'!$P$12:$P$31)*(Tableau1[[#This Row],[Niveau Wan A]]=4) + ('PRIX LOT1'!$O$12:$O$31)*(Tableau1[[#This Row],[Niveau Wan A]]=3) )) -> 0 | T42: FIBRE | U42: 10 | W42: =SUMPRODUCT(('PRIX LOT1'!$B$12:$B$31=Tableau1[[#This Row],[Technologie WAN B]])*('PRIX LOT1'!$C$12:$C$31=Tableau1[[#This Row],[Débit Wan B]])*('PRIX LOT1'!$P$12:$P$31)) -> 120
O43: FIBRE | R43: =SUMPRODUCT(('PRIX LOT1'!$B$12:$B$31=Tableau1[[#This Row],[Technologie WAN A]])*('PRIX LOT1'!$C$12:$C$31=Tableau1[[#This Row],[Débit Wan A]])*( ('PRIX LOT1'!$P$12:$P$31)*(Tableau1[[#This Row],[Niveau Wan A]]=4) + ('PRIX LOT1'!$O$12:$O$31)*(Tableau1[[#This Row],[Niveau Wan A]]=3) )) -> 0 | T43: FIBRE | U43: 10 | W43: =SUMPRODUCT(('PRIX LOT1'!$B$12:$B$31=Tableau1[[#This Row],[Technologie WAN B]])*('PRIX LOT1'!$C$12:$C$31=Tableau1[[#This Row],[Débit Wan B]])*('PRIX LOT1'!$P$12:$P$31)) -> 120
O44: FIBRE | R44: =SUMPRODUCT(('PRIX LOT1'!$B$12:$B$31=Tableau1[[#This Row],[Technologie WAN A]])*('PRIX LOT1'!$C$12:$C$31=Tableau1[[#This Row],[Débit Wan A]])*( ('PRIX LOT1'!$P$12:$P$31)*(Tableau1[[#This Row],[Niveau Wan A]]=4) + ('PRIX LOT1'!$O$12:$O$31)*(Tableau1[[#This Row],[Niveau Wan A]]=3) )) -> 0 | T44: FIBRE | U44: 10 | W44: =SUMPRODUCT(('PRIX LOT1'!$B$12:$B$31=Tableau1[[#This Row],[Technologie WAN B]])*('PRIX LOT1'!$C$12:$C$31=Tableau1[[#This Row],[Débit Wan B]])*('PRIX LOT1'!$P$12:$P$31)) -> 120
O45: FIBRE | R45: =SUMPRODUCT(('PRIX LOT1'!$B$12:$B$31=Tableau1[[#This Row],[Technologie WAN A]])*('PRIX LOT1'!$C$12:$C$31=Tableau1[[#This Row],[Débit Wan A]])*( ('PRIX LOT1'!$P$12:$P$31)*(Tableau1[[#This Row],[Niveau Wan A]]=4) + ('PRIX LOT1'!$O$12:$O$31)*(Tableau1[[#This Row],[Niveau Wan A]]=3) )) -> 0 | T45: FIBRE | U45: 10 | W45: =SUMPRODUCT(('PRIX LOT1'!$B$12:$B$31=Tableau1[[#This Row],[Technologie WAN B]])*('PRIX LOT1'!$C$12:$C$31=Tableau1[[#This Row],[Débit Wan B]])*('PRIX LOT1'!$P$12:$P$31)) -> 120
O46: FIBRE | R46: =SUMPRODUCT(('PRIX LOT1'!$B$12:$B$31=Tableau1[[#This Row],[Technologie WAN A]])*('PRIX LOT1'!$C$12:$C$31=Tableau1[[#This Row],[Débit Wan A]])*( ('PRIX LOT1'!$P$12:$P$31)*(Tableau1[[#This Row],[Niveau Wan A]]=4) + ('PRIX LOT1'!$O$12:$O$31)*(Tableau1[[#This Row],[Niveau Wan A]]=3) )) -> 0 | T46: FIBRE | U46: 10 | W46: =SUMPRODUCT(('PRIX LOT1'!$B$12:$B$31=Tableau1[[#This Row],[Technologie WAN B]])*('PRIX LOT1'!$C$12:$C$31=Tableau1[[#This Row],[Débit Wan B]])*('PRIX LOT1'!$P$12:$P$31)) -> 120
O47: FIBRE | R47: =SUMPRODUCT(('PRIX LOT1'!$B$12:$B$31=Tableau1[[#This Row],[Technologie WAN A]])*('PRIX LOT1'!$C$12:$C$31=Tableau1[[#This Row],[Débit Wan A]])*( ('PRIX LOT1'!$P$12:$P$31)*(Tableau1[[#This Row],[Niveau Wan A]]=4) + ('PRIX LOT1'!$O$12:$O$31)*(Tableau1[[#This Row],[Niveau Wan A]]=3) )) -> 0 | T47: FIBRE | U47: 10 | W47: =SUMPRODUCT(('PRIX LOT1'!$B$12:$B$31=Tableau1[[#This Row],[Technologie WAN B]])*('PRIX LOT1'!$C$12:$C$31=Tableau1[[#This Row],[Débit Wan B]])*('PRIX LOT1'!$P$12:$P$31)) -> 120
O48: FIBRE | R48: =SUMPRODUCT(('PRIX LOT1'!$B$12:$B$31=Tableau1[[#This Row],[Technologie WAN A]])*('PRIX LOT1'!$C$12:$C$31=Tableau1[[#This Row],[Débit Wan A]])*( ('PRIX LOT1'!$P$12:$P$31)*(Tableau1[[#This Row],[Niveau Wan A]]=4) + ('PRIX LOT1'!$O$12:$O$31)*(Tableau1[[#This Row],[Niveau Wan A]]=3) )) -> 0 | T48: FIBRE | U48: 10 | W48: =SUMPRODUCT(('PRIX LOT1'!$B$12:$B$31=Tableau1[[#This Row],[Technologie WAN B]])*('PRIX LOT1'!$C$12:$C$31=Tableau1[[#This Row],[Débit Wan B]])*('PRIX LOT1'!$P$12:$P$31)) -> 120
R49: =SUMPRODUCT(('PRIX LOT1'!$B$12:$B$31=Tableau1[[#This Row],[Technologie WAN A]])*('PRIX LOT1'!$C$12:$C$31=Tableau1[[#This Row],[Débit Wan A]])*( ('PRIX LOT1'!$P$12:$P$31)*(Tableau1[[#This Row],[Niveau Wan A]]=4) + ('PRIX LOT1'!$O$12:$O$31)*(Tableau1[[#This Row],[Niveau Wan A]]=3) )) -> 0 | W49: =SUMPRODUCT(('PRIX LOT1'!$B$12:$B$31=Tableau1[[#This Row],[Technologie WAN B]])*('PRIX LOT1'!$C$12:$C$31=Tableau1[[#This Row],[Débit Wan B]])*('PRIX LOT1'!$P$12:$P$31)) -> 0
R50: =SUMPRODUCT(('PRIX LOT1'!$B$12:$B$31=Tableau1[[#This Row],[Technologie WAN A]])*('PRIX LOT1'!$C$12:$C$31=Tableau1[[#This Row],[Débit Wan A]])*( ('PRIX LOT1'!$P$12:$P$31)*(Tableau1[[#This Row],[Niveau Wan A]]=4) + ('PRIX LOT1'!$O$12:$O$31)*(Tableau1[[#This Row],[Niveau Wan A]]=3) )) -> 0 | W50: =SUMPRODUCT(('PRIX LOT1'!$B$12:$B$31=Tableau1[[#This Row],[Technologie WAN B]])*('PRIX LOT1'!$C$12:$C$31=Tableau1[[#This Row],[Débit Wan B]])*('PRIX LOT1'!$P$12:$P$31)) -> 0
R51: =SUMPRODUCT(('PRIX LOT1'!$B$12:$B$31=Tableau1[[#This Row],[Technologie WAN A]])*('PRIX LOT1'!$C$12:$C$31=Tableau1[[#This Row],[Débit Wan A]])*( ('PRIX LOT1'!$P$12:$P$31)*(Tableau1[[#This Row],[Niveau Wan A]]=4) + ('PRIX LOT1'!$O$12:$O$31)*(Tableau1[[#This Row],[Niveau Wan A]]=3) )) -> 0 | W51: =SUMPRODUCT(('PRIX LOT1'!$B$12:$B$31=Tableau1[[#This Row],[Technologie WAN B]])*('PRIX LOT1'!$C$12:$C$31=Tableau1[[#This Row],[Débit Wan B]])*('PRIX LOT1'!$P$12:$P$31)) -> 0
R52: =SUMPRODUCT(('PRIX LOT1'!$B$12:$B$31=Tableau1[[#This Row],[Technologie WAN A]])*('PRIX LOT1'!$C$12:$C$31=Tableau1[[#This Row],[Débit Wan A]])*( ('PRIX LOT1'!$P$12:$P$31)*(Tableau1[[#This Row],[Niveau Wan A]]=4) + ('PRIX LOT1'!$O$12:$O$31)*(Tableau1[[#This Row],[Niveau Wan A]]=3) )) -> 0 | U52: 2 | W52: =SUMPRODUCT(('PRIX LOT1'!$B$12:$B$31=Tableau1[[#This Row],[Technologie WAN B]])*('PRIX LOT1'!$C$12:$C$31=Tableau1[[#This Row],[Débit Wan B]])*('PRIX LOT1'!$P$12:$P$31)) -> 0
O53: FIBRE | R53: =SUMPRODUCT(('PRIX LOT1'!$B$12:$B$31=Tableau1[[#This Row],[Technologie WAN A]])*('PRIX LOT1'!$C$12:$C$31=Tableau1[[#This Row],[Débit Wan A]])*( ('PRIX LOT1'!$P$12:$P$31)*(Tableau1[[#This Row],[Niveau Wan A]]=4) + ('PRIX LOT1'!$O$12:$O$31)*(Tableau1[[#This Row],[Niveau Wan A]]=3) )) -> 0 | T53: FIBRE | U53: 10 | W53: =SUMPRODUCT(('PRIX LOT1'!$B$12:$B$31=Tableau1[[#This Row],[Technologie WAN B]])*('PRIX LOT1'!$C$12:$C$31=Tableau1[[#This Row],[Débit Wan B]])*('PRIX LOT1'!$P$12:$P$31)) -> 120
O54: FIBRE | R54: =SUMPRODUCT(('PRIX LOT1'!$B$12:$B$31=Tableau1[[#This Row],[Technologie WAN A]])*('PRIX LOT1'!$C$12:$C$31=Tableau1[[#This Row],[Débit Wan A]])*( ('PRIX LOT1'!$P$12:$P$31)*(Tableau1[[#This Row],[Niveau Wan A]]=4) + ('PRIX LOT1'!$O$12:$O$31)*(Tableau1[[#This Row],[Niveau Wan A]]=3) )) -> 0 | T54: FIBRE | U54: 10 | W54: =SUMPRODUCT(('PRIX LOT1'!$B$12:$B$31=Tableau1[[#This Row],[Technologie WAN B]])*('PRIX LOT1'!$C$12:$C$31=Tableau1[[#This Row],[Débit Wan B]])*('PRIX LOT1'!$P$12:$P$31)) -> 120
O55: FIBRE | R55: =SUMPRODUCT(('PRIX LOT1'!$B$12:$B$31=Tableau1[[#This Row],[Technologie WAN A]])*('PRIX LOT1'!$C$12:$C$31=Tableau1[[#This Row],[Débit Wan A]])*( ('PRIX LOT1'!$P$12:$P$31)*(Tableau1[[#This Row],[Niveau Wan A]]=4) + ('PRIX LOT1'!$O$12:$O$31)*(Tableau1[[#This Row],[Niveau Wan A]]=3) )) -> 0 | T55: FIBRE | U55: 10 | W55: =SUMPRODUCT(('PRIX LOT1'!$B$12:$B$31=Tableau1[[#This Row],[Technologie WAN B]])*('PRIX LOT1'!$C$12:$C$31=Tableau1[[#This Row],[Débit Wan B]])*('PRIX LOT1'!$P$12:$P$31)) -> 120
R56: =SUMPRODUCT(('PRIX LOT1'!$B$12:$B$31=Tableau1[[#This Row],[Technologie WAN A]])*('PRIX LOT1'!$C$12:$C$31=Tableau1[[#This Row],[Débit Wan A]])*( ('PRIX LOT1'!$P$12:$P$31)*(Tableau1[[#This Row],[Niveau Wan A]]=4) + ('PRIX LOT1'!$O$12:$O$31)*(Tableau1[[#This Row],[Niveau Wan A]]=3) )) -> 0 | W56: =SUMPRODUCT(('PRIX LOT1'!$B$12:$B$31=Tableau1[[#This Row],[Technologie WAN B]])*('PRIX LOT1'!$C$12:$C$31=Tableau1[[#This Row],[Débit Wan B]])*('PRIX LOT1'!$P$12:$P$31)) -> 0
R57: =SUMPRODUCT(('PRIX LOT1'!$B$12:$B$31=Tableau1[[#This Row],[Technologie WAN A]])*('PRIX LOT1'!$C$12:$C$31=Tableau1[[#This Row],[Débit Wan A]])*( ('PRIX LOT1'!$P$12:$P$31)*(Tableau1[[#This Row],[Niveau Wan A]]=4) + ('PRIX LOT1'!$O$12:$O$31)*(Tableau1[[#This Row],[Niveau Wan A]]=3) )) -> 0 | W57: =SUMPRODUCT(('PRIX LOT1'!$B$12:$B$31=Tableau1[[#This Row],[Technologie WAN B]])*('PRIX LOT1'!$C$12:$C$31=Tableau1[[#This Row],[Débit Wan B]])*('PRIX LOT1'!$P$12:$P$31)) -> 0
R58: =SUMPRODUCT(('PRIX LOT1'!$B$12:$B$31=Tableau1[[#This Row],[Technologie WAN A]])*('PRIX LOT1'!$C$12:$C$31=Tableau1[[#This Row],[Débit Wan A]])*( ('PRIX LOT1'!$P$12:$P$31)*(Tableau1[[#This Row],[Niveau Wan A]]=4) + ('PRIX LOT1'!$O$12:$O$31)*(Tableau1[[#This Row],[Niveau Wan A]]=3) )) -> 0 | W58: =SUMPRODUCT(('PRIX LOT1'!$B$12:$B$31=Tableau1[[#This Row],[Technologie WAN B]])*('PRIX LOT1'!$C$12:$C$31=Tableau1[[#This Row],[Débit Wan B]])*('PRIX LOT1'!$P$12:$P$31)) -> 0
R59: =SUMPRODUCT(('PRIX LOT1'!$B$12:$B$31=Tableau1[[#This Row],[Technologie WAN A]])*('PRIX LOT1'!$C$12:$C$31=Tableau1[[#This Row],[Débit Wan A]])*( ('PRIX LOT1'!$P$12:$P$31)*(Tableau1[[#This Row],[Niveau Wan A]]=4) + ('PRIX LOT1'!$O$12:$O$31)*(Tableau1[[#This Row],[Niveau Wan A]]=3) )) -> 0 | U59: 4 | W59: =SUMPRODUCT(('PRIX LOT1'!$B$12:$B$31=Tableau1[[#This Row],[Technologie WAN B]])*('PRIX LOT1'!$C$12:$C$31=Tableau1[[#This Row],[Débit Wan B]])*('PRIX LOT1'!$P$12:$P$31)) -> 0
R60: =SUMPRODUCT(('PRIX LOT1'!$B$12:$B$31=Tableau1[[#This Row],[Technologie WAN A]])*('PRIX LOT1'!$C$12:$C$31=Tableau1[[#This Row],[Débit Wan A]])*( ('PRIX LOT1'!$P$12:$P$31)*(Tableau1[[#This Row],[Niveau Wan A]]=4) + ('PRIX LOT1'!$O$12:$O$31)*(Tableau1[[#This Row],[Niveau Wan A]]=3) )) -> 0 | U60: 10 | W60: =SUMPRODUCT(('PRIX LOT1'!$B$12:$B$31=Tableau1[[#This Row],[Technologie WAN B]])*('PRIX LOT1'!$C$12:$C$31=Tableau1[[#This Row],[Débit Wan B]])*('PRIX LOT1'!$P$12:$P$31)) -> 0
R61: =SUMPRODUCT(('PRIX LOT1'!$B$12:$B$31=Tableau1[[#This Row],[Technologie WAN A]])*('PRIX LOT1'!$C$12:$C$31=Tableau1[[#This Row],[Débit Wan A]])*( ('PRIX LOT1'!$P$12:$P$31)*(Tableau1[[#This Row],[Niveau Wan A]]=4) + ('PRIX LOT1'!$O$12:$O$31)*(Tableau1[[#This Row],[Niveau Wan A]]=3) )) -> 0 | W61: =SUMPRODUCT(('PRIX LOT1'!$B$12:$B$31=Tableau1[[#This Row],[Technologie WAN B]])*('PRIX LOT1'!$C$12:$C$31=Tableau1[[#This Row],[Débit Wan B]])*('PRIX LOT1'!$P$12:$P$31)) -> 0
R62: =SUMPRODUCT(('PRIX LOT1'!$B$12:$B$31=Tableau1[[#This Row],[Technologie WAN A]])*('PRIX LOT1'!$C$12:$C$31=Tableau1[[#This Row],[Débit Wan A]])*( ('PRIX LOT1'!$P$12:$P$31)*(Tableau1[[#This Row],[Niveau Wan A]]=4) + ('PRIX LOT1'!$O$12:$O$31)*(Tableau1[[#This Row],[Niveau Wan A]]=3) )) -> 0 | U62: 10 | W62: =SUMPRODUCT(('PRIX LOT1'!$B$12:$B$31=Tableau1[[#This Row],[Technologie WAN B]])*('PRIX LOT1'!$C$12:$C$31=Tableau1[[#This Row],[Débit Wan B]])*('PRIX LOT1'!$P$12:$P$31)) -> 0
R63: =SUMPRODUCT(('PRIX LOT1'!$B$12:$B$31=Tableau1[[#This Row],[Technologie WAN A]])*('PRIX LOT1'!$C$12:$C$31=Tableau1[[#This Row],[Débit Wan A]])*( ('PRIX LOT1'!$P$12:$P$31)*(Tableau1[[#This Row],[Niveau Wan A]]=4) + ('PRIX LOT1'!$O$12:$O$31)*(Tableau1[[#This Row],[Niveau Wan A]]=3) )) -> 0 | W63: =SUMPRODUCT(('PRIX LOT1'!$B$12:$B$31=Tableau1[[#This Row],[Technologie WAN B]])*('PRIX LOT1'!$C$12:$C$31=Tableau1[[#This Row],[Débit Wan B]])*('PRIX LOT1'!$P$12:$P$31)) -> 0
O64: FIBRE | R64: =SUMPRODUCT(('PRIX LOT1'!$B$12:$B$31=Tableau1[[#This Row],[Technologie WAN A]])*('PRIX LOT1'!$C$12:$C$31=Tableau1[[#This Row],[Débit Wan A]])*( ('PRIX LOT1'!$P$12:$P$31)*(Tableau1[[#This Row],[Niveau Wan A]]=4) + ('PRIX LOT1'!$O$12:$O$31)*(Tableau1[[#This Row],[Niveau Wan A]]=3) )) -> 0 | T64: SDSL | U64: 4 | W64: =SUMPRODUCT(('PRIX LOT1'!$B$12:$B$31=Tableau1[[#This Row],[Technologie WAN B]])*('PRIX LOT1'!$C$12:$C$31=Tableau1[[#This Row],[Débit Wan B]])*('PRIX LOT1'!$P$12:$P$31)) -> 120
O65: FIBRE | R65: =SUMPRODUCT(('PRIX LOT1'!$B$12:$B$31=Tableau1[[#This Row],[Technologie WAN A]])*('PRIX LOT1'!$C$12:$C$31=Tableau1[[#This Row],[Débit Wan A]])*( ('PRIX LOT1'!$P$12:$P$31)*(Tableau1[[#This Row],[Niveau Wan A]]=4) + ('PRIX LOT1'!$O$12:$O$31)*(Tableau1[[#This Row],[Niveau Wan A]]=3) )) -> 0 | T65: SDSL | U65: 4 | W65: =SUMPRODUCT(('PRIX LOT1'!$B$12:$B$31=Tableau1[[#This Row],[Technologie WAN B]])*('PRIX LOT1'!$C$12:$C$31=Tableau1[[#This Row],[Débit Wan B]])*('PRIX LOT1'!$P$12:$P$31)) -> 120
O66: SDSL | R66: =SUMPRODUCT(('PRIX LOT1'!$B$12:$B$31=Tableau1[[#This Row],[Technologie WAN A]])*('PRIX LOT1'!$C$12:$C$31=Tableau1[[#This Row],[Débit Wan A]])*( ('PRIX LOT1'!$P$12:$P$31)*(Tableau1[[#This Row],[Niveau Wan A]]=4) + ('PRIX LOT1'!$O$12:$O$31)*(Tableau1[[#This Row],[Niveau Wan A]]=3) )) -> 0 | T66: SDSL | U66: 2 | W66: =SUMPRODUCT(('PRIX LOT1'!$B$12:$B$31=Tableau1[[#This Row],[Technologie WAN B]])*('PRIX LOT1'!$C$12:$C$31=Tableau1[[#This Row],[Débit Wan B]])*('PRIX LOT1'!$P$12:$P$31)) -> 120
R67: =SUMPRODUCT(('PRIX LOT1'!$B$12:$B$31=Tableau1[[#This Row],[Technologie WAN A]])*('PRIX LOT1'!$C$12:$C$31=Tableau1[[#This Row],[Débit Wan A]])*( ('PRIX LOT1'!$P$12:$P$31)*(Tableau1[[#This Row],[Niveau Wan A]]=4) + ('PRIX LOT1'!$O$12:$O$31)*(Tableau1[[#This Row],[Niveau Wan A]]=3) )) -> 0 | W67: =SUMPRODUCT(('PRIX LOT1'!$B$12:$B$31=Tableau1[[#This Row],[Technologie WAN B]])*('PRIX LOT1'!$C$12:$C$31=Tableau1[[#This Row],[Débit Wan B]])*('PRIX LOT1'!$P$12:$P$31)) -> 0
R68: =SUMPRODUCT(('PRIX LOT1'!$B$12:$B$31=Tableau1[[#This Row],[Technologie WAN A]])*('PRIX LOT1'!$C$12:$C$31=Tableau1[[#This Row],[Débit Wan A]])*( ('PRIX LOT1'!$P$12:$P$31)*(Tableau1[[#This Row],[Niveau Wan A]]=4) + ('PRIX LOT1'!$O$12:$O$31)*(Tableau1[[#This Row],[Niveau Wan A]]=3) )) -> 0 | W68: =SUMPRODUCT(('PRIX LOT1'!$B$12:$B$31=Tableau1[[#This Row],[Technologie WAN B]])*('PRIX LOT1'!$C$12:$C$31=Tableau1[[#This Row],[Débit Wan B]])*('PRIX LOT1'!$P$12:$P$31)) -> 0
R69: =SUMPRODUCT(('PRIX LOT1'!$B$12:$B$31=Tableau1[[#This Row],[Technologie WAN A]])*('PRIX LOT1'!$C$12:$C$31=Tableau1[[#This Row],[Débit Wan A]])*( ('PRIX LOT1'!$P$12:$P$31)*(Tableau1[[#This Row],[Niveau Wan A]]=4) + ('PRIX LOT1'!$O$12:$O$31)*(Tableau1[[#This Row],[Niveau Wan A]]=3) )) -> 0 | W69: =SUMPRODUCT(('PRIX LOT1'!$B$12:$B$31=Tableau1[[#This Row],[Technologie WAN B]])*('PRIX LOT1'!$C$12:$C$31=Tableau1[[#This Row],[Débit Wan B]])*('PRIX LOT1'!$P$12:$P$31)) -> 0
R70: =SUMPRODUCT(('PRIX LOT1'!$B$12:$B$31=Tableau1[[#This Row],[Technologie WAN A]])*('PRIX LOT1'!$C$12:$C$31=Tableau1[[#This Row],[Débit Wan A]])*( ('PRIX LOT1'!$P$12:$P$31)*(Tableau1[[#This Row],[Niveau Wan A]]=4) + ('PRIX LOT1'!$O$12:$O$31)*(Tableau1[[#This Row],[Niveau Wan A]]=3) )) -> 0 | W70: =SUMPRODUCT(('PRIX LOT1'!$B$12:$B$31=Tableau1[[#This Row],[Technologie WAN B]])*('PRIX LOT1'!$C$12:$C$31=Tableau1[[#This Row],[Débit Wan B]])*('PRIX LOT1'!$P$12:$P$31)) -> 0
R71: =SUMPRODUCT(('PRIX LOT1'!$B$12:$B$31=Tableau1[[#This Row],[Technologie WAN A]])*('PRIX LOT1'!$C$12:$C$31=Tableau1[[#This Row],[Débit Wan A]])*( ('PRIX LOT1'!$P$12:$P$31)*(Tableau1[[#This Row],[Niveau Wan A]]=4) + ('PRIX LOT1'!$O$12:$O$31)*(Tableau1[[#This Row],[Niveau Wan A]]=3) )) -> 0 | W71: =SUMPRODUCT(('PRIX LOT1'!$B$12:$B$31=Tableau1[[#This Row],[Technologie WAN B]])*('PRIX LOT1'!$C$12:$C$31=Tableau1[[#This Row],[Débit Wan B]])*('PRIX LOT1'!$P$12:$P$31)) -> 0
O72: FIBRE | R72: =SUMPRODUCT(('PRIX LOT1'!$B$12:$B$31=Tableau1[[#This Row],[Technologie WAN A]])*('PRIX LOT1'!$C$12:$C$31=Tableau1[[#This Row],[Débit Wan A]])*( ('PRIX LOT1'!$P$12:$P$31)*(Tableau1[[#This Row],[Niveau Wan A]]=4) + ('PRIX LOT1'!$O$12:$O$31)*(Tableau1[[#This Row],[Niveau Wan A]]=3) )) -> 0 | T72: FIBRE | U72: 10 | W72: =SUMPRODUCT(('PRIX LOT1'!$B$12:$B$31=Tableau1[[#This Row],[Technologie WAN B]])*('PRIX LOT1'!$C$12:$C$31=Tableau1[[#This Row],[Débit Wan B]])*('PRIX LOT1'!$P$12:$P$31)) -> 120
R73: =SUMPRODUCT(('PRIX LOT1'!$B$12:$B$31=Tableau1[[#This Row],[Technologie WAN A]])*('PRIX LOT1'!$C$12:$C$31=Tableau1[[#This Row],[Débit Wan A]])*( ('PRIX LOT1'!$P$12:$P$31)*(Tableau1[[#This Row],[Niveau Wan A]]=4) + ('PRIX LOT1'!$O$12:$O$31)*(Tableau1[[#This Row],[Niveau Wan A]]=3) )) -> 0 | W73: =SUMPRODUCT(('PRIX LOT1'!$B$12:$B$31=Tableau1[[#This Row],[Technologie WAN B]])*('PRIX LOT1'!$C$12:$C$31=Tableau1[[#This Row],[Débit Wan B]])*('PRIX LOT1'!$P$12:$P$31)) -> 0
R74: =SUMPRODUCT(('PRIX LOT1'!$B$12:$B$31=Tableau1[[#This Row],[Technologie WAN A]])*('PRIX LOT1'!$C$12:$C$31=Tableau1[[#This Row],[Débit Wan A]])*( ('PRIX LOT1'!$P$12:$P$31)*(Tableau1[[#This Row],[Niveau Wan A]]=4) + ('PRIX LOT1'!$O$12:$O$31)*(Tableau1[[#This Row],[Niveau Wan A]]=3) )) -> 0 | W74: =SUMPRODUCT(('PRIX LOT1'!$B$12:$B$31=Tableau1[[#This Row],[Technologie WAN B]])*('PRIX LOT1'!$C$12:$C$31=Tableau1[[#This Row],[Débit Wan B]])*('PRIX LOT1'!$P$12:$P$31)) -> 0
R75: =SUMPRODUCT(('PRIX LOT1'!$B$12:$B$31=Tableau1[[#This Row],[Technologie WAN A]])*('PRIX LOT1'!$C$12:$C$31=Tableau1[[#This Row],[Débit Wan A]])*( ('PRIX LOT1'!$P$12:$P$31)*(Tableau1[[#This Row],[Niveau Wan A]]=4) + ('PRIX LOT1'!$O$12:$O$31)*(Tableau1[[#This Row],[Niveau Wan A]]=3) )) -> 0 | U75: 4 | W75: =SUMPRODUCT(('PRIX LOT1'!$B$12:$B$31=Tableau1[[#This Row],[Technologie WAN B]])*('PRIX LOT1'!$C$12:$C$31=Tableau1[[#This Row],[Débit Wan B]])*('PRIX LOT1'!$P$12:$P$31)) -> 0
R76: =SUMPRODUCT(('PRIX LOT1'!$B$12:$B$31=Tableau1[[#This Row],[Technologie WAN A]])*('PRIX LOT1'!$C$12:$C$31=Tableau1[[#This Row],[Débit Wan A]])*( ('PRIX LOT1'!$P$12:$P$31)*(Tableau1[[#This Row],[Niveau Wan A]]=4) + ('PRIX LOT1'!$O$12:$O$31)*(Tableau1[[#This Row],[Niveau Wan A]]=3) )) -> 0 | U76: 10 | W76: =SUMPRODUCT(('PRIX LOT1'!$B$12:$B$31=Tableau1[[#This Row],[Technologie WAN B]])*('PRIX LOT1'!$C$12:$C$31=Tableau1[[#This Row],[Débit Wan B]])*('PRIX LOT1'!$P$12:$P$31)) -> 0
R77: =SUMPRODUCT(('PRIX LOT1'!$B$12:$B$31=Tableau1[[#This Row],[Technologie WAN A]])*('PRIX LOT1'!$C$12:$C$31=Tableau1[[#This Row],[Débit Wan A]])*( ('PRIX LOT1'!$P$12:$P$31)*(Tableau1[[#This Row],[Niveau Wan A]]=4) + ('PRIX LOT1'!$O$12:$O$31)*(Tableau1[[#This Row],[Niveau Wan A]]=3) )) -> 0 | U77: 4 | W77: =SUMPRODUCT(('PRIX LOT1'!$B$12:$B$31=Tableau1[[#This Row],[Technologie WAN B]])*('PRIX LOT1'!$C$12:$C$31=Tableau1[[#This Row],[Débit Wan B]])*('PRIX LOT1'!$P$12:$P$31)) -> 0
R78: =SUMPRODUCT(('PRIX LOT1'!$B$12:$B$31=Tableau1[[#This Row],[Technologie WAN A]])*('PRIX LOT1'!$C$12:$C$31=Tableau1[[#This Row],[Débit Wan A]])*( ('PRIX LOT1'!$P$12:$P$31)*(Tableau1[[#This Row],[Niveau Wan A]]=4) + ('PRIX LOT1'!$O$12:$O$31)*(Tableau1[[#This Row],[Niveau Wan A]]=3) )) -> 0 | W78: =SUMPRODUCT(('PRIX LOT1'!$B$12:$B$31=Tableau1[[#This Row],[Technologie WAN B]])*('PRIX LOT1'!$C$12:$C$31=Tableau1[[#This Row],[Débit Wan B]])*('PRIX LOT1'!$P$12:$P$31)) -> 0
R79: =SUMPRODUCT(('PRIX LOT1'!$B$12:$B$31=Tableau1[[#This Row],[Technologie WAN A]])*('PRIX LOT1'!$C$12:$C$31=Tableau1[[#This Row],[Débit Wan A]])*( ('PRIX LOT1'!$P$12:$P$31)*(Tableau1[[#This Row],[Niveau Wan A]]=4) + ('PRIX LOT1'!$O$12:$O$31)*(Tableau1[[#This Row],[Niveau Wan A]]=3) )) -> 0 | W79: =SUMPRODUCT(('PRIX LOT1'!$B$12:$B$31=Tableau1[[#This Row],[Technologie WAN B]])*('PRIX LOT1'!$C$12:$C$31=Tableau1[[#This Row],[Débit Wan B]])*('PRIX LOT1'!$P$12:$P$31)) -> 0
R80: =SUMPRODUCT(('PRIX LOT1'!$B$12:$B$31=Tableau1[[#This Row],[Technologie WAN A]])*('PRIX LOT1'!$C$12:$C$31=Tableau1[[#This Row],[Débit Wan A]])*( ('PRIX LOT1'!$P$12:$P$31)*(Tableau1[[#This Row],[Niveau Wan A]]=4) + ('PRIX LOT1'!$O$12:$O$31)*(Tableau1[[#This Row],[Niveau Wan A]]=3) )) -> 0 | W80: =SUMPRODUCT(('PRIX LOT1'!$B$12:$B$31=Tableau1[[#This Row],[Technologie WAN B]])*('PRIX LOT1'!$C$12:$C$31=Tableau1[[#This Row],[Débit Wan B]])*('PRIX LOT1'!$P$12:$P$31)) -> 0
R81: =SUMPRODUCT(('PRIX LOT1'!$B$12:$B$31=Tableau1[[#This Row],[Technologie WAN A]])*('PRIX LOT1'!$C$12:$C$31=Tableau1[[#This Row],[Débit Wan A]])*( ('PRIX LOT1'!$P$12:$P$31)*(Tableau1[[#This Row],[Niveau Wan A]]=4) + ('PRIX LOT1'!$O$12:$O$31)*(Tableau1[[#This Row],[Niveau Wan A]]=3) )) -> 0 | W81: =SUMPRODUCT(('PRIX LOT1'!$B$12:$B$31=Tableau1[[#This Row],[Technologie WAN B]])*('PRIX LOT1'!$C$12:$C$31=Tableau1[[#This Row],[Débit Wan B]])*('PRIX LOT1'!$P$12:$P$31)) -> 0
R82: =SUMPRODUCT(('PRIX LOT1'!$B$12:$B$31=Tableau1[[#This Row],[Technologie WAN A]])*('PRIX LOT1'!$C$12:$C$31=Tableau1[[#This Row],[Débit Wan A]])*( ('PRIX LOT1'!$P$12:$P$31)*(Tableau1[[#This Row],[Niveau Wan A]]=4) + ('PRIX LOT1'!$O$12:$O$31)*(Tableau1[[#This Row],[Niveau Wan A]]=3) )) -> 0 | W82: =SUMPRODUCT(('PRIX LOT1'!$B$12:$B$31=Tableau1[[#This Row],[Technologie WAN B]])*('PRIX LOT1'!$C$12:$C$31=Tableau1[[#This Row],[Débit Wan B]])*('PRIX LOT1'!$P$12:$P$31)) -> 0
R83: =SUMPRODUCT(('PRIX LOT1'!$B$12:$B$31=Tableau1[[#This Row],[Technologie WAN A]])*('PRIX LOT1'!$C$12:$C$31=Tableau1[[#This Row],[Débit Wan A]])*( ('PRIX LOT1'!$P$12:$P$31)*(Tableau1[[#This Row],[Niveau Wan A]]=4) + ('PRIX LOT1'!$O$12:$O$31)*(Tableau1[[#This Row],[Niveau Wan A]]=3) )) -> 0 | W83: =SUMPRODUCT(('PRIX LOT1'!$B$12:$B$31=Tableau1[[#This Row],[Technologie WAN B]])*('PRIX LOT1'!$C$12:$C$31=Tableau1[[#This Row],[Débit Wan B]])*('PRIX LOT1'!$P$12:$P$31)) -> 0
R84: =SUMPRODUCT(('PRIX LOT1'!$B$12:$B$31=Tableau1[[#This Row],[Technologie WAN A]])*('PRIX LOT1'!$C$12:$C$31=Tableau1[[#This Row],[Débit Wan A]])*( ('PRIX LOT1'!$P$12:$P$31)*(Tableau1[[#This Row],[Niveau Wan A]]=4) + ('PRIX LOT1'!$O$12:$O$31)*(Tableau1[[#This Row],[Niveau Wan A]]=3) )) -> 0 | W84: =SUMPRODUCT(('PRIX LOT1'!$B$12:$B$31=Tableau1[[#This Row],[Technologie WAN B]])*('PRIX LOT1'!$C$12:$C$31=Tableau1[[#This Row],[Débit Wan B]])*('PRIX LOT1'!$P$12:$P$31)) -> 0
R85: =SUMPRODUCT(('PRIX LOT1'!$B$12:$B$31=Tableau1[[#This Row],[Technologie WAN A]])*('PRIX LOT1'!$C$12:$C$31=Tableau1[[#This Row],[Débit Wan A]])*( ('PRIX LOT1'!$P$12:$P$31)*(Tableau1[[#This Row],[Niveau Wan A]]=4) + ('PRIX LOT1'!$O$12:$O$31)*(Tableau1[[#This Row],[Niveau Wan A]]=3) )) -> 0 | W85: =SUMPRODUCT(('PRIX LOT1'!$B$12:$B$31=Tableau1[[#This Row],[Technologie WAN B]])*('PRIX LOT1'!$C$12:$C$31=Tableau1[[#This Row],[Débit Wan B]])*('PRIX LOT1'!$P$12:$P$31)) -> 0
R86: =SUMPRODUCT(('PRIX LOT1'!$B$12:$B$31=Tableau1[[#This Row],[Technologie WAN A]])*('PRIX LOT1'!$C$12:$C$31=Tableau1[[#This Row],[Débit Wan A]])*( ('PRIX LOT1'!$P$12:$P$31)*(Tableau1[[#This Row],[Niveau Wan A]]=4) + ('PRIX LOT1'!$O$12:$O$31)*(Tableau1[[#This Row],[Niveau Wan A]]=3) )) -> 0 | W86: =SUMPRODUCT(('PRIX LOT1'!$B$12:$B$31=Tableau1[[#This Row],[Technologie WAN B]])*('PRIX LOT1'!$C$12:$C$31=Tableau1[[#This Row],[Débit Wan B]])*('PRIX LOT1'!$P$12:$P$31)) -> 0
R87: =SUMPRODUCT(('PRIX LOT1'!$B$12:$B$31=Tableau1[[#This Row],[Technologie WAN A]])*('PRIX LOT1'!$C$12:$C$31=Tableau1[[#This Row],[Débit Wan A]])*( ('PRIX LOT1'!$P$12:$P$31)*(Tableau1[[#This Row],[Niveau Wan A]]=4) + ('PRIX LOT1'!$O$12:$O$31)*(Tableau1[[#This Row],[Niveau Wan A]]=3) )) -> 0 | W87: =SUMPRODUCT(('PRIX LOT1'!$B$12:$B$31=Tableau1[[#This Row],[Technologie WAN B]])*('PRIX LOT1'!$C$12:$C$31=Tableau1[[#This Row],[Débit Wan B]])*('PRIX LOT1'!$P$12:$P$31)) -> 0
R88: =SUMPRODUCT(('PRIX LOT1'!$B$12:$B$31=Tableau1[[#This Row],[Technologie WAN A]])*('PRIX LOT1'!$C$12:$C$31=Tableau1[[#This Row],[Débit Wan A]])*( ('PRIX LOT1'!$P$12:$P$31)*(Tableau1[[#This Row],[Niveau Wan A]]=4) + ('PRIX LOT1'!$O$12:$O$31)*(Tableau1[[#This Row],[Niveau Wan A]]=3) )) -> 0 | W88: =SUMPRODUCT(('PRIX LOT1'!$B$12:$B$31=Tableau1[[#This Row],[Technologie WAN B]])*('PRIX LOT1'!$C$12:$C$31=Tableau1[[#This Row],[Débit Wan B]])*('PRIX LOT1'!$P$12:$P$31)) -> 0
R89: =SUMPRODUCT(('PRIX LOT1'!$B$12:$B$31=Tableau1[[#This Row],[Technologie WAN A]])*('PRIX LOT1'!$C$12:$C$31=Tableau1[[#This Row],[Débit Wan A]])*( ('PRIX LOT1'!$P$12:$P$31)*(Tableau1[[#This Row],[Niveau Wan A]]=4) + ('PRIX LOT1'!$O$12:$O$31)*(Tableau1[[#This Row],[Niveau Wan A]]=3) )) -> 0 | W89: =SUMPRODUCT(('PRIX LOT1'!$B$12:$B$31=Tableau1[[#This Row],[Technologie WAN B]])*('PRIX LOT1'!$C$12:$C$31=Tableau1[[#This Row],[Débit Wan B]])*('PRIX LOT1'!$P$12:$P$31)) -> 0
... R91: =SUMPRODUCT(('PRIX LOT1'!$B$12:$B$31=Tableau1[[#This Row],[Technologie WAN A]])*('PRIX LOT1'!$C$12:$C$31=Tableau1[[#This Row],[Débit Wan A]])*( ('PRIX LOT1'!$P$12:$P$31)*(Tableau1[[#This Row],[Niveau Wan A]]=4) + ('PRIX LOT1'!$O$12:$O$31)*(Tableau1[[#This Row],[Niveau Wan A]]=3) )) -> 0 | W91: =SUMPRODUCT(('PRIX LOT1'!$B$12:$B$31=Tableau1[[#This Row],[Technologie WAN B]])*('PRIX LOT1'!$C$12:$C$31=Tableau1[[#This Row],[Débit Wan B]])*('PRIX LOT1'!$P$12:$P$31)) -> 0
R92: =SUMPRODUCT(('PRIX LOT1'!$B$12:$B$31=Tableau1[[#This Row],[Technologie WAN A]])*('PRIX LOT1'!$C$12:$C$31=Tableau1[[#This Row],[Débit Wan A]])*( ('PRIX LOT1'!$P$12:$P$31)*(Tableau1[[#This Row],[Niveau Wan A]]=4) + ('PRIX LOT1'!$O$12:$O$31)*(Tableau1[[#This Row],[Niveau Wan A]]=3) )) -> 0 | U92: 2 | W92: =SUMPRODUCT(('PRIX LOT1'!$B$12:$B$31=Tableau1[[#This Row],[Technologie WAN B]])*('PRIX LOT1'!$C$12:$C$31=Tableau1[[#This Row],[Débit Wan B]])*('PRIX LOT1'!$P$12:$P$31)) -> 0
R93: =SUMPRODUCT(('PRIX LOT1'!$B$12:$B$31=Tableau1[[#This Row],[Technologie WAN A]])*('PRIX LOT1'!$C$12:$C$31=Tableau1[[#This Row],[Débit Wan A]])*( ('PRIX LOT1'!$P$12:$P$31)*(Tableau1[[#This Row],[Niveau Wan A]]=4) + ('PRIX LOT1'!$O$12:$O$31)*(Tableau1[[#This Row],[Niveau Wan A]]=3) )) -> 0 | W93: =SUMPRODUCT(('PRIX LOT1'!$B$12:$B$31=Tableau1[[#This Row],[Technologie WAN B]])*('PRIX LOT1'!$C$12:$C$31=Tableau1[[#This Row],[Débit Wan B]])*('PRIX LOT1'!$P$12:$P$31)) -> 0
R94: =SUMPRODUCT(('PRIX LOT1'!$B$12:$B$31=Tableau1[[#This Row],[Technologie WAN A]])*('PRIX LOT1'!$C$12:$C$31=Tableau1[[#This Row],[Débit Wan A]])*( ('PRIX LOT1'!$P$12:$P$31)*(Tableau1[[#This Row],[Niveau Wan A]]=4) + ('PRIX LOT1'!$O$12:$O$31)*(Tableau1[[#This Row],[Niveau Wan A]]=3) )) -> 0 | W94: =SUMPRODUCT(('PRIX LOT1'!$B$12:$B$31=Tableau1[[#This Row],[Technologie WAN B]])*('PRIX LOT1'!$C$12:$C$31=Tableau1[[#This Row],[Débit Wan B]])*('PRIX LOT1'!$P$12:$P$31)) -> 0
R95: =SUMPRODUCT(('PRIX LOT1'!$B$12:$B$31=Tableau1[[#This Row],[Technologie WAN A]])*('PRIX LOT1'!$C$12:$C$31=Tableau1[[#This Row],[Débit Wan A]])*( ('PRIX LOT1'!$P$12:$P$31)*(Tableau1[[#This Row],[Niveau Wan A]]=4) + ('PRIX LOT1'!$O$12:$O$31)*(Tableau1[[#This Row],[Niveau Wan A]]=3) )) -> 0 | W95: =SUMPRODUCT(('PRIX LOT1'!$B$12:$B$31=Tableau1[[#This Row],[Technologie WAN B]])*('PRIX LOT1'!$C$12:$C$31=Tableau1[[#This Row],[Débit Wan B]])*('PRIX LOT1'!$P$12:$P$31)) -> 0
O96: FIBRE | R96: =SUMPRODUCT(('PRIX LOT1'!$B$12:$B$31=Tableau1[[#This Row],[Technologie WAN A]])*('PRIX LOT1'!$C$12:$C$31=Tableau1[[#This Row],[Débit Wan A]])*( ('PRIX LOT1'!$P$12:$P$31)*(Tableau1[[#This Row],[Niveau Wan A]]=4) + ('PRIX LOT1'!$O$12:$O$31)*(Tableau1[[#This Row],[Niveau Wan A]]=3) )) -> 0 | T96: SDSL | U96: 4 | W96: =SUMPRODUCT(('PRIX LOT1'!$B$12:$B$31=Tableau1[[#This Row],[Technologie WAN B]])*('PRIX LOT1'!$C$12:$C$31=Tableau1[[#This Row],[Débit Wan B]])*('PRIX LOT1'!$P$12:$P$31)) -> 120
R97: =SUMPRODUCT(('PRIX LOT1'!$B$12:$B$31=Tableau1[[#This Row],[Technologie WAN A]])*('PRIX LOT1'!$C$12:$C$31=Tableau1[[#This Row],[Débit Wan A]])*( ('PRIX LOT1'!$P$12:$P$31)*(Tableau1[[#This Row],[Niveau Wan A]]=4) + ('PRIX LOT1'!$O$12:$O$31)*(Tableau1[[#This Row],[Niveau Wan A]]=3) )) -> 0 | W97: =SUMPRODUCT(('PRIX LOT1'!$B$12:$B$31=Tableau1[[#This Row],[Technologie WAN B]])*('PRIX LOT1'!$C$12:$C$31=Tableau1[[#This Row],[Débit Wan B]])*('PRIX LOT1'!$P$12:$P$31)) -> 0
R98: =SUMPRODUCT(('PRIX LOT1'!$B$12:$B$31=Tableau1[[#This Row],[Technologie WAN A]])*('PRIX LOT1'!$C$12:$C$31=Tableau1[[#This Row],[Débit Wan A]])*( ('PRIX LOT1'!$P$12:$P$31)*(Tableau1[[#This Row],[Niveau Wan A]]=4) + ('PRIX LOT1'!$O$12:$O$31)*(Tableau1[[#This Row],[Niveau Wan A]]=3) )) -> 0 | W98: =SUMPRODUCT(('PRIX LOT1'!$B$12:$B$31=Tableau1[[#This Row],[Technologie WAN B]])*('PRIX LOT1'!$C$12:$C$31=Tableau1[[#This Row],[Débit Wan B]])*('PRIX LOT1'!$P$12:$P$31)) -> 0
R99: =SUMPRODUCT(('PRIX LOT1'!$B$12:$B$31=Tableau1[[#This Row],[Technologie WAN A]])*('PRIX LOT1'!$C$12:$C$31=Tableau1[[#This Row],[Débit Wan A]])*( ('PRIX LOT1'!$P$12:$P$31)*(Tableau1[[#This Row],[Niveau Wan A]]=4) + ('PRIX LOT1'!$O$12:$O$31)*(Tableau1[[#This Row],[Niveau Wan A]]=3) )) -> 0 | W99: =SUMPRODUCT(('PRIX LOT1'!$B$12:$B$31=Tableau1[[#This Row],[Technologie WAN B]])*('PRIX LOT1'!$C$12:$C$31=Tableau1[[#This Row],[Débit Wan B]])*('PRIX LOT1'!$P$12:$P$31)) -> 0
R100: =SUMPRODUCT(('PRIX LOT1'!$B$12:$B$31=Tableau1[[#This Row],[Technologie WAN A]])*('PRIX LOT1'!$C$12:$C$31=Tableau1[[#This Row],[Débit Wan A]])*( ('PRIX LOT1'!$P$12:$P$31)*(Tableau1[[#This Row],[Niveau Wan A]]=4) + ('PRIX LOT1'!$O$12:$O$31)*(Tableau1[[#This Row],[Niveau Wan A]]=3) )) -> 0 | W100: =SUMPRODUCT(('PRIX LOT1'!$B$12:$B$31=Tableau1[[#This Row],[Technologie WAN B]])*('PRIX LOT1'!$C$12:$C$31=Tableau1[[#This Row],[Débit Wan B]])*('PRIX LOT1'!$P$12:$P$31)) -> 0
R101: =SUMPRODUCT(('PRIX LOT1'!$B$12:$B$31=Tableau1[[#This Row],[Technologie WAN A]])*('PRIX LOT1'!$C$12:$C$31=Tableau1[[#This Row],[Débit Wan A]])*( ('PRIX LOT1'!$P$12:$P$31)*(Tableau1[[#This Row],[Niveau Wan A]]=4) + ('PRIX LOT1'!$O$12:$O$31)*(Tableau1[[#This Row],[Niveau Wan A]]=3) )) -> 0 | W101: =SUMPRODUCT(('PRIX LOT1'!$B$12:$B$31=Tableau1[[#This Row],[Technologie WAN B]])*('PRIX LOT1'!$C$12:$C$31=Tableau1[[#This Row],[Débit Wan B]])*('PRIX LOT1'!$P$12:$P$31)) -> 0
R102: =SUMPRODUCT(('PRIX LOT1'!$B$12:$B$31=Tableau1[[#This Row],[Technologie WAN A]])*('PRIX LOT1'!$C$12:$C$31=Tableau1[[#This Row],[Débit Wan A]])*( ('PRIX LOT1'!$P$12:$P$31)*(Tableau1[[#This Row],[Niveau Wan A]]=4) + ('PRIX LOT1'!$O$12:$O$31)*(Tableau1[[#This Row],[Niveau Wan A]]=3) )) -> 0 | W102: =SUMPRODUCT(('PRIX LOT1'!$B$12:$B$31=Tableau1[[#This Row],[Technologie WAN B]])*('PRIX LOT1'!$C$12:$C$31=Tableau1[[#This Row],[Débit Wan B]])*('PRIX LOT1'!$P$12:$P$31)) -> 0
...

Sheet PRIX LOT1
A10: ABONNEMENTS A COUTS MENSUELS | I10: Niveaux de service
A11: N° de Poste | B11: PRESTATION | C11: Débit MBs | D11: Unité | E11: Référence fournisseur | F11: Désignation fournisseur | G11: Prix Unitaire HT | H11: Prix Unitaire TTC | I11: Niveau 1 : prix unitaire HT | J11: Niveau 2 : prix unitaire HT | K11: Niveau 3 : prix unitaire HT | L11: Niveau 4 : prix unitaire HT | M11: Niveau 1 : prix unitaire TTC | N11: Niveau 2 : prix unitaire TTC | O11: Niveau 3 : prix unitaire TTC | P11: Niveau 4 : prix unitaire TTC
A12: WAN VPN MENS 1 | B12: ADSL | C12: 1 | D12: Coût mensuel | E12: VPN_COLL_1M | F12: VPN Collectivité 1 Mb/s | G12: 250 | H12: =G12*1.2 -> 300 | J12: 70 | K12: 25 | L12: 100 | M12: =I12*1.2 -> 0 | N12: =J12*1.2 -> 84 | O12: =K12*1.2 -> 30 | P12: =L12*1.2 -> 120
A13: WAN VPN MENS 2 | B13: ADSL | C13: 2 | D13: Coût mensuel | E13: VPN_COLL_2M | F13: VPN Collectivité 2 Mb/s | G13: 250 | H13: =G13*1.2 -> 300 | J13: 70 | K13: 25 | L13: 100 | M13: =I13*1.2 -> 0 | N13: =J13*1.2 -> 84 | O13: =K13*1.2 -> 30 | P13: =L13*1.2 -> 120
A14: WAN VPN MENS 3 | B14: ADSL | C14: 4 | D14: Coût mensuel | E14: VPN_COLL_4M | F14: VPN Collectivité 4 Mb/s | G14: 270 | H14: =G14*1.2 -> 324 | J14: 70 | K14: 25 | L14: 100 | M14: =I14*1.2 -> 0 | N14: =J14*1.2 -> 84 | O14: =K14*1.2 -> 30 | P14: =L14*1.2 -> 120
A15: WAN VPN MENS 4 | B15: ADSL | C15: 6 | D15: Coût mensuel | E15: VPN_COLL_6M | F15: VPN Collectivité 6 Mb/s | G15: 285 | H15: =G15*1.2 -> 342 | J15: 70 | K15: 25 | L15: 100 | M15: =I15*1.2 -> 0 | N15: =J15*1.2 -> 84 | O15: =K15*1.2 -> 30 | P15: =L15*1.2 -> 120
A16: WAN VPN MENS 5 | B16: ADSL | C16: 8 | D16: Coût mensuel | E16: VPN_COLL_8M | F16: VPN Collectivité 8 Mb/s | G16: 300 | H16: =G16*1.2 -> 360 | J16: 70 | K16: 25 | L16: 100 | M16: =I16*1.2 -> 0 | N16: =J16*1.2 -> 84 | O16: =K16*1.2 -> 30 | P16: =L16*1.2 -> 120
A17: WAN VPN MENS 6 | B17: SDSL | C17: 1 | D17: Coût mensuel | E17: VPN_COLL_1M | F17: VPN Collectivité 1 Mb/s | G17: 250 | H17: =G17*1.2 -> 300 | J17: 70 | K17: 25 | L17: 100 | M17: =I17*1.2 -> 0 | N17: =J17*1.2 -> 84 | O17: =K17*1.2 -> 30 | P17: =L17*1.2 -> 120
A18: WAN VPN MENS 7 | B18: SDSL | C18: 2 | D18: Coût mensuel | E18: VPN_COLL_2M | F18: VPN Collectivité 2 Mb/s | G18: 250 | H18: =G18*1.2 -> 300 | J18: 70 | K18: 25 | L18: 100 | M18: =I18*1.2 -> 0 | N18: =J18*1.2 -> 84 | O18: =K18*1.2 -> 30 | P18: =L18*1.2 -> 120
A19: WAN VPN MENS 8 | B19: SDSL | C19: 4 | D19: Coût mensuel | E19: VPN_COLL_4M | F19: VPN Collectivité 4 Mb/s | G19: 270 | H19: =G19*1.2 -> 324 | J19: 70 | K19: 25 | L19: 100 | M19: =I19*1.2 -> 0 | N19: =J19*1.2 -> 84 | O19: =K19*1.2 -> 30 | P19: =L19*1.2 -> 120
A20: WAN VPN MENS 9 | B20: SDSL | C20: 6 | D20: Coût mensuel | E20: VPN_COLL_6M | F20: VPN Collectivité 6 Mb/s | G20: 285 | H20: =G20*1.2 -> 342 | J20: 70 | K20: 25 | L20: 100 | M20: =I20*1.2 -> 0 | N20: =J20*1.2 -> 84 | O20: =K20*1.2 -> 30 | P20: =L20*1.2 -> 120
A21: WAN VPN MENS 10 | B21: SDSL | C21: 8 | D21: Coût mensuel | E21: VPN_COLL_8M | F21: VPN Collectivité 8 Mb/s | G21: 300 | H21: =G21*1.2 -> 360 | J21: 70 | K21: 25 | L21: 100 | M21: =I21*1.2 -> 0 | N21: =J21*1.2 -> 84 | O21: =K21*1.2 -> 30 | P21: =L21*1.2 -> 120
A22: WAN VPN MENS 11 | B22: SDSL | C22: 12 | D22: Coût mensuel | E22: VPN_COLL_12M | F22: VPN Collectivité 12 Mb/s | G22: 335 | H22: =G22*1.2 -> 402 | J22: 70 | K22: 25 | L22: 100 | M22: =I22*1.2 -> 0 | N22: =J22*1.2 -> 84 | O22: =K22*1.2 -> 30 | P22: =L22*1.2 -> 120
A23: WAN VPN MENS 12 | B23: SDSL | C23: 16 | D23: Coût mensuel | E23: VPN_COLL_16M | F23: VPN Collectivité 16 Mb/s | G23: 340 | H23: =G23*1.2 -> 408 | J23: 70 | K23: 25 | L23: 100 | M23: =I23*1.2 -> 0 | N23: =J23*1.2 -> 84 | O23: =K23*1.2 -> 30 | P23: =L23*1.2 -> 120
A24: WAN VPN MENS 13 | B24: FIBRE | C24: 10 | D24: Coût mensuel | E24: VPN_COLL_10M | F24: VPN Collectivité 10 Mb/s | G24: 330 | H24: =G24*1.2 -> 396 | I24: 205 | J24: 70 | K24: 25 | L24: 100 | M24: =I24*1.2 -> 246 | N24: =J24*1.2 -> 84 | O24: =K24*1.2 -> 30 | P24: =L24*1.2 -> 120
A25: WAN VPN MENS 14 | B25: FIBRE | C25: 20 | D25: Coût mensuel | E25: VPN_COLL_20M | F25: VPN Collectivité 20 Mb/s | G25: 350 | H25: =G25*1.2 -> 420 | I25: 205 | J25: 70 | K25: 25 | L25: 100 | M25: =I25*1.2 -> 246 | N25: =J25*1.2 -> 84 | O25: =K25*1.2 -> 30 | P25: =L25*1.2 -> 120
A26: WAN VPN MENS 15 | B26: FIBRE | C26: 40 | D26: Coût mensuel | E26: VPN_COLL_40M | F26: VPN Collectivité 40 Mb/s | G26: 400 | H26: =G26*1.2 -> 480 | I26: 205 | J26: 70 | K26: 25 | L26: 100 | M26: =I26*1.2 -> 246 | N26: =J26*1.2 -> 84 | O26: =K26*1.2 -> 30 | P26: =L26*1.2 -> 120
A27: WAN VPN MENS 16 | B27: FIBRE | C27: 60 | D27: Coût mensuel | E27: VPN_COLL_60M | F27: VPN Collectivité 60 Mb/s | G27: 450 | H27: =G27*1.2 -> 540 | I27: 205 | J27: 70 | K27: 25 | L27: 100 | M27: =I27*1.2 -> 246 | N27: =J27*1.2 -> 84 | O27: =K27*1.2 -> 30 | P27: =L27*1.2 -> 120
A28: WAN VPN MENS 17 | B28: FIBRE | C28: 80 | D28: Coût mensuel | E28: VPN_COLL_80M | F28: VPN Collectivité 80 Mb/s | G28: 480 | H28: =G28*1.2 -> 576 | I28: 205 | J28: 70 | K28: 25 | L28: 100 | M28: =I28*1.2 -> 246 | N28: =J28*1.2 -> 84 | O28: =K28*1.2 -> 30 | P28: =L28*1.2 -> 120
A29: WAN VPN MENS 18 | B29: FIBRE | C29: 100 | D29: Coût mensuel | E29: VPN_COLL_100M | F29: VPN Collectivité 100 Mb/s | G29: 500 | H29: =G29*1.2 -> 600 | I29: 205 | J29: 70 | K29: 25 | L29: 100 | M29: =I29*1.2 -> 246 | N29: =J29*1.2 -> 84 | O29: =K29*1.2 -> 30 | P29: =L29*1.2 -> 120
A30: WAN VPN MENS 19 | B30: FIBRE2 | C30: 2*40 | D30: Coût mensuel | E30: Fibre_DPO_40M | F30: FIBRE OPTIQUE 2*40 MBs avec double adduction, actif/actif, 2 pops | G30: 2145 | H30: =G30*1.2 -> 2574 | I30: 205 | J30: 70 | K30: 25 | L30: 100 | M30: =I30*1.2 -> 246 | N30: =J30*1.2 -> 84 | O30: =K30*1.2 -> 30 | P30: =L30*1.2 -> 120
A31: WAN VPN MENS 19 | B31: FIBRE2 | C31: 2*100 | D31: Coût mensuel | E31: Fibre_DPO_100M | F31: FIBRE OPTIQUE 2*100 MBs avec double adduction, actif/actif, 2 pops | G31: 3000 | H31: =G31*1.2 -> 3600 | I31: 205 | J31: 70 | K31: 25 | L31: 100 | M31: =I31*1.2 -> 246 | N31: =J31*1.2 -> 84 | O31: =K31*1.2 -> 30 | P31: =L31*1.2 -> 120

Sheet Comparatif
A1: N° (Main) | B1: Nom du site (Main) | C1: Redondance | E1: N° (Contacts) | F1: Nom du site (Contacts) | G1: Redondance
A2: 1 | B2: AFPB Oise | C2: =IF(B2=B3,1,0) -> 0 | E2: 1 | F2: AFPB Oise | G2: =IF(F2=F3,1,0) -> 0
A3: 2 | B3: Antenne CRDP | C3: =IF(B3=B4,1,0) -> 0 | E3: 2 | F3: Antenne CRDP | G3: =IF(F3=F4,1,0) -> 0
A4: 3 | B4: CDDP de l'Aisne | C4: =IF(B4=B5,1,0) -> 0 | E4: 3 | F4: Antenne CRP | G4: =IF(F4=F5,1,0) -> 0
A5: 4 | B5: CDDP de l'Oise | C5: =IF(B5=B6,1,0) -> 0 | E5: 4 | F5: CDDP de l'Aisne | G5: =IF(F5=F6,1,0) -> 0
A6: 5 | B6: CEFP Le Moulin Vert | C6: =IF(B6=B7,1,0) -> 0 | E6: 5 | F6: CDDP de l'Oise | G6: =IF(F6=F7,1,0) -> 0
A7: 6 | B7: CETMEF | C7: =IF(B7=B8,1,0) -> 0 | E7: 6 | F7: CEFP Le Moulin Vert | G7: =IF(F7=F8,1,0) -> 0
A8: 7 | B8: CFA Agricole d'Ambleny | C8: =IF(B8=B9,1,0) -> 0 | E8: 7 | F8: CETMEF | G8: =IF(F8=F9,1,0) -> 0
A9: 8 | B9: CFA Agricole de Chauny | C9: =IF(B9=B10,1,0) -> 0 | E9: 8 | F9: CFA Agricole d'Ambleny | G9: =IF(F9=F10,1,0) -> 0
A10: 9 | B10: CFA Agricole de Clairfontaine | C10: =IF(B10=B11,1,0) -> 0 | E10: 9 | F10: CFA Agricole de Chauny | G10: =IF(F10=F11,1,0) -> 0
A11: 10 | B11: CFA Agricole de Laon | C11: =IF(B11=B12,1,0) -> 0 | E11: 10 | F11: CFA Agricole de Clairfontaine | G11: =IF(F11=F12,1,0) -> 0
A12: 11 | B12: CFA Agricole de Péronne | C12: =IF(B12=B13,1,0) -> 0 | E12: 11 | F12: CFA Agricole de Laon | G12: =IF(F12=F13,1,0) -> 0
A13: 12 | B13: CFA Agricole de Verdilly | C13: =IF(B13=B14,1,0) -> 0 | E13: 12 | F13: CFA Agricole de Péronne | G13: =IF(F13=F14,1,0) -> 0
... A307: 306 | B307: UPJV Beauvais | C307: =IF(B307=B308,1,0) -> 0 | E307: 306 | F307: Lycée St Rémi | G307: =IF(F307=F308,1,0) -> 0
E308: 307 | F308: Lycée St Rémy | G308: =IF(F308=F309,1,0) -> 0
B309: Total "vrai" : | C309: =COUNTIF(C2:C307,1) -> 28 | E309: 308 | F309: Lycée St Vincent | G309: =IF(F309=F310,1,0) -> 0
E310: 309 | F310: Lycée St Vincent de Paul Soissons | G310: =IF(F310=F311,1,0) -> 0
E311: 310 | F311: Lycée Ste Colette | G311: =IF(F311=F312,1,0) -> 0
E312: 311 | F312: Lycée Ste Famille | G312: =IF(F312=F313,1,0) -> 0
E313: 312 | F313: Lycée Ste Sophie | G313: =IF(F313=F314,1,0) -> 0
E314: 313 | F314: MFR des Etangs de Haute Somme | G314: =IF(F314=F315,1,0) -> 0
E315: 314 | F315: MFR du Noyonnais | G315: =IF(F315=F316,1,0) -> 0
E316: 315 | F316: MFR Flixecourt | G316: =IF(F316=F317,1,0) -> 0
E317: 316 | F317: MFR La Capelle | G317: =IF(F317=F318,1,0) -> 0
E318: 317 | F318: MFR La Capelle (Annexe route de Sommeron) | G318: =IF(F318=F319,1,0) -> 0
E319: 318 | F319: MFR Songeons | G319: =IF(F319=F320,1,0) -> 0
E320: 319 | F320: MFREO Ambleny | G320: =IF(F320=F321,1,0) -> 0
E321: 320 | F321: MFREO Beauquesne | G321: =IF(F321=F322,1,0) -> 0
... E356: 355 | F356: UTC | G356: =IF(F356=F357,1,0) -> 0
F358: Total "vrai" : | G358: =COUNTIF(G2:G356,1) -> 29
